Workbook

Sheet Sommaire
A2: Rapport sur les finances communales - exercice 2023
B4: Sommaire
A6: 1 | B6: Population
A7: 1.1 | B7: Population | C7: Population
A9: 2 | B9: Compte de résultat
A10: 2.1 | B10: Compte de résultats par nature par commune | C10: Compte de résultats
A11: 2.2 | B11: Compte de résultats pas nature en Fr. par habitant | C11: Compte de résultats en Fr. par habitant
A12: 2.3 | B12: Compte de résultats par nature en Fr. par habitant par commune | C12: Compte de résultats en Fr. par commune
A13: 2.4 | B13: Vue d'ensemble | C13: Vue d'ensemble
A14: 2.5 | B14: Vue d'ensemble par commune | C14: Vue d'ensemble par commune
A15: 2.6 | B15: Résultats à 3 niveaux | C15: Résultats à 3 niveaux
A16: 2.7 | B16: Résultats à 3 nivaux par commune | C16: Résultats à 3 niveaux par commune
A17: 2.8 | B17: Autofinancement | C17: Autofinancement
A18: 2.9 | B18: Autofinancement par commune | C18: Autofinancement par commune
A19: 2.1 | B19: Compte de résultats par fonction | C19: Compte de résultats par fonction
A20: 2.11 | B20: Compte de résultats par fonction par commune | C20: Compte de résultats fonctionnel par commune
A22: 3 | B22: Bilan
A23: 3.2 | B23: Bilan de l'ensemble des communes | C23: Bilan de l'ensemble des communes
A24: 3.3 | B24: Bilan par commune | C24: Bilan par commune
A25: 3.4 | B25: Tableau du bilan | C25: Tableau du bilan
A26: 3.5 | B26: Tableau de l'endettement | C26: Endettement
A27: 3.6 | B27: Tableau de l'endettement par commune | C27: Endettement par commune
A29: 4 | B29: Comptes des investissements
A30: 4.1 | B30: Investissements de l'ensemble des communes | C30: Investissements
A31: 4.2 | B31: Investissements par commune | C31: Investissements par commune
A33: 5 | B33: Indicateurs financiers
A34: 5.1 | B34: Définition des indicateurs financiers | C34: Définition des indicateurs financiers
A35: 5.2 | B35: Quotient de l'endettement net et degré d'autofinancement | C35: Degré d'autofinancement
A36: 5.3 | B36: Quotité de la charge des intérêts et dette brute par rapport aux revenus | C36: Dette brute par rapport aux revenus
A37: 5.4 | B37: Quotité d'investissement et quotité de la charge financière | C37: Quotités d'investissement et charges financière
A38: 5.5 | B38: Quotité d'autofinancement et quotité de la charge des intérêts nets | C38: Quotité d''autofinancement
A39: 5.6 | B39: Quotient de l'excédent au bilan | C39: Quotient excédent du bilan
A40: 5.7 | B40: Récapitulatif de l'ensemble des communes | C40: Récapitulatif
A41: 5.8 | B41: Récapitulatif par commune | C41: Récapitulatif par commune

Sheet Base de données pop.
A1: N° | B1: Communes | C1: 2023 | M1: N° | N1: Communes | O1: 2023
A2: 1 | B2: Boécourt | C2: 961 | G2: Ne pas effectuer de tri avec cette feuille, c'est la base de donnée. | M2: 1 | N2: Alle | O2: =C33 -> 1907
A3: 2 | B3: Bourrignon | C3: 261 | M3: 2 | N3: Basse-Allaine | O3: =C35 -> 1203
A4: 3 | B4: Châtillon | C4: 494 | M4: 3 | N4: Beurnevésin | O4: =C36 -> 112
A5: 4 | B5: Courchapoix | C5: 445 | F5: Population par district | M5: 4 | N5: Boécourt | O5: =C2 -> 961
A6: 5 | B6: Courrendlin | C6: 3667 | F6: Delémont | H6: =SUM(C2:C20) -> 39660 | M6: 5 | N6: Boncourt | O6: =C37 -> 1171
A7: 6 | B7: Courroux | C7: 3396 | F7: Franches-Montagnes | H7: =SUM(C21:C32) -> 10531 | M7: 6 | N7: Bonfol | O7: =C38 -> 655
A8: 7 | B8: Courtételle | C8: 2724 | F8: Porrentruy | H8: =SUM(C33:C52) -> 24357 | M8: 7 | N8: Bourrignon | O8: =C3 -> 261
A9: 8 | B9: Delémont | C9: 12739 | H9: =SUM(H6:H8) -> 74548 | M9: 8 | N9: Bure | O9: =C39 -> 631
A10: 9 | B10: Develier | C10: 1372 | M10: 9 | N10: Châtillon | O10: =C4 -> 494
A11: 10 | B11: Ederswiler | C11: 117 | M11: 10 | N11: Clos du Doubs | O11: =C40 -> 1294
A12: 11 | B12: Haute-Sorne | C12: 7362 | M12: 11 | N12: Coeuve | O12: =C41 -> 721
A13: 12 | B13: Mervelier | C13: 535 | M13: 12 | N13: Cornol | O13: =C42 -> 1060
A14: 13 | B14: Mettembert | C14: 112 | M14: 13 | N14: Courchapoix | O14: =C5 -> 445
A15: 14 | B15: Movelier | C15: 420 | M15: 14 | N15: Courchavon | O15: =C43 -> 314
A16: 15 | B16: Pleigne | C16: 349 | M16: 15 | N16: Courgenay | O16: =C44 -> 2453
A17: 16 | B17: Rossemaison | C17: 733 | M17: 16 | N17: Courrendlin | O17: =C6 -> 3667
A18: 17 | B18: Saulcy | C18: 273 | M18: 17 | N18: Courroux | O18: =C7 -> 3396
A19: 18 | B19: Soyhières | C19: 431 | M19: 18 | N19: Courtedoux | O19: =C45 -> 774
A20: 19 | B20: Val Terbi | C20: 3269 | M20: 19 | N20: Courtételle | O20: =C8 -> 2724
A21: 20 | B21: Le Bémont | C21: 305 | M21: 20 | N21: Damphreux-Lugnez | O21: =C46 -> 363
A22: 21 | B22: Les Bois | C22: 1252 | M22: 21 | N22: Delémont | O22: =C9 -> 12739
A23: 22 | B23: Les Breuleux | C23: 1642 | M23: 22 | N23: Develier | O23: =C10 -> 1372
A24: 23 | B24: Les Enfers | C24: 149 | M24: 23 | N24: Ederswiler | O24: =C11 -> 117
A25: 24 | B25: Les Genevez | C25: 510 | M25: 24 | N25: Fahy | O25: =C47 -> 332
A26: 25 | B26: Lajoux | C26: 710 | M26: 25 | N26: Fontenais | O26: =C48 -> 1647
A27: 26 | B27: Montfaucon | C27: 566 | M27: 26 | N27: Grandfontaine | O27: =C49 -> 381
A28: 27 | B28: Muriaux | C28: 508 | M28: 27 | N28: Haute-Ajoie | O28: =C50 -> 1057
A29: 28 | B29: Le Noirmont | C29: 1957 | M29: 28 | N29: Haute-Sorne | O29: =C12 -> 7362
A30: 29 | B30: Saignelégier | C30: 2568 | M30: 29 | N30: La Baroche | O30: =C34 -> 1134
A31: 30 | B31: Saint-Brais | C31: 239 | M31: 30 | N31: Lajoux | O31: =C26 -> 710
A32: 31 | B32: Soubey | C32: 125 | M32: 31 | N32: Le Bémont | O32: =C21 -> 305
A33: 32 | B33: Alle | C33: 1907 | M33: 32 | N33: Le Noirmont | O33: =C29 -> 1957
A34: 33 | B34: La Baroche | C34: 1134 | M34: 33 | N34: Les Bois | O34: =C22 -> 1252
A35: 34 | B35: Basse-Allaine | C35: 1203 | M35: 34 | N35: Les Breuleux | O35: =C23 -> 1642
A36: 35 | B36: Beurnevésin | C36: 112 | M36: 35 | N36: Les Enfers | O36: =C24 -> 149
A37: 36 | B37: Boncourt | C37: 1171 | M37: 36 | N37: Les Genevez | O37: =C25 -> 510
A38: 37 | B38: Bonfol | C38: 655 | M38: 37 | N38: Mervelier | O38: =C13 -> 535
A39: 38 | B39: Bure | C39: 631 | M39: 38 | N39: Mettembert | O39: =C14 -> 112
A40: 39 | B40: Clos du Doubs | C40: 1294 | M40: 39 | N40: Montfaucon | O40: =C27 -> 566
A41: 40 | B41: Coeuve | C41: 721 | M41: 40 | N41: Movelier | O41: =C15 -> 420
A42: 41 | B42: Cornol | C42: 1060 | M42: 41 | N42: Muriaux | O42: =C28 -> 508
A43: 42 | B43: Courchavon | C43: 314 | M43: 42 | N43: Pleigne | O43: =C16 -> 349
A44: 43 | B44: Courgenay | C44: 2453 | M44: 43 | N44: Porrentruy | O44: =C51 -> 6601
A45: 44 | B45: Courtedoux | C45: 774 | M45: 44 | N45: Rossemaison | O45: =C17 -> 733
A46: 45 | B46: Damphreux-Lugnez | C46: 363 | M46: 45 | N46: Saignelégier | O46: =C30 -> 2568
A47: 46 | B47: Fahy | C47: 332 | M47: 46 | N47: Saint-Brais | O47: =C31 -> 239
A48: 47 | B48: Fontenais | C48: 1647 | M48: 47 | N48: Saulcy | O48: =C18 -> 273
A49: 48 | B49: Grandfontaine | C49: 381 | M49: 48 | N49: Soubey | O49: =C32 -> 125
A50: 49 | B50: Haute-Ajoie | C50: 1057 | M50: 49 | N50: Soyhières | O50: =C19 -> 431
A51: 50 | B51: Porrentruy | C51: 6601 | M51: 50 | N51: Val Terbi | O51: =C20 -> 3269
A52: 51 | B52: Vendlincourt | C52: 547 | M52: 51 | N52: Vendlincourt | O52: =C52 -> 547
B53: Total | C53: =SUM(C2:C52) -> 74548 | N53: Total | O53: =SUM(O2:O52) -> 74548
D55: Ok, contrôlé le 26.06.2023

Sheet Population
B3: moins de 200 habitants | E3: 201 à 500 habitants | G3: 501 à 1'000 habitants | J3: 1'001 à 2'000 habitants | M3: 2001 à 3'000 habitant | P3: plus de 3'000 habitant
A5: 1 | B5: Mettembert | C5: ='Base de données pop.'!C14 -> 112 | D5: 6 | E5: Saint-Brais | F5: ='Base de données pop.'!C31 -> 239 | G5: 19 | H5: Muriaux | I5: ='Base de données pop.'!C28 -> 508 | J5: 31 | K5: Haute-Ajoie | L5: ='Base de données pop.'!C50 -> 1057 | M5: 43 | N5: Courgenay | O5: ='Base de données pop.'!C44 -> 2453 | P5: 46 | Q5: Val Terbi | R5: ='Base de données pop.'!C20 -> 3269
A6: 2 | B6: Beurnevésin | C6: ='Base de données pop.'!C36 -> 112 | D6: 7 | E6: Bourrignon | F6: ='Base de données pop.'!C3 -> 261 | G6: 20 | H6: Les Genevez | I6: ='Base de données pop.'!C25 -> 510 | J6: 32 | K6: Cornol | L6: ='Base de données pop.'!C42 -> 1060 | M6: 44 | N6: Saignelégier | O6: ='Base de données pop.'!C30 -> 2568 | P6: 47 | Q6: Courroux | R6: ='Base de données pop.'!C7 -> 3396
A7: 3 | B7: Ederswiler | C7: ='Base de données pop.'!C11 -> 117 | D7: 8 | E7: Saulcy | F7: ='Base de données pop.'!C18 -> 273 | G7: 21 | H7: Mervelier | I7: ='Base de données pop.'!C13 -> 535 | J7: 33 | K7: La Baroche | L7: ='Base de données pop.'!C34 -> 1134 | M7: 45 | N7: Courtételle | O7: ='Base de données pop.'!C8 -> 2724 | P7: 48 | Q7: Courrendlin | R7: ='Base de données pop.'!C6 -> 3667
A8: 4 | B8: Soubey | C8: ='Base de données pop.'!C32 -> 125 | D8: 9 | E8: Le Bémont | F8: ='Base de données pop.'!C21 -> 305 | G8: 22 | H8: Vendlincourt | I8: ='Base de données pop.'!C52 -> 547 | J8: 34 | K8: Boncourt | L8: ='Base de données pop.'!C37 -> 1171 | O8: =SUM(O5:O7) -> 7745 | P8: 49 | Q8: Porrentruy | R8: ='Base de données pop.'!C51 -> 6601
A9: 5 | B9: Les Enfers | C9: ='Base de données pop.'!C24 -> 149 | D9: 10 | E9: Courchavon | F9: ='Base de données pop.'!C43 -> 314 | G9: 23 | H9: Montfaucon | I9: ='Base de données pop.'!C27 -> 566 | J9: 35 | K9: Basse-Allaine | L9: ='Base de données pop.'!C35 -> 1203 | N9: moyenne | O9: =O8/5 -> 1549 | P9: 50 | Q9: Haute-Sorne | R9: ='Base de données pop.'!C12 -> 7362
C10: =SUM(C5:C9) -> 615 | D10: 11 | E10: Fahy | F10: ='Base de données pop.'!C47 -> 332 | G10: 24 | H10: Bure | I10: ='Base de données pop.'!C39 -> 631 | J10: 36 | K10: Les Bois | L10: ='Base de données pop.'!C22 -> 1252 | P10: 51 | Q10: Delémont | R10: ='Base de données pop.'!C9 -> 12739
B11: moyenne | C11: =C10/8 -> 76.875 | D11: 12 | E11: Pleigne | F11: ='Base de données pop.'!C16 -> 349 | G11: 25 | H11: Bonfol | I11: ='Base de données pop.'!C38 -> 655 | J11: 37 | K11: Clos du Doubs | L11: ='Base de données pop.'!C40 -> 1294 | R11: =SUM(R5:R10) -> 37034
D12: 13 | E12: Damphreux-Lugnez | F12: ='Base de données pop.'!C46 -> 363 | G12: 26 | H12: Lajoux | I12: ='Base de données pop.'!C26 -> 710 | J12: 38 | K12: Develier | L12: ='Base de données pop.'!C10 -> 1372 | Q12: moyenne | R12: =R11/4 -> 9258.5
D13: 14 | E13: Grandfontaine | F13: ='Base de données pop.'!C49 -> 381 | G13: 27 | H13: Coeuve | I13: ='Base de données pop.'!C41 -> 721 | J13: 39 | K13: Les Breuleux | L13: ='Base de données pop.'!C23 -> 1642
D14: 15 | E14: Movelier | F14: ='Base de données pop.'!C15 -> 420 | G14: 28 | H14: Rossemaison | I14: ='Base de données pop.'!C17 -> 733 | J14: 40 | K14: Fontenais | L14: ='Base de données pop.'!C48 -> 1647 | S14: =C10+F18+I17+L17+O8+R11 -> 74548
D15: 16 | E15: Soyhières | F15: ='Base de données pop.'!C19 -> 431 | G15: 29 | H15: Courdedoux | I15: ='Base de données pop.'!C45 -> 774 | J15: 41 | K15: Alle | L15: ='Base de données pop.'!C33 -> 1907 | S15: =S14/53 -> 1406.566
D16: 17 | E16: Courchapoix | F16: ='Base de données pop.'!C5 -> 445 | G16: 30 | H16: Boécourt | I16: ='Base de données pop.'!C2 -> 961 | J16: 42 | K16: Le Noirmont | L16: ='Base de données pop.'!C29 -> 1957 | U16: MOINS DE 1000 HABITANTS
D17: 18 | E17: Châtillon | F17: ='Base de données pop.'!C4 -> 494 | I17: =SUM(I5:I16) -> 7851 | L17: =SUM(L5:L16) -> 16696 | R17: =C10+F18+I17+L17+O8+R11 -> 74548 | U17: =C10+F18+I17 -> 13073
B18: =C10+F18+I17+L17+O8+R11 -> 74548 | F18: =SUM(F5:F17) -> 4607 | H18: moyenne | I18: =I17/11 -> 713.72727 | K18: moyenne | L18: =L17/12 -> 1391.3333
E19: moyenne | F19: =F18/13 -> 354.38462
B21: 5 communes de moins 200 habitants | C21: =C10 -> 615
B22: 13 communes de 200 à 500 habitants | C22: =F18 -> 4607
B23: 12 communes de 501 à 1'000 habitants | C23: =I17 -> 7851 | K23: Par Disctrict | L23: Delémont | O23: 39660
B24: 12 communes de 1'001 à 2'000 habitants | C24: =L17 -> 16696 | L24: Franches-Montagnes | O24: 10531
B25: 3 communes de 2'001 à 3'000 habitants | C25: =O8 -> 7745 | E25: =C21*100/B18 -> 0.82497183 | L25: Porrentruy | O25: 24357
B26: 6 communes de plus 3'000 habitants | C26: =R11 -> 37034 | E26: =C22*100/B18 -> 6.1799109 | F26: =E25+E26 -> 7.0048828 | L26: Total | O26: =SUM(O23:O25) -> 74548
C27: =SUM(C21:C26) -> 74548 | E27: =C23*100/B18 -> 10.53147
E28: =C24*100/B18 -> 22.396308
E29: =C25*100/B18 -> 10.389279
E30: =C26*100/B18 -> 49.67806
E31: =C27*100/B18 -> 100

Sheet 4.1 Comptes 2023 natures
A2: Comptes de résultats par natures 2023
A3: Comptes consolidés de l'ensemble des communes et par district | E3: ='Base de données pop.'!C2 -> 961 | F3: ='Base de données pop.'!C3 -> 261 | G3: ='Base de données pop.'!C4 -> 494 | H3: ='Base de données pop.'!C5 -> 445 | I3: ='Base de données pop.'!C6 -> 3667 | J3: ='Base de données pop.'!C7 -> 3396 | K3: ='Base de données pop.'!C8 -> 2724 | L3: ='Base de données pop.'!C9 -> 12739 | M3: ='Base de données pop.'!C10 -> 1372 | N3: ='Base de données pop.'!C11 -> 117 | O3: ='Base de données pop.'!C12 -> 7362 | P3: ='Base de données pop.'!C13 -> 535 | Q3: ='Base de données pop.'!C14 -> 112 | R3: ='Base de données pop.'!C15 -> 420 | S3: ='Base de données pop.'!C16 -> 349 | T3: ='Base de données pop.'!C17 -> 733 | U3: ='Base de données pop.'!C18 -> 273 | V3: ='Base de données pop.'!C19 -> 431 | W3: ='Base de données pop.'!C20 -> 3269 | X3: ='Base de données pop.'!C21 -> 305 | Y3: ='Base de données pop.'!C22 -> 1252 | Z3: ='Base de données pop.'!C23 -> 1642 | AA3: ='Base de données pop.'!C24 -> 149 | AB3: ='Base de données pop.'!C25 -> 510 | AC3: ='Base de données pop.'!C26 -> 710 | AD3: ='Base de données pop.'!C27 -> 566 | AE3: ='Base de données pop.'!C28 -> 508 | AF3: ='Base de données pop.'!C29 -> 1957 | AG3: ='Base de données pop.'!C30 -> 2568 | AH3: ='Base de données pop.'!C31 -> 239 | AI3: ='Base de données pop.'!C32 -> 125 | AJ3: ='Base de données pop.'!C33 -> 1907 | AK3: ='Base de données pop.'!C34 -> 1134 | AL3: ='Base de données pop.'!C35 -> 1203 | AM3: ='Base de données pop.'!C36 -> 112 | AN3: ='Base de données pop.'!C37 -> 1171 | AO3: ='Base de données pop.'!C38 -> 655 | AP3: ='Base de données pop.'!C39 -> 631 | AQ3: ='Base de données pop.'!C40 -> 1294 | AR3: ='Base de données pop.'!C41 -> 721 | AS3: ='Base de données pop.'!C42 -> 1060 | AT3: ='Base de données pop.'!C43 -> 314 | AU3: ='Base de données pop.'!C44 -> 2453 | AV3: ='Base de données pop.'!C45 -> 774 | AW3: ='Base de données pop.'!C46 -> 363 | AX3: ='Base de données pop.'!C47 -> 332 | AY3: ='Base de données pop.'!C48 -> 1647 | AZ3: ='Base de données pop.'!C49 -> 381 | BA3: ='Base de données pop.'!C50 -> 1057 | BB3: ='Base de données pop.'!C51 -> 6601 | BC3: ='Base de données pop.'!C52 -> 547 | BD3: =SUM(E3:BC3) -> 74548 | BE3: =SUM(E3:W3) -> 39660 | BF3: =SUM(X3:AI3) -> 10531 | BG3: =SUM(AJ3:BC3) -> 24357
E4: Boécourt | F4: Bourrignon | G4: Châtillon | H4: Courchapoix | I4: Courrendlin | J4: Courroux | K4: Courtételle | L4: Delémont | M4: Develier | N4: Ederswiler | O4: Haute-Sorne | P4: Mervelier | Q4: Mettembert | R4: Movelier | S4: Pleigne | T4: Rossemaison | U4: Saulcy | V4: Soyhières | W4: Val Terbi | X4: Le Bémont | Y4: Les Bois | Z4: Les Breuleux | AA4: Les Enfers | AB4: Les Genevez | AC4: Lajoux | AD4: Montfaucon | AE4: Muriaux | AF4: Le Noirmont | AG4: Saignelégier | AH4: Saint-Brais | AI4: Soubey | AJ4: Alle | AK4: La Baroche | AL4: Basse-Allaine | AM4: Beurnevésin | AN4: Boncourt | AO4: Bonfol | AP4: Bure | AQ4: Clos du Doubs | AR4: Coeuve | AS4: Cornol | AT4: Courchavon | AU4: Courgenay | AV4: Courtedoux | AW4: Damphreux-Lugnez | AX4: Fahy | AY4: Fontenais | AZ4: Grandfontaine | BA4: Haute-Ajoie | BB4: Porrentruy | BC4: Vendlincourt | BD4: Total | BE4: Delémont | BF4: Franches-Montagnes | BG4: Porrentruy
A5: 3 | D5: Charges | E5: =E6+E16+E28+E32+E40+E44+E54+E57+E65 -> 3875935.6 | F5: =F6+F16+F28+F32+F40+F44+F54+F57+F65 -> 1084338.1 | G5: =G6+G16+G28+G32+G40+G44+G54+G57+G65 -> 1612097.1 | H5: =H6+H16+H28+H32+H40+H44+H54+H57+H65 -> 2125952.1 | I5: =I6+I16+I28+I32+I40+I44+I54+I57+I65 -> 17419563 | J5: =J6+J16+J28+J32+J40+J44+J54+J57+J65 -> 14948995 | K5: =K6+K16+K28+K32+K40+K44+K54+K57+K65 -> 11921702 | L5: =L6+L16+L28+L32+L40+L44+L54+L57+L65 -> 1.2216286e+08 | ... BG5: =BG6+BG16+BG28+BG32+BG40+BG44+BG54+BG57+BG65 -> 1.3202777e+08
B6: 30 | D6: Charges du personnel | E6: =E7+E8+E9+E10+E11+E12+E13+E14 -> 482187.45 | F6: =F7+F8+F9+F10+F11+F12+F13+F14 -> 51802.35 | G6: =G7+G8+G9+G10+G11+G12+G13+G14 -> 131921.65 | H6: =H7+H8+H9+H10+H11+H12+H13+H14 -> 291460.85 | I6: =I7+I8+I9+I10+I11+I12+I13+I14 -> 2888125.9 | J6: =J7+J8+J9+J10+J11+J12+J13+J14 -> 3034162.3 | K6: =K7+K8+K9+K10+K11+K12+K13+K14 -> 1141069.6 | L6: =L7+L8+L9+L10+L11+L12+L13+L14 -> 25458252 | ... BG6: =BG7+BG8+BG9+BG10+BG11+BG12+BG13+BG14 -> 23234726
C7: 300 | D7: Autorités et commissions | E7: 42148.35 | F7: 18572 | G7: 27445.25 | H7: 50414.85 | I7: 149419.3 | J7: 148762 | K7: 143861.4 | L7: 662390.5 | M7: 66933.75 | N7: 19296.5 | O7: 329645.95 | P7: 55907 | Q7: 13440 | R7: 22810.4 | S7: 26823.05 | T7: 54108.95 | U7: 13834.65 | V7: 47312.5 | W7: 134427 | X7: 59393.95 | Y7: 80524.05 | Z7: 96828 | AA7: 13494.8 | AB7: 24112.5 | AC7: 28112.2 | AD7: 40907.5 | AE7: 42801.1 | AF7: 92684 | AG7: 107116.5 | AH7: 18308.8 | AI7: 18496.25 | AJ7: 86121.3 | AK7: 54709.4 | AL7: 59830.7 | AM7: 21571.8 | AN7: 89521.75 | AO7: 36001.45 | AP7: 45520.8 | AQ7: 86610.05 | AR7: 44662.5 | AS7: 41350 | AT7: 15575 | AU7: 62580 | AV7: 68547.5 | AW7: 18232.5 | AX7: 13887.5 | AY7: 57750 | AZ7: 22875.05 | BA7: 56629.75 | BB7: 250752.7 | BC7: 26812.8 | BD7: =SUM(E7:BC7) -> 3809875.6 | BE7: =SUM(E7:W7) -> 2027553.4 | BF7: =SUM(X7:AI7) -> 622779.65 | BG7: =SUM(AJ7:BC7) -> 1159542.6
C8: 301 | D8: Personnel administratif et d'exploitation | E8: 368947.05 | F8: 29355 | G8: 87403.05 | H8: 199240.65 | I8: 2207165.8 | J8: 2298953.2 | K8: 782026.2 | L8: 20317383 | M8: 992571.55 | N8: 35645.84 | O8: 3095053.3 | P8: 121660.3 | Q8: 48061.6 | R8: 178317.8 | S8: 96722.85 | T8: 221590.55 | U8: 83866 | V8: 212161.9 | W8: 1892352.9 | X8: 65419.1 | Y8: 1102816.4 | Z8: 1546382.9 | AA8: 48637.45 | AB8: 308674.6 | AC8: 405540.65 | AD8: 350340.95 | AE8: 296643.27 | AF8: 775287.25 | AG8: 1587020.2 | AH8: 70564.85 | AI8: 41586.7 | AJ8: 558924.67 | AK8: 489930.7 | AL8: 410505.96 | AM8: 34254.56 | AN8: 1102480.6 | AO8: 775142.88 | AP8: 152409.7 | AQ8: 1131353.4 | AR8: 358780.85 | AS8: 442151.5 | AT8: 77251.55 | AU8: 854269.8 | AV8: 378511.41 | AW8: 104010.17 | AX8: 110735.55 | AY8: 684793.8 | AZ8: 95027.25 | BA8: 1017137.6 | BB8: 9060628.4 | BC8: 256482.7 | BD8: =SUM(E8:BC8) -> 57962176 | BE8: =SUM(E8:W8) -> 33268478 | BF8: =SUM(X8:AI8) -> 6598914.3 | BG8: =SUM(AJ8:BC8) -> 18094783
C9: 302 | D9: Enseignants | E9: 0 | F9: 0 | G9: 0 | H9: 0 | I9: 0 | J9: 0 | K9: 0 | L9: 0 | M9: 0 | N9: 0 | O9: 0 | P9: 0 | Q9: 0 | R9: 0 | S9: 0 | T9: 0 | U9: 0 | V9: 0 | W9: 0 | X9: 0 | Y9: 0 | Z9: 0 | AA9: 0 | AB9: 0 | AC9: 0 | AD9: 0 | AE9: 0 | AF9: 4670 | AG9: 0 | AH9: 0 | AI9: 0 | AJ9: 0 | AK9: 0 | AL9: 0 | AM9: 0 | AN9: 0 | AO9: 0 | AP9: 0 | AQ9: 0 | AR9: 0 | AS9: 0 | AT9: 0 | AU9: 0 | AV9: 0 | AW9: 0 | AX9: 0 | AY9: 0 | AZ9: 0 | BA9: 0 | BB9: 0 | BC9: 0 | BD9: =SUM(E9:BC9) -> 4670 | BE9: =SUM(E9:W9) -> 0 | BF9: =SUM(X9:AI9) -> 4670 | BG9: =SUM(AJ9:BC9) -> 0
C10: 303 | D10: Personnel temporaire administratif et d'exploitation | E10: 0 | F10: 0 | G10: 0 | H10: 0 | I10: 0 | J10: 0 | K10: 0 | L10: 0 | M10: 2197 | N10: 0 | O10: 0 | P10: 0 | Q10: 0 | R10: 0 | S10: 0 | T10: 0 | U10: 0 | V10: 0 | W10: 0 | X10: 0 | Y10: 0 | Z10: 0 | AA10: 0 | AB10: 0 | AC10: 0 | AD10: 0 | AE10: 0 | AF10: 0 | AG10: 0 | AH10: 0 | AI10: 0 | AJ10: 0 | AK10: 0 | AL10: 2461.2 | AM10: 0 | AN10: 0 | AO10: 0 | AP10: 0 | AQ10: 0 | AR10: 0 | AS10: 0 | AT10: 0 | AU10: 0 | AV10: 180 | AW10: 0 | AX10: 0 | AY10: 0 | AZ10: 0 | BA10: 0 | BB10: 0 | BC10: 0 | BD10: =SUM(E10:BC10) -> 4838.2 | BE10: =SUM(E10:W10) -> 2197 | BF10: =SUM(X10:AI10) -> 0 | BG10: =SUM(AJ10:BC10) -> 2641.2
C11: 304 | D11: Allocations et indemnités | E11: 0 | F11: 0 | G11: 0 | H11: 0 | I11: 0 | J11: 11682.94 | K11: 0 | L11: 0 | M11: 0 | N11: 0 | O11: 0 | P11: 0 | Q11: 0 | R11: 0 | S11: 0 | T11: 33.2 | U11: 0 | V11: 0 | W11: 0 | X11: 0 | Y11: 0 | Z11: 0 | AA11: 0 | AB11: 0 | AC11: 0 | AD11: 0 | AE11: 0 | AF11: 2000 | AG11: 19000 | AH11: 0 | AI11: 0 | AJ11: 0 | AK11: 0 | AL11: 0 | AM11: 0 | AN11: 0 | AO11: 0 | AP11: 0 | AQ11: 0 | AR11: 0 | AS11: 1375 | AT11: 0 | AU11: 0 | AV11: 0 | AW11: 0 | AX11: 0 | AY11: 0 | AZ11: 0 | BA11: 0 | BB11: 0 | BC11: 0 | BD11: =SUM(E11:BC11) -> 34091.14 | BE11: =SUM(E11:W11) -> 11716.14 | BF11: =SUM(X11:AI11) -> 21000 | BG11: =SUM(AJ11:BC11) -> 1375
C12: 305 | D12: Charges de l'employeur | E12: 66948.5 | F12: 3402.65 | G12: 15774.35 | H12: 41805.35 | I12: 511493.85 | J12: 545706.3 | K12: 197335.4 | L12: 4189189.1 | M12: 178073.95 | N12: 5795.6 | O12: 622886.5 | P12: 23384.1 | Q12: 9133.2 | R12: 34564.35 | S12: 21293.35 | T12: 41020 | U12: 12795.73 | V12: 44194.7 | W12: 375207.95 | X12: 10177.15 | Y12: 201580.3 | Z12: 292609.85 | AA12: 6850.45 | AB12: 60870.25 | AC12: 76572.1 | AD12: 68944.45 | AE12: 58821.55 | AF12: 169819.45 | AG12: 305446.15 | AH12: 11748.6 | AI12: 8869.75 | AJ12: 105532 | AK12: 102356.85 | AL12: 82979.65 | AM12: 12253.16 | AN12: 207895.85 | AO12: 146273.95 | AP12: 36729.5 | AQ12: 203946.35 | AR12: 73622.5 | AS12: 80093.25 | AT12: 15677.4 | AU12: 197250.95 | AV12: 68160.95 | AW12: 23156.45 | AX12: 22082.1 | AY12: 152290.5 | AZ12: 20838.3 | BA12: 216965.1 | BB12: 1976106.8 | BC12: 51916.95 | BD12: =SUM(E12:BC12) -> 12008444 | BE12: =SUM(E12:W12) -> 6940005 | BF12: =SUM(X12:AI12) -> 1272310.1 | BG12: =SUM(AJ12:BC12) -> 3796128.6
C13: 306 | D13: Prestations sociales de l'employeur | E13: 0 | F13: 0 | G13: 0 | H13: 0 | I13: 2458.1 | J13: 0 | K13: 0 | L13: 44464.1 | M13: 0 | N13: 0 | O13: 0 | P13: 0 | Q13: 0 | R13: 0 | S13: 0 | T13: 0 | U13: 0 | V13: 0 | W13: 0 | X13: 0 | Y13: 0 | Z13: 500 | AA13: 0 | AB13: 0 | AC13: 0 | AD13: 30000 | AE13: 0 | AF13: 0 | AG13: 0 | AH13: 0 | AI13: 0 | AJ13: 0 | AK13: 0 | AL13: 0 | AM13: 0 | AN13: 0 | AO13: 0 | AP13: 0 | AQ13: 0 | AR13: 0 | AS13: 0 | AT13: 0 | AU13: 0 | AV13: 0 | AW13: 0 | AX13: 0 | AY13: 0 | AZ13: 0 | BA13: 0 | BB13: 0 | BC13: 0 | BD13: =SUM(E13:BC13) -> 77422.2 | BE13: =SUM(E13:W13) -> 46922.2 | BF13: =SUM(X13:AI13) -> 30500 | BG13: =SUM(AJ13:BC13) -> 0
C14: 309 | D14: Autres charges du personnel | E14: 4143.55 | F14: 472.7 | G14: 1299 | H14: 0 | I14: 17588.83 | J14: 29057.87 | K14: 17846.6 | L14: 244825.18 | M14: 24614.15 | N14: 940 | O14: 36873.5 | P14: 10482.8 | Q14: 1736 | R14: 2404.45 | S14: 4021.95 | T14: 4978.4 | U14: 6459.4 | V14: 4373.55 | W14: 27362.7 | X14: 2882.7 | Y14: 26631.2 | Z14: 22658.7 | AA14: 0 | AB14: 7852.45 | AC14: 11118.4 | AD14: 5993.3 | AE14: 4611.5 | AF14: 18725.6 | AG14: 16787.6 | AH14: 0 | AI14: 370.2 | AJ14: 7292.1 | AK14: 3346 | AL14: 11408.4 | AM14: 5209.19 | AN14: 19544.35 | AO14: 7346.85 | AP14: 5312.35 | AQ14: 8023.35 | AR14: 900.3 | AS14: 7291.9 | AT14: 2092.97 | AU14: 7874.55 | AV14: 12572.55 | AW14: 1285.4 | AX14: 1265.25 | AY14: 7176.51 | AZ14: 5144.3 | BA14: 11646.95 | BB14: 55522.45 | BC14: 0 | BD14: =SUM(E14:BC14) -> 737368 | BE14: =SUM(E14:W14) -> 439480.63 | BF14: =SUM(X14:AI14) -> 117631.65 | BG14: =SUM(AJ14:BC14) -> 180255.72
B16: 31 | D16: Charges de biens et de services et autres charges d'exploitation | E16: =E17+E18+E19+E20+E21+E22+E23+E24+E25+E26 -> 597375.05 | F16: =F17+F18+F19+F20+F21+F22+F23+F24+F25+F26 -> 201802.98 | G16: =G17+G18+G19+G20+G21+G22+G23+G24+G25+G26 -> 171913.56 | H16: =H17+H18+H19+H20+H21+H22+H23+H24+H25+H26 -> 537755.8 | I16: =I17+I18+I19+I20+I21+I22+I23+I24+I25+I26 -> 4231856.3 | J16: =J17+J18+J19+J20+J21+J22+J23+J24+J25+J26 -> 3175860.9 | K16: =K17+K18+K19+K20+K21+K22+K23+K24+K25+K26 -> 1846362.1 | L16: =L17+L18+L19+L20+L21+L22+L23+L24+L25+L26 -> 37726336 | ... BG16: =BG17+BG18+BG19+BG20+BG21+BG22+BG23+BG24+BG25+BG26 -> 22862876
C17: 310 | D17: Charges de matériel et de marchandises | E17: 60361.57 | F17: 11406.9 | G17: 12809.95 | H17: 35774.88 | I17: 398834.11 | J17: 274980.17 | K17: 201622.35 | L17: 1975227.4 | M17: 187189.36 | N17: 4234.6 | O17: 641823.2 | P17: 62265.81 | Q17: 3544.41 | R17: 33026.85 | S17: 19024.95 | T17: 63301.41 | U17: 18704.1 | V17: 60043.99 | W17: 249334.38 | X17: 88132.74 | Y17: 144402.2 | Z17: 266997.75 | AA17: 31983.45 | AB17: 88469.9 | AC17: 71793.6 | AD17: 65908.16 | AE17: 110698.8 | AF17: 270304.2 | AG17: 419381.12 | AH17: 17343.31 | AI17: 14356.75 | AJ17: 255179.95 | AK17: 92564.19 | AL17: 71243.75 | AM17: 16113.77 | AN17: 148430.77 | AO17: 110120.6 | AP17: 16494.1 | AQ17: 127117.65 | AR17: 76443.55 | AS17: 117166.14 | AT17: 46995.94 | AU17: 265608.15 | AV17: 29133.13 | AW17: 36203.27 | AX17: 26785.77 | AY17: 71608.95 | AZ17: 19391.4 | BA17: 108954.18 | BB17: 829023.39 | BC17: 66048.75 | BD17: =SUM(E17:BC17) -> 8433909.7 | BE17: =SUM(E17:W17) -> 4313510.4 | BF17: =SUM(X17:AI17) -> 1589772 | BG17: =SUM(AJ17:BC17) -> 2530627.4
C18: 311 | D18: Immobilisations ne pouvant être portées à l'actif | E18: 44414.85 | F18: 1823.6 | G18: 4750.08 | H18: 5345.95 | I18: 54216.53 | J18: 50458.31 | K18: 26250.13 | L18: 428532.43 | M18: 115005.85 | N18: 51359.2 | O18: 133236 | P18: 33017.3 | Q18: 2721 | R18: 15130.14 | S18: 15480.4 | T18: 73316.15 | U18: 3646.19 | V18: 16125 | W18: 72045.79 | X18: 6539.2 | Y18: 35573.14 | Z18: 105010.77 | AA18: 0 | AB18: 16011.9 | AC18: 48832.34 | AD18: 18011.35 | AE18: 42764.75 | AF18: 80680.04 | AG18: 13067.8 | AH18: 7000 | AI18: 802.5 | AJ18: 92863.33 | AK18: 6774.85 | AL18: 40912.2 | AM18: 13195.1 | AN18: 16725.7 | AO18: 30334.47 | AP18: 19532.6 | AQ18: 45038.62 | AR18: 18924 | AS18: 77697.46 | AT18: 12488.65 | AU18: 91367 | AV18: 6392.57 | AW18: 14562.45 | AX18: 4590.7 | AY18: 46378.7 | AZ18: 17617.2 | BA18: 50598.21 | BB18: 170758.44 | BC18: 35968.75 | BD18: =SUM(E18:BC18) -> 2333889.7 | BE18: =SUM(E18:W18) -> 1146874.9 | BF18: =SUM(X18:AI18) -> 374293.79 | BG18: =SUM(AJ18:BC18) -> 812721
C19: 312 | D19: Alimentations et éliminations des biens-fonds du PA | E19: 90500.75 | F19: 47973.73 | G19: 18953.85 | H19: 200500.7 | I19: 1969498.1 | J19: 1653766.4 | K19: 434734.89 | L19: 28308976 | M19: 1512739.6 | N19: 11077.7 | O19: 950434.7 | P19: 42577.95 | Q19: 7527.05 | R19: 36467.32 | S19: 74079.4 | T19: 357696.35 | U19: 66328.6 | V19: 54302.35 | W19: 182763.09 | X19: 137920 | Y19: 263040.9 | Z19: 441435.05 | AA19: 38592.5 | AB19: 134740.05 | AC19: 185676.16 | AD19: 208939.45 | AE19: 133100.75 | AF19: 389158.9 | AG19: 660599.85 | AH19: 96754.8 | AI19: 24167.05 | AJ19: 101645.3 | AK19: 104547.25 | AL19: 261144.1 | AM19: 31662.25 | AN19: 327840.3 | AO19: 221961.8 | AP19: 98673 | AQ19: 160884.6 | AR19: 139006.7 | AS19: 158603.9 | AT19: 51197 | AU19: 338739.73 | AV19: 32487.55 | AW19: 90381.45 | AX19: 96019.05 | AY19: 264554.9 | AZ19: 64245.3 | BA19: 276741.07 | BB19: 691185.01 | BC19: 27793.6 | BD19: =SUM(E19:BC19) -> 42274338 | BE19: =SUM(E19:W19) -> 36020899 | BF19: =SUM(X19:AI19) -> 2714125.5 | BG19: =SUM(AJ19:BC19) -> 3539313.9
C20: 313 | D20: Prestations de services et honoraires | E20: 167671.21 | F20: 88558.12 | G20: 95334.29 | H20: 124746.73 | I20: 791616.41 | J20: 706491.81 | K20: 405191.88 | L20: 3508810.7 | M20: 246679.36 | N20: 40328.71 | O20: 1440977.8 | P20: 69473.29 | Q20: 34019.25 | R20: 82804.23 | S20: 136758.21 | T20: 180673.27 | U20: 80136.16 | V20: 256723.92 | W20: 631166.76 | X20: 124497.2 | Y20: 388431.14 | Z20: 1122677.8 | AA20: 96020.15 | AB20: 302139.65 | AC20: 294660.19 | AD20: 237496.5 | AE20: 534075.11 | AF20: 726096.97 | AG20: 812987.88 | AH20: 144315.15 | AI20: 44387.87 | AJ20: 325083.18 | AK20: 565800.46 | AL20: 463359.21 | AM20: 119648.68 | AN20: 356132.62 | AO20: 120812.13 | AP20: 131104.15 | AQ20: 683077.75 | AR20: 153386.12 | AS20: 403564.48 | AT20: 106169.07 | AU20: 506743.73 | AV20: 239042.48 | AW20: 50378.99 | AX20: 94321.71 | AY20: 491000.81 | AZ20: 293980.17 | BA20: 318564.09 | BB20: 2247797.6 | BC20: 128156.74 | BD20: =SUM(E20:BC20) -> 21714072 | BE20: =SUM(E20:W20) -> 9088162.1 | BF20: =SUM(X20:AI20) -> 4827785.6 | BG20: =SUM(AJ20:BC20) -> 7798124.2
C21: 314 | D21: Gros entretien et entretien courant du PA | E21: 131974.35 | F21: 32777.74 | G21: 54316.1 | H21: 43411.49 | I21: 446352.48 | J21: 257937.92 | K21: 533317.86 | L21: 1074125.7 | M21: 208615.17 | N21: 30246.75 | O21: 819147.45 | P21: 108075.94 | Q21: 10015.05 | R21: 44269.7 | S21: 36977.31 | T21: 206023.4 | U21: 48156.35 | V21: 56518.4 | W21: 376597.89 | X21: 45572.65 | Y21: 242917.95 | Z21: 440838.79 | AA21: 13711.6 | AB21: 155019.3 | AC21: 152825.7 | AD21: 55089.85 | AE21: 301108.01 | AF21: 494031.07 | AG21: 569966.51 | AH21: 43166.51 | AI21: 31912.25 | AJ21: 191735.6 | AK21: 314483.46 | AL21: 217475.7 | AM21: 13456.35 | AN21: 558779.08 | AO21: 100060.05 | AP21: 124813.85 | AQ21: 342460.35 | AR21: 107980.7 | AS21: 102863.65 | AT21: 31188.75 | AU21: 243377.87 | AV21: 110967.39 | AW21: 78837.25 | AX21: 104151.9 | AY21: 208545.87 | AZ21: 58636.01 | BA21: 184839.3 | BB21: 1056201.8 | BC21: 109995.65 | BD21: =SUM(E21:BC21) -> 11325868 | BE21: =SUM(E21:W21) -> 4518857 | BF21: =SUM(X21:AI21) -> 2546160.2 | BG21: =SUM(AJ21:BC21) -> 4260850.6
C22: 315 | D22: Entretien des biens mobiliers et des immobilisations corporelles du PA | E22: 55447.55 | F22: 12387.1 | G22: 7855.25 | H22: 19732.4 | I22: 184512.49 | J22: 22236.4 | K22: 84710.82 | L22: 962161.68 | M22: 87377.38 | N22: 6467.55 | O22: 297039.75 | P22: 18768.85 | Q22: 1830.1 | R22: 18798.52 | S22: 26617.35 | T22: 30183.5 | U22: 6890.1 | V22: 41528.35 | W22: 139684.33 | X22: 1601.25 | Y22: 97205.15 | Z22: 65169.1 | AA22: 7893.1 | AB22: 32739 | AC22: 57617 | AD22: 40417.05 | AE22: 18324.4 | AF22: 157029.37 | AG22: 45248.9 | AH22: 10081.88 | AI22: 7498.9 | AJ22: 24813.81 | AK22: 95602.82 | AL22: 57479.69 | AM22: 1593.1 | AN22: 94580 | AO22: 47964.05 | AP22: 36167.15 | AQ22: 96852.95 | AR22: 42775.45 | AS22: 65533.05 | AT22: 6946.85 | AU22: 62451.26 | AV22: 43084.4 | AW22: 27136.95 | AX22: 22191.6 | AY22: 42835.55 | AZ22: 15712.45 | BA22: 57818.63 | BB22: 444509.37 | BC22: 32357.9 | BD22: =SUM(E22:BC22) -> 3883461.6 | BE22: =SUM(E22:W22) -> 2024229.5 | BF22: =SUM(X22:AI22) -> 540825.1 | BG22: =SUM(AJ22:BC22) -> 1318407
C23: 316 | D23: Loyers - crédits-bails (leasing) - baux à fermes - taxes d'utilisation | E23: 3877.2 | F23: 3256.45 | G23: 710.9 | H23: 86238.2 | I23: 38996.45 | J23: 34737.05 | K23: 43011.75 | L23: 773693.2 | M23: 27390.2 | N23: 1200 | O23: 112829.5 | P23: 21.75 | Q23: 850 | R23: 0 | S23: 0 | T23: 538.5 | U23: 0 | V23: 4800 | W23: 127359.7 | X23: 20392.14 | Y23: 33855.45 | Z23: 38380 | AA23: 2415.5 | AB23: 1160 | AC23: 38305.8 | AD23: 4674.45 | AE23: 0 | AF23: 7822.35 | AG23: 204642.71 | AH23: 2100 | AI23: 0 | AJ23: 0 | AK23: 6301.75 | AL23: 16446.65 | AM23: 0 | AN23: 36000 | AO23: 38416.35 | AP23: 20000 | AQ23: 87441.4 | AR23: 24150.95 | AS23: 0 | AT23: 0 | AU23: 23303.3 | AV23: 19056.7 | AW23: 0 | AX23: 3684.4 | AY23: 34977.45 | AZ23: 0 | BA23: 5508 | BB23: 713335.88 | BC23: 600 | BD23: =SUM(E23:BC23) -> 2642482.1 | BE23: =SUM(E23:W23) -> 1259510.8 | BF23: =SUM(X23:AI23) -> 353748.4 | BG23: =SUM(AJ23:BC23) -> 1029222.8
C24: 317 | D24: Indemnités et dédommagements | E24: 20034.3 | F24: 3238.4 | G24: 872.55 | H24: 7029.85 | I24: 75651.55 | J24: 50748.52 | K24: 24418 | L24: 74308.24 | M24: 18626.45 | N24: 291 | O24: 62560 | P24: 3459 | Q24: 337 | R24: 3491.85 | S24: 7484.25 | T24: 57798.8 | U24: 982.8 | V24: 2850.7 | W24: 43411.25 | X24: 6389.2 | Y24: 32092.8 | Z24: 54654.6 | AA24: 764.5 | AB24: 4626.8 | AC24: 5190.7 | AD24: 5018.15 | AE24: 18.95 | AF24: 24130.3 | AG24: 35776 | AH24: 1470.4 | AI24: 1964.4 | AJ24: 31141.53 | AK24: 13951.6 | AL24: 25139.35 | AM24: 151.75 | AN24: 31787.8 | AO24: 2653.45 | AP24: 1109.5 | AQ24: 21681.05 | AR24: 9818.1 | AS24: 11722.35 | AT24: 1883.5 | AU24: 57556.15 | AV24: 3568.1 | AW24: 541.3 | AX24: 3577.35 | AY24: 22956.95 | AZ24: 3194.65 | BA24: 20784.9 | BB24: 64809.46 | BC24: 5876.85 | BD24: =SUM(E24:BC24) -> 963597 | BE24: =SUM(E24:W24) -> 457594.51 | BF24: =SUM(X24:AI24) -> 172096.8 | BG24: =SUM(AJ24:BC24) -> 333905.69
C25: 318 | D25: Réévaluations de créances | E25: 21664.77 | F25: 280.94 | G25: -28380.41 | H25: 9932.25 | I25: 236894.2 | J25: 97571.78 | K25: 72987.14 | L25: 467592.63 | M25: 21419.07 | N25: 31.86 | O25: 198835.27 | P25: 17120.59 | Q25: 3.34 | R25: 34161.77 | S25: 12251.28 | T25: 15858.65 | U25: 479.68 | V25: 17378.08 | W25: 117433.52 | X25: 16533.3 | Y25: 64181.14 | Z25: 35046.07 | AA25: 1823.41 | AB25: -54875.09 | AC25: 9273.68 | AD25: 7475.09 | AE25: 62202.97 | AF25: 67276.71 | AG25: 78566.62 | AH25: 166.19 | AI25: 3416.99 | AJ25: 137412.39 | AK25: 32400.16 | AL25: 65229.57 | AM25: 25746.4 | AN25: 78032.36 | AO25: 44995.58 | AP25: 19629.17 | AQ25: 52949.59 | AR25: 34217.41 | AS25: 46353.12 | AT25: -178887.98 | AU25: 7180.76 | AV25: 14633.62 | AW25: 6639.25 | AX25: 22781.13 | AY25: 55051.59 | AZ25: 20416.88 | BA25: 13064.78 | BB25: 328199.05 | BC25: 78797.19 | BD25: =SUM(E25:BC25) -> 2509445.5 | BE25: =SUM(E25:W25) -> 1313516.4 | BF25: =SUM(X25:AI25) -> 291087.08 | BG25: =SUM(AJ25:BC25) -> 904842.02
C26: 319 | D26: Divers charges d'exploitation | E26: 1428.5 | F26: 100 | G26: 4691 | H26: 5043.35 | I26: 35283.96 | J26: 26932.55 | K26: 20117.29 | L26: 152908.45 | M26: 57238.95 | N26: 900 | O26: 19212.2 | P26: 1088 | Q26: 2238.1 | R26: 0 | S26: 1452.4 | T26: 2297.9 | U26: 1887.75 | V26: 1624 | W26: 4688.2 | X26: 2575 | Y26: 20869.25 | Z26: 17274.6 | AA26: 8701.2 | AB26: 2181.55 | AC26: 16585.2 | AD26: 1976.8 | AE26: 804.6 | AF26: 32912.7 | AG26: 12915.6 | AH26: 1775.75 | AI26: 2437.7 | AJ26: 11564.2 | AK26: 17188.7 | AL26: 0 | AM26: 0 | AN26: 21014 | AO26: 1086.15 | AP26: 1466.8 | AQ26: 22074.25 | AR26: 43013.15 | AS26: 4617.15 | AT26: 3984.25 | AU26: 21000 | AV26: 3555.04 | AW26: 1152 | AX26: 0 | AY26: 3479 | AZ26: 0 | BA26: 10762.15 | BB26: 164464.54 | BC26: 4440.45 | BD26: =SUM(E26:BC26) -> 795004.38 | BE26: =SUM(E26:W26) -> 339132.6 | BF26: =SUM(X26:AI26) -> 121009.95 | BG26: =SUM(AJ26:BC26) -> 334861.83
B28: 33 | D28: Amortissements du patrimoine administratif | E28: =E29+E30 -> 271969.69 | F28: =F29+F30 -> 89135 | G28: =G29+G30 -> 78515.15 | H28: =H29+H30 -> 135852.9 | I28: =I29+I30 -> 1007048.9 | J28: =J29+J30 -> 1027120.3 | K28: =K29+K30 -> 584488.3 | L28: =L29+L30 -> 6377739.1 | ... BG28: =BG29+BG30 -> 8587344
C29: 330 | D29: Amortissements des immobilisations corporelles du PA | E29: 271969.69 | F29: 76855 | G29: 76768.65 | H29: 135852.9 | I29: 1007048.9 | J29: 1000141.1 | K29: 582500.6 | L29: 6260685.8 | M29: 396594.05 | N29: 61045.22 | O29: 1436879.1 | P29: 128942.3 | Q29: 15734 | R29: 66919.41 | S29: 76090.75 | T29: 135383.76 | U29: 40503.31 | V29: 111778.78 | W29: 936877.39 | X29: 78474 | Y29: 312679.9 | Z29: 511059.05 | AA29: 13768.27 | AB29: 91291.65 | AC29: 343843.12 | AD29: 163879 | AE29: 106426.61 | AF29: 510622.45 | AG29: 806595.85 | AH29: 66058.9 | AI29: 15168.64 | AJ29: 438356.4 | AK29: 353864.8 | AL29: 283815 | AM29: 42916 | AN29: 633425.07 | AO29: 109400 | AP29: 446741.61 | AQ29: 176374.45 | AR29: 155650 | AS29: 253126 | AT29: 68380 | AU29: 725074.05 | AV29: 118961.96 | AW29: 78732.3 | AX29: 171465 | AY29: 533515.05 | AZ29: 98904.95 | BA29: 385062.9 | BB29: 3118294 | BC29: 92300 | BD29: =SUM(E29:BC29) -> 24122798 | BE29: =SUM(E29:W29) -> 12818571 | BF29: =SUM(X29:AI29) -> 3019867.4 | BG29: =SUM(AJ29:BC29) -> 8284359.6
C30: 332 | D30: Amortissements des immobilisations incorporelles du PA | E30: 0 | F30: 12280 | G30: 1746.5 | H30: 0 | I30: 0 | J30: 26979.19 | K30: 1987.7 | L30: 117053.37 | M30: 11830 | N30: 0 | O30: 63576.2 | P30: 0 | Q30: 0 | R30: 0 | S30: 0 | T30: 5642.18 | U30: 0 | V30: 19952.75 | W30: 30615.67 | X30: 4500 | Y30: 600 | Z30: 0 | AA30: 0 | AB30: 9974.12 | AC30: 0 | AD30: 0 | AE30: 0 | AF30: 0 | AG30: 45343 | AH30: 5750 | AI30: 0 | AJ30: 0 | AK30: 0 | AL30: 19750 | AM30: 0 | AN30: 10400 | AO30: 0 | AP30: 0 | AQ30: 35450 | AR30: 0 | AS30: 1000 | AT30: 2223.75 | AU30: 23547.15 | AV30: 0 | AW30: 0 | AX30: 1500 | AY30: 43450 | AZ30: 960 | BA30: 50484.45 | BB30: 114219.09 | BC30: 0 | BD30: =SUM(E30:BC30) -> 660815.12 | BE30: =SUM(E30:W30) -> 291663.56 | BF30: =SUM(X30:AI30) -> 66167.12 | BG30: =SUM(AJ30:BC30) -> 302984.44
B32: 34 | D32: Charges financières | E32: =E33+E34+E35+E36+E37+E38 -> 156645.15 | F32: =F33+F34+F35+F36+F37+F38 -> 41407.5 | G32: =G33+G34+G35+G36+G37+G38 -> 71642.9 | H32: =H33+H34+H35+H36+H37+H38 -> 75086.97 | I32: =I33+I34+I35+I36+I37+I38 -> 465914.24 | J32: =J33+J34+J35+J36+J37+J38 -> 363924.84 | K32: =K33+K34+K35+K36+K37+K38 -> 225427.17 | L32: =L33+L34+L35+L36+L37+L38 -> 3137579 | ... BG32: =BG33+BG34+BG35+BG36+BG37+BG38 -> 3573806
C33: 340 | D33: Charges d'intérets | E33: 156645.15 | F33: 30817.39 | G33: 53361.35 | H33: 60888.62 | I33: 296135.36 | J33: 322862.84 | K33: 155775.39 | L33: 2529551.1 | M33: 56437.21 | N33: 6710.34 | O33: 450297.84 | P33: 38594.86 | Q33: 8899.5 | R33: 21426.75 | S33: 66129.07 | T33: 41844.2 | U33: 16995.22 | V33: 34228.76 | W33: 196047.92 | X33: 4762.57 | Y33: 135578.05 | Z33: 9613.4 | AA33: 4805.45 | AB33: 62402.87 | AC33: 69810.15 | AD33: 45431.34 | AE33: 7765.71 | AF33: 42075.34 | AG33: 139010.33 | AH33: 18355.89 | AI33: 4428.46 | AJ33: 178839.76 | AK33: 124437.21 | AL33: 133165.52 | AM33: 19222.49 | AN33: 89524.44 | AO33: 86450.95 | AP33: 79824.19 | AQ33: 89935.81 | AR33: 65076.03 | AS33: 104750.79 | AT33: 21291.29 | AU33: 221196.53 | AV33: 61086.18 | AW33: 7983.25 | AX33: 16170.03 | AY33: 301713.04 | AZ33: 46856.61 | BA33: 121337.51 | BB33: 882629.73 | BC33: 45684.08 | BD33: =SUM(E33:BC33) -> 7784863.9 | BE33: =SUM(E33:W33) -> 4543648.9 | BF33: =SUM(X33:AI33) -> 544039.56 | BG33: =SUM(AJ33:BC33) -> 2697175.4
C34: 341 | D34: Pertes sur les placements financiers et les immobilisations du PF | E34: 0 | F34: 0 | G34: 0 | H34: 0 | I34: 0 | J34: 0 | K34: 0 | L34: 0 | M34: 0 | N34: 0 | O34: 0 | P34: 0 | Q34: 0 | R34: 0 | S34: 0 | T34: 0 | U34: 0 | V34: 0 | W34: 14990.66 | X34: 0 | Y34: 0 | Z34: 0 | AA34: 0 | AB34: 0 | AC34: 0 | AD34: 0 | AE34: 0 | AF34: 0 | AG34: 0 | AH34: 2000 | AI34: 0 | AJ34: 0 | AK34: 1230.3 | AL34: 0 | AM34: 0 | AN34: 0 | AO34: 0 | AP34: 0 | AQ34: 0 | AR34: 0 | AS34: 0 | AT34: 0 | AU34: 0 | AV34: 0 | AW34: 0 | AX34: 0 | AY34: 0 | AZ34: 0 | BA34: 0 | BB34: 42039.5 | BC34: 0 | BD34: =SUM(E34:BC34) -> 60260.46 | BE34: =SUM(E34:W34) -> 14990.66 | BF34: =SUM(X34:AI34) -> 2000 | BG34: =SUM(AJ34:BC34) -> 43269.8
C35: 342 | D35: Frais d'acquisitions des capitaux et frais administratifs | E35: 0 | F35: 0 | G35: 0 | H35: 0 | I35: 0 | J35: 0 | K35: 0 | L35: 0 | M35: 0 | N35: 0 | O35: 0 | P35: 0 | Q35: 0 | R35: 0 | S35: 0 | T35: 0 | U35: 0 | V35: 8850.3 | W35: 37.35 | X35: 0 | Y35: 0 | Z35: 0 | AA35: 0 | AB35: 0 | AC35: 0 | AD35: 0 | AE35: 0 | AF35: 0 | AG35: 0 | AH35: 0 | AI35: 0 | AJ35: 0 | AK35: 0 | AL35: 0 | AM35: 0 | AN35: 0 | AO35: 0 | AP35: 0 | AQ35: 0 | AR35: 0 | AS35: 0 | AT35: 0 | AU35: 0 | AV35: 0 | AW35: 0 | AX35: 0 | AY35: 0 | AZ35: 0 | BA35: 0 | BB35: 0 | BC35: 0 | BD35: =SUM(E35:BC35) -> 8887.65 | BE35: =SUM(E35:W35) -> 8887.65 | BF35: =SUM(X35:AI35) -> 0 | BG35: =SUM(AJ35:BC35) -> 0
C36: 343 | D36: Charges pour les biens-fonds du PF | E36: 0 | F36: 10589.81 | G36: 18281.55 | H36: 14198.35 | I36: 169602.88 | J36: 41052 | K36: 62999.23 | L36: 608027.84 | M36: 15007 | N36: 0 | O36: 70987.7 | P36: 7190.2 | Q36: 1926.9 | R36: 11511.15 | S36: 2564.35 | T36: 36164.1 | U36: 9606.15 | V36: 0 | W36: 14496.1 | X36: 0 | Y36: 0 | Z36: 9596.55 | AA36: 10605.8 | AB36: 14847.7 | AC36: 3036.85 | AD36: 0 | AE36: 45896.5 | AF36: 22709.9 | AG36: 22010.95 | AH36: 303.8 | AI36: 19058.8 | AJ36: 14233.2 | AK36: 48750.7 | AL36: 31813.05 | AM36: 0 | AN36: 120898 | AO36: 14314.85 | AP36: 0 | AQ36: 164015.8 | AR36: 4788.25 | AS36: 49193.65 | AT36: 0 | AU36: 0 | AV36: 13909.35 | AW36: 469.55 | AX36: 0 | AY36: 962.25 | AZ36: 1297 | BA36: 33140.51 | BB36: 295235.25 | BC36: 20752.25 | BD36: =SUM(E36:BC36) -> 2056045.8 | BE36: =SUM(E36:W36) -> 1094205.3 | BF36: =SUM(X36:AI36) -> 148066.85 | BG36: =SUM(AJ36:BC36) -> 813773.66
C37: 344 | D37: Réévaluations des immobilisations du PF | E37: 0 | F37: 0 | G37: 0 | H37: 0 | I37: 176 | J37: 10 | K37: 6652.55 | L37: 0 | M37: 10 | N37: 0 | O37: 1463 | P37: 0 | Q37: 5 | R37: 0 | S37: 0 | T37: 1632.55 | U37: 0 | V37: 0 | W37: 0 | X37: 0 | Y37: 520 | Z37: 0 | AA37: 0 | AB37: 0 | AC37: 5 | AD37: 0 | AE37: 0 | AF37: 153087.05 | AG37: 0 | AH37: 0 | AI37: 300 | AJ37: 0 | AK37: 0 | AL37: 161.55 | AM37: 0 | AN37: 0 | AO37: 0 | AP37: 0 | AQ37: 0 | AR37: 0 | AS37: 0 | AT37: 0 | AU37: 0 | AV37: 0 | AW37: 0 | AX37: 0 | AY37: 125 | AZ37: 0 | BA37: 135 | BB37: 0 | BC37: 0 | BD37: =SUM(E37:BC37) -> 164282.7 | BE37: =SUM(E37:W37) -> 9949.1 | BF37: =SUM(X37:AI37) -> 153912.05 | BG37: =SUM(AJ37:BC37) -> 421.55
C38: 349 | D38: Autres charges financières | E38: 0 | F38: 0.3 | G38: 0 | H38: 0 | I38: 0 | J38: 0 | K38: 0 | L38: 0 | M38: 0.26 | N38: 0 | O38: 0 | P38: 0 | Q38: 0 | R38: 0 | S38: 0 | T38: 0 | U38: 0 | V38: 0 | W38: 95 | X38: 2817.8 | Y38: 0 | Z38: 0 | AA38: 1406.71 | AB38: 0 | AC38: 0 | AD38: 0 | AE38: 19.5 | AF38: 9.64 | AG38: 0 | AH38: 0 | AI38: 0 | AJ38: 0 | AK38: 7983.3 | AL38: 0 | AM38: 916.55 | AN38: 0 | AO38: 3867 | AP38: 0 | AQ38: 0 | AR38: 2024.8 | AS38: 0 | AT38: 0 | AU38: 0 | AV38: 18.55 | AW38: 1664.6 | AX38: 0 | AY38: 0 | AZ38: 0 | BA38: 0 | BB38: 0 | BC38: 2690.75 | BD38: =SUM(E38:BC38) -> 23514.76 | BE38: =SUM(E38:W38) -> 95.56 | BF38: =SUM(X38:AI38) -> 4253.65 | BG38: =SUM(AJ38:BC38) -> 19165.55
B40: 35 | D40: Attributions aux financements spéciaux des capitaux de tiers | E40: =E41+E42 -> 9169.55 | F40: =F41+F42 -> 18787.24 | G40: =G41+G42 -> 64197.5 | H40: =H41+H42 -> 0 | I40: =I41+I42 -> 433297.06 | J40: =J41+J42 -> 191890.75 | K40: =K41+K42 -> 214405.7 | L40: =L41+L42 -> 0 | ... BG40: =BG41+BG42 -> 2292744.2
C41: 350 | D41: Attributions aux financements spéciaux des capitaux de tiers | E41: 0 | F41: 0 | G41: 0 | H41: 0 | I41: 0 | J41: 0 | K41: 0 | L41: 0 | M41: 0 | N41: 9500 | O41: 0 | P41: 0 | Q41: 0 | R41: 0 | S41: 97828 | T41: 0 | U41: 0 | V41: 0 | W41: 0 | X41: 0 | Y41: 0 | Z41: 0 | AA41: 0 | AB41: 0 | AC41: 0 | AD41: 0 | AE41: 0 | AF41: 0 | AG41: 0 | AH41: 0 | AI41: 0 | AJ41: 0 | AK41: 0 | AL41: 0 | AM41: 0 | AN41: 0 | AO41: 0 | AP41: 0 | AQ41: 0 | AR41: 0 | AS41: 6705 | AT41: 0 | AU41: 15693.93 | AV41: 0 | AW41: 135.72 | AX41: 0 | AY41: 0 | AZ41: 0 | BA41: 0 | BB41: 0 | BC41: 0 | BD41: =SUM(E41:BC41) -> 129862.65 | BE41: =SUM(E41:W41) -> 107328 | BF41: =SUM(X41:AI41) -> 0 | BG41: =SUM(AJ41:BC41) -> 22534.65
C42: 351 | D42: Attributions aux financements spéciaux du capital propres | E42: 9169.55 | F42: 18787.24 | G42: 64197.5 | H42: 0 | I42: 433297.06 | J42: 191890.75 | K42: 214405.7 | L42: 0 | M42: 104202.19 | N42: 0 | O42: 1015205.8 | P42: 0 | Q42: 0 | R42: 126370 | S42: 0 | T42: 94394 | U42: 4808.45 | V42: 0 | W42: 0 | X42: 51812.1 | Y42: 1564.35 | Z42: 135879.62 | AA42: 6071 | AB42: 68838 | AC42: 6587 | AD42: 3878.14 | AE42: 20257.45 | AF42: 68654.45 | AG42: 112273.62 | AH42: 1143.8 | AI42: 3530.75 | AJ42: 228874.55 | AK42: 174342.2 | AL42: 80358.82 | AM42: 0 | AN42: 0 | AO42: 13297.81 | AP42: 2175 | AQ42: 122673.8 | AR42: 19646.85 | AS42: 155858.9 | AT42: 25295.75 | AU42: 211842.04 | AV42: 13924 | AW42: 37419.29 | AX42: 254.82 | AY42: 7325.7 | AZ42: 159180.69 | BA42: 23417.32 | BB42: 986875 | BC42: 7447.05 | BD42: =SUM(E42:BC42) -> 5027428.2 | BE42: =SUM(E42:W42) -> 2276728.3 | BF42: =SUM(X42:AI42) -> 480490.28 | BG42: =SUM(AJ42:BC42) -> 2270209.6
B44: 36 | D44: Charges de transferts | E44: =E45+E46+E47+E48+E49+E50+E51+E52 -> 2345563.3 | F44: =F45+F46+F47+F48+F49+F50+F51+F52 -> 654032.8 | G44: =G45+G46+G47+G48+G49+G50+G51+G52 -> 1087397.1 | H44: =H45+H46+H47+H48+H49+H50+H51+H52 -> 1029945.8 | I44: =I45+I46+I47+I48+I49+I50+I51+I52 -> 7923859.2 | J44: =J45+J46+J47+J48+J49+J50+J51+J52 -> 6872706.2 | K44: =K45+K46+K47+K48+K49+K50+K51+K52 -> 6793787.7 | L44: =L45+L46+L47+L48+L49+L50+L51+L52 -> 44381760 | ... BG44: =BG45+BG46+BG47+BG48+BG49+BG50+BG51+BG52 -> 66074166
C45: 360 | D45: Parts de revenus destinés à des collectivités publiques | E45: 5729.8 | F45: 1380 | G45: 1480 | H45: 960 | I45: 17277.82 | J45: 124428.85 | K45: 4300 | L45: 26576.65 | M45: 2980 | N45: 640 | O45: 103464.6 | P45: 1580 | Q45: 200 | R45: 1460 | S45: 960 | T45: 8050.5 | U45: 880 | V45: 900 | W45: 7240 | X45: 2260 | Y45: 10969.7 | Z45: 0 | AA45: 2416.75 | AB45: 4330 | AC45: 7357.1 | AD45: 4770 | AE45: 6636.45 | AF45: 18910 | AG45: 23350 | AH45: 2130 | AI45: 3004.1 | AJ45: 4510 | AK45: 5460 | AL45: 4410 | AM45: 868 | AN45: 70 | AO45: 420 | AP45: 1880 | AQ45: 6870 | AR45: 2520 | AS45: 2940 | AT45: 1570 | AU45: 5620 | AV45: 1880 | AW45: 0 | AX45: 1800 | AY45: 3700 | AZ45: 3490 | BA45: 4400 | BB45: 17762.45 | BC45: 2060 | BD45: =SUM(E45:BC45) -> 468852.77 | BE45: =SUM(E45:W45) -> 310488.22 | BF45: =SUM(X45:AI45) -> 86134.1 | BG45: =SUM(AJ45:BC45) -> 72230.45
C46: 361 | D46: Dédommagements aux collectivités publiques | E46: 1790032.2 | F46: 419258.9 | G46: 883953.05 | H46: 708666.93 | I46: 4881499.6 | J46: 4492830.1 | K46: 4984679.4 | L46: 19311602 | M46: 2778276.7 | N46: 141289.5 | O46: 12800044 | P46: 834768.8 | Q46: 181373.1 | R46: 727450.06 | S46: 566388.75 | T46: 1325705.6 | U46: 454484.15 | V46: 751261.9 | W46: 4499742.9 | X46: 520567.75 | Y46: 2104937.1 | Z46: 2587878.6 | AA46: 301436.9 | AB46: 959065.6 | AC46: 1322704.7 | AD46: 833872.2 | AE46: 995601.53 | AF46: 3461838.9 | AG46: 3246086.8 | AH46: 413167.26 | AI46: 201926.8 | AJ46: 3921665 | AK46: 1880208.1 | AL46: 2205873.8 | AM46: 140145.95 | AN46: 1596469.7 | AO46: 1346120.6 | AP46: 1174902.4 | AQ46: 2265739.2 | AR46: 1500795.9 | AS46: 1891517.7 | AT46: 590595.8 | AU46: 5358734.2 | AV46: 1565898.4 | AW46: 643629.56 | AX46: 513153.22 | AY46: 3155215 | AZ46: 711736.3 | BA46: 2004906.2 | BB46: 9068505.6 | BC46: 1067083.7 | BD46: =SUM(E46:BC46) -> 1.2208529e+08 | BE46: =SUM(E46:W46) -> 62533308 | BF46: =SUM(X46:AI46) -> 16949084 | BG46: =SUM(AJ46:BC46) -> 42602896
C47: 362 | D47: Péréquation financière et compensation de charges | E47: 0 | F47: 6832 | G47: 0 | H47: 0 | I47: 158900 | J47: 143390 | K47: 241355 | L47: 860589 | M47: 58468 | N47: -235.5 | O47: 248509 | P47: 0 | Q47: 3816 | R47: 0 | S47: 0 | T47: 30591 | U47: 4624 | V47: 0 | W47: 0 | X47: 0 | Y47: 182984 | Z47: 3843938 | AA47: 0 | AB47: 0 | AC47: 0 | AD47: 0 | AE47: 23124 | AF47: 343683 | AG47: 0 | AH47: 0 | AI47: 0 | AJ47: 62492 | AK47: 113896 | AL47: 0 | AM47: 0 | AN47: 1770320 | AO47: 10400 | AP47: 20919 | AQ47: 0 | AR47: 0 | AS47: 0 | AT47: 0 | AU47: 67846 | AV47: 33832 | AW47: 0 | AX47: 0 | AY47: 56015 | AZ47: 6318 | BA47: 10724 | BB47: 265179 | BC47: 0 | BD47: =SUM(E47:BC47) -> 8568508.5 | BE47: =SUM(E47:W47) -> 1756838.5 | BF47: =SUM(X47:AI47) -> 4393729 | BG47: =SUM(AJ47:BC47) -> 2417941
C48: 363 | D48: Subventions à des collectivités publiques et des tiers | E48: 541895.95 | F48: 224698.9 | G48: 201964.05 | H48: 275425.2 | I48: 2699785.2 | J48: 2068721.3 | K48: 1548985.5 | L48: 18912762 | M48: 867127.05 | N48: 105240.5 | O48: 4177946.5 | P48: 274956.4 | Q48: 53674.45 | R48: 171295.65 | S48: 191665.07 | T48: 298650.1 | U48: 136198.34 | V48: 599319 | W48: 1995693.6 | X48: 264103.09 | Y48: 757393.15 | Z48: 1036387.2 | AA48: 103912.85 | AB48: 383090.01 | AC48: 452187.8 | AD48: 439729.7 | AE48: 277261.13 | AF48: 1528182.1 | AG48: 2820626.2 | AH48: 110635.65 | AI48: 68899.7 | AJ48: 1009020.6 | AK48: 694789.5 | AL48: 838067.35 | AM48: 168905.07 | AN48: 1068770.6 | AO48: 640354.9 | AP48: 329388.5 | AQ48: 676210.95 | AR48: 451893.4 | AS48: 766667.25 | AT48: 165607 | AU48: 1304268.2 | AV48: 417114.45 | AW48: 353813.1 | AX48: 193883.75 | AY48: 847473.5 | AZ48: 195848.95 | BA48: 675771.65 | BB48: 9755515.1 | BC48: 376497.85 | BD48: =SUM(E48:BC48) -> 64518275 | BE48: =SUM(E48:W48) -> 35346005 | BF48: =SUM(X48:AI48) -> 8242408.5 | BG48: =SUM(AJ48:BC48) -> 20929862
C49: 364 | D49: Réévaluations des prets du PA | E49: 0 | F49: 0 | G49: 0 | H49: 0 | I49: 0 | J49: 0 | K49: 0 | L49: 0 | M49: 0 | N49: 0 | O49: 0 | P49: 0 | Q49: 0 | R49: 0 | S49: 0 | T49: 0 | U49: 0 | V49: 0 | W49: 0 | X49: 0 | Y49: 0 | Z49: 0 | AA49: 0 | AB49: 0 | AC49: 0 | AD49: 0 | AE49: 0 | AF49: 0 | AG49: 0 | AH49: 0 | AI49: 0 | AJ49: 0 | AK49: 0 | AL49: 0 | AM49: 0 | AN49: 0 | AO49: 0 | AP49: 0 | AQ49: 0 | AR49: 0 | AS49: 0 | AT49: 0 | AU49: 0 | AV49: 0 | AW49: 0 | AX49: 0 | AY49: 0 | AZ49: 0 | BA49: 0 | BB49: 0 | BC49: 0 | BD49: =SUM(E49:BC49) -> 0 | BE49: =SUM(E49:W49) -> 0 | BF49: =SUM(X49:AI49) -> 0 | BG49: =SUM(AJ49:BC49) -> 0
C50: 365 | D50: Réévaluations des participations du PA | E50: 0 | F50: 0 | G50: 0 | H50: 0 | I50: 0 | J50: 0 | K50: 0 | L50: 0 | M50: 0 | N50: 0 | O50: 0 | P50: 0 | Q50: 0 | R50: 0 | S50: 0 | T50: 0 | U50: 8100 | V50: 0 | W50: 0 | X50: 0 | Y50: 0 | Z50: 0 | AA50: 0 | AB50: 0 | AC50: 0 | AD50: 0 | AE50: 0 | AF50: 0 | AG50: 0 | AH50: 0 | AI50: 0 | AJ50: 0 | AK50: 0 | AL50: 0 | AM50: 0 | AN50: 0 | AO50: 0 | AP50: 0 | AQ50: 0 | AR50: 0 | AS50: 0 | AT50: 0 | AU50: 0 | AV50: 0 | AW50: 0 | AX50: 0 | AY50: 13000 | AZ50: 0 | BA50: 0 | BB50: 0 | BC50: 0 | BD50: =SUM(E50:BC50) -> 21100 | BE50: =SUM(E50:W50) -> 8100 | BF50: =SUM(X50:AI50) -> 0 | BG50: =SUM(AJ50:BC50) -> 13000
C51: 366 | D51: Amortissements des subventions des investissements | E51: 7905.29 | F51: 0 | G51: 0 | H51: 2572.45 | I51: 166396.6 | J51: 0 | K51: 14467.75 | L51: 603909 | M51: 10700 | N51: 0 | O51: 74430.89 | P51: 3001.3 | Q51: 0 | R51: 0 | S51: 0 | T51: 0 | U51: 667.55 | V51: 0 | W51: 13302.8 | X51: 0 | Y51: 0 | Z51: 0 | AA51: 0 | AB51: 0 | AC51: 0 | AD51: 0 | AE51: 0 | AF51: 0 | AG51: 0 | AH51: 0 | AI51: 0 | AJ51: 0 | AK51: 0 | AL51: 0 | AM51: 0 | AN51: 0 | AO51: 607 | AP51: 567 | AQ51: 0 | AR51: 422 | AS51: 0 | AT51: 338 | AU51: 0 | AV51: 633 | AW51: 442 | AX51: 311 | AY51: 1597 | AZ51: 319 | BA51: 1083.4 | BB51: 0 | BC51: 590 | BD51: =SUM(E51:BC51) -> 904263.03 | BE51: =SUM(E51:W51) -> 897353.63 | BF51: =SUM(X51:AI51) -> 0 | BG51: =SUM(AJ51:BC51) -> 6909.4
C52: 369 | D52: Différentes charges de transfert à des collectivités publiques et tiers | E52: 0 | F52: 1863 | G52: 0 | H52: 42321.22 | I52: 0 | J52: 43335.89 | K52: 0 | L52: 4666321.1 | M52: 227893.21 | N52: 0 | O52: 18521.7 | P52: 0 | Q52: 0 | R52: 3681 | S52: 0 | T52: 0 | U52: 2115 | V52: 0 | W52: 0 | X52: 0 | Y52: 7623 | Z52: 13086 | AA52: 0 | AB52: 0 | AC52: 23424.5 | AD52: 3376.05 | AE52: 7027.5 | AF52: 15147 | AG52: 21141 | AH52: 1161 | AI52: 0 | AJ52: 0 | AK52: 0 | AL52: 1755 | AM52: 0 | AN52: 0 | AO52: 0 | AP52: 5355 | AQ52: 6768 | AR52: 6473 | AS52: 0 | AT52: 30 | AU52: 0 | AV52: 0 | AW52: 3177 | AX52: 2844 | AY52: 0 | AZ52: 65.3 | BA52: 0 | BB52: 0 | BC52: 4860 | BD52: =SUM(E52:BC52) -> 5129365.4 | BE52: =SUM(E52:W52) -> 5006052.1 | BF52: =SUM(X52:AI52) -> 91986.05 | BG52: =SUM(AJ52:BC52) -> 31327.3
B54: 37 | D54: Subventions à redistribuer | E54: =E55 -> 0 | F54: =F55 -> 0 | G54: =G55 -> 0 | H54: =H55 -> 0 | I54: =I55 -> 0 | J54: =J55 -> 0 | K54: =K55 -> 0 | L54: =L55 -> 0 | ... BG54: =BG55 -> 104735.9
C55: 370 | D55: Subventions à redistribuer à des collectivités publiques et des tiers | E55: 0 | F55: 0 | G55: 0 | H55: 0 | I55: 0 | J55: 0 | K55: 0 | L55: 0 | M55: 0 | N55: 0 | O55: 0 | P55: 0 | Q55: 0 | R55: 0 | S55: 0 | T55: 0 | U55: 0 | V55: 0 | W55: 0 | X55: 431034.7 | Y55: 0 | Z55: 585449.4 | AA55: 170811.85 | AB55: 157177.6 | AC55: 0 | AD55: 249241 | AE55: 609148.6 | AF55: 351855.7 | AG55: 0 | AH55: 2864 | AI55: 0 | AJ55: 0 | AK55: 0 | AL55: 0 | AM55: 0 | AN55: 0 | AO55: 1489.5 | AP55: 0 | AQ55: 51182.95 | AR55: 0 | AS55: 0 | AT55: 0 | AU55: 42403.45 | AV55: 9660 | AW55: 0 | AX55: 0 | AY55: 0 | AZ55: 0 | BA55: 0 | BB55: 0 | BC55: 0 | BD55: =SUM(E55:BC55) -> 2662318.8 | BE55: =SUM(E55:W55) -> 0 | BF55: =SUM(X55:AI55) -> 2557582.9 | BG55: =SUM(AJ55:BC55) -> 104735.9
B57: 38 | D57: Charges extraordinaires | E57: =E58+E59+E60+E61+E62+E63 -> 13025.5 | F57: =F58+F59+F60+F61+F62+F63 -> 0 | G57: =G58+G59+G60+G61+G62+G63 -> 0 | H57: =H58+H59+H60+H61+H62+H63 -> 341 | I57: =I58+I59+I60+I61+I62+I63 -> 150011.7 | J57: =J58+J59+J60+J61+J62+J63 -> 191759.86 | K57: =K58+K59+K60+K61+K62+K63 -> 900000 | L57: =L58+L59+L60+L61+L62+L63 -> 0 | ... BG57: =BG58+BG59+BG60+BG61+BG62+BG63 -> 4574938.1
C58: 380 | D58: Charges extraordinaires du personnel administratif et d'exploitation | E58: 0 | F58: 0 | G58: 0 | H58: 0 | I58: 0 | J58: 0 | K58: 0 | L58: 0 | M58: 0 | N58: 0 | O58: 0 | P58: 0 | Q58: 0 | R58: 0 | S58: 0 | T58: 0 | U58: 0 | V58: 0 | W58: 0 | X58: 0 | Y58: 0 | Z58: 0 | AA58: 0 | AB58: 0 | AC58: 0 | AD58: 0 | AE58: 0 | AF58: 0 | AG58: 0 | AH58: 0 | AI58: 0 | AJ58: 0 | AK58: 0 | AL58: 0 | AM58: 0 | AN58: 0 | AO58: 0 | AP58: 0 | AQ58: 0 | AR58: 0 | AS58: 0 | AT58: 0 | AU58: 0 | AV58: 0 | AW58: 0 | AX58: 0 | AY58: 0 | AZ58: 0 | BA58: 0 | BB58: 0 | BC58: 0 | BD58: =SUM(E58:BC58) -> 0 | BE58: =SUM(E58:W58) -> 0 | BF58: =SUM(X58:AI58) -> 0 | BG58: =SUM(AJ58:BC58) -> 0
C59: 381 | D59: charges extraordinaires de biens et de services d'exploitation | E59: 0 | F59: 0 | G59: 0 | H59: 341 | I59: 0 | J59: 1400 | K59: 0 | L59: 0 | M59: 0 | N59: 0 | O59: 0 | P59: 0 | Q59: 0 | R59: 0 | S59: 0 | T59: 0 | U59: 0 | V59: 0 | W59: 0 | X59: 0 | Y59: 0 | Z59: 0 | AA59: 0 | AB59: 0 | AC59: 0 | AD59: 0 | AE59: 0 | AF59: 0 | AG59: 0 | AH59: 0 | AI59: 0 | AJ59: 0 | AK59: 0 | AL59: 0 | AM59: 0 | AN59: 0 | AO59: 0 | AP59: 0 | AQ59: 0 | AR59: 0 | AS59: 0 | AT59: 0 | AU59: 0 | AV59: 0 | AW59: 0 | AX59: 0 | AY59: 0 | AZ59: 0 | BA59: 0 | BB59: 0 | BC59: 0 | BD59: =SUM(E59:BC59) -> 1741 | BE59: =SUM(E59:W59) -> 1741 | BF59: =SUM(X59:AI59) -> 0 | BG59: =SUM(AJ59:BC59) -> 0
C60: 384 | D60: Charges extraordinaires financières et comptables | E60: 13025.5 | F60: 0 | G60: 0 | H60: 0 | I60: 11.7 | J60: 0 | K60: 0 | L60: 0 | M60: 0 | N60: 0 | O60: 0 | P60: 0 | Q60: 0 | R60: 0 | S60: 0 | T60: 0 | U60: 0 | V60: 0 | W60: 0 | X60: 0 | Y60: 0 | Z60: 0 | AA60: 0 | AB60: 0 | AC60: 0 | AD60: 0 | AE60: 0 | AF60: 0 | AG60: 0 | AH60: 0 | AI60: 0 | AJ60: 0 | AK60: 0 | AL60: 0 | AM60: 0 | AN60: 0 | AO60: 0 | AP60: 0 | AQ60: 0 | AR60: 0 | AS60: 0 | AT60: 0 | AU60: 0 | AV60: 0 | AW60: 0 | AX60: 0 | AY60: 0 | AZ60: 0 | BA60: 0 | BB60: 0 | BC60: 0 | BD60: =SUM(E60:BC60) -> 13037.2 | BE60: =SUM(E60:W60) -> 13037.2 | BF60: =SUM(X60:AI60) -> 0 | BG60: =SUM(AJ60:BC60) -> 0
C61: 385 | D61: Attributions extraordinaires aux financements spéciaux | E61: 0 | F61: 0 | G61: 0 | H61: 0 | I61: 0 | J61: 0 | K61: 0 | L61: 0 | M61: 0 | N61: 0 | O61: 0 | P61: 0 | Q61: 0 | R61: 0 | S61: 0 | T61: 0 | U61: 0 | V61: 0 | W61: 0 | X61: 0 | Y61: 0 | Z61: 0 | AA61: 0 | AB61: 0 | AC61: 0 | AD61: 0 | AE61: 0 | AF61: 0 | AG61: 0 | AH61: 0 | AI61: 0 | AJ61: 0 | AK61: 0 | AL61: 0 | AM61: 0 | AN61: 0 | AO61: 0 | AP61: 0 | AQ61: 0 | AR61: 0 | AS61: 0 | AT61: 0 | AU61: 0 | AV61: 0 | AW61: 0 | AX61: 0 | AY61: 0 | AZ61: 0 | BA61: 0 | BB61: 0 | BC61: 0 | BD61: =SUM(E61:BC61) -> 0 | BE61: =SUM(E61:W61) -> 0 | BF61: =SUM(X61:AI61) -> 0 | BG61: =SUM(AJ61:BC61) -> 0
C62: 386 | D62: Charges de transfert extraordinaires au collectivités et aux tiers | E62: 0 | F62: 0 | G62: 0 | H62: 0 | I62: 0 | J62: 0 | K62: 0 | L62: 0 | M62: 0 | N62: 0 | O62: 0 | P62: 0 | Q62: 0 | R62: 0 | S62: 0 | T62: 0 | U62: 0 | V62: 0 | W62: 0 | X62: 0 | Y62: 0 | Z62: 0 | AA62: 0 | AB62: 0 | AC62: 0 | AD62: 0 | AE62: 0 | AF62: 0 | AG62: 0 | AH62: 0 | AI62: 0 | AJ62: 0 | AK62: 0 | AL62: 0 | AM62: 0 | AN62: 0 | AO62: 0 | AP62: 0 | AQ62: 0 | AR62: 0 | AS62: 0 | AT62: 0 | AU62: 0 | AV62: 0 | AW62: 0 | AX62: 0 | AY62: 0 | AZ62: 0 | BA62: 0 | BB62: 0 | BC62: 0 | BD62: =SUM(E62:BC62) -> 0 | BE62: =SUM(E62:W62) -> 0 | BF62: =SUM(X62:AI62) -> 0 | BG62: =SUM(AJ62:BC62) -> 0
C63: 389 | D63: Attributions au capital propre | E63: 0 | F63: 0 | G63: 0 | H63: 0 | I63: 150000 | J63: 190359.86 | K63: 900000 | L63: 0 | M63: 0 | N63: 0 | O63: 0 | P63: 0 | Q63: 0 | R63: 130000 | S63: 0 | T63: 0 | U63: 20000 | V63: 30000 | W63: 500000 | X63: 0 | Y63: 0 | Z63: 3397569.3 | AA63: 0 | AB63: 0 | AC63: 371205.37 | AD63: 0 | AE63: 460000 | AF63: 0 | AG63: 900000 | AH63: 0 | AI63: 80000 | AJ63: 470300.7 | AK63: 723729.2 | AL63: 0 | AM63: 15690.5 | AN63: 2170000 | AO63: 0 | AP63: 250000 | AQ63: 115000 | AR63: 217.68 | AS63: 0 | AT63: 300000 | AU63: 0 | AV63: 200000 | AW63: 0 | AX63: 0 | AY63: 250000 | AZ63: 0 | BA63: 0 | BB63: 0 | BC63: 80000 | BD63: =SUM(E63:BC63) -> 11704073 | BE63: =SUM(E63:W63) -> 1920359.9 | BF63: =SUM(X63:AI63) -> 5208774.7 | BG63: =SUM(AJ63:BC63) -> 4574938.1
B65: 39 | D65: Imputations internes | E65: =E66+E67+E68+E69+E70+E71+E72+E73 -> 0 | F65: =F66+F67+F68+F69+F70+F71+F72+F73 -> 27370.26 | G65: =G66+G67+G68+G69+G70+G71+G72+G73 -> 6509.25 | H65: =H66+H67+H68+H69+H70+H71+H72+H73 -> 55508.8 | I65: =I66+I67+I68+I69+I70+I71+I72+I73 -> 319450 | J65: =J66+J67+J68+J69+J70+J71+J72+J73 -> 91570 | K65: =K66+K67+K68+K69+K70+K71+K72+K73 -> 216161.1 | L65: =L66+L67+L68+L69+L70+L71+L72+L73 -> 5081197.2 | ... BG65: =BG66+BG67+BG68+BG69+BG70+BG71+BG72+BG73 -> 722432.51
C66: 390 | D66: Approvisionnement en matériel et en marchandises | E66: 0 | F66: 200 | G66: 0 | H66: 0 | I66: 0 | J66: 0 | K66: 0 | L66: 165000 | M66: 1200 | N66: 0 | O66: 83159.4 | P66: 0 | Q66: 0 | R66: 0 | S66: 0 | T66: 0 | U66: 0 | V66: 0 | W66: 15000 | X66: 0 | Y66: 0 | Z66: 467427 | AA66: 0 | AB66: 0 | AC66: 1350 | AD66: 0 | AE66: 0 | AF66: 5860.55 | AG66: 0 | AH66: 0 | AI66: 0 | AJ66: 0 | AK66: 0 | AL66: 0 | AM66: 0 | AN66: 0 | AO66: 800 | AP66: 0 | AQ66: 0 | AR66: 0 | AS66: 0 | AT66: 0 | AU66: 0 | AV66: 0 | AW66: 0 | AX66: 0 | AY66: 0 | AZ66: 0 | BA66: 0 | BB66: 0 | BC66: 0 | BD66: =SUM(E66:BC66) -> 739996.95 | BE66: =SUM(E66:W66) -> 264559.4 | BF66: =SUM(X66:AI66) -> 474637.55 | BG66: =SUM(AJ66:BC66) -> 800
C67: 391 | D67: Prestations de services | E67: 0 | F67: 5207.35 | G67: 4579 | H67: 55152.8 | I67: 8500 | J67: 91570 | K67: 123955 | L67: 1558160.1 | M67: 59255.15 | N67: 0 | O67: 233930 | P67: 13217.6 | Q67: 0 | R67: 69791.65 | S67: 0 | T67: 0 | U67: 0 | V67: 73000 | W67: 92400 | X67: 0 | Y67: 0 | Z67: 0 | AA67: 0 | AB67: 0 | AC67: 43105.9 | AD67: 11819 | AE67: 105587.15 | AF67: 8718.9 | AG67: 30900 | AH67: 0 | AI67: 0 | AJ67: 93000 | AK67: 0 | AL67: 2993.7 | AM67: 11541.94 | AN67: 37093.45 | AO67: 64038.9 | AP67: 0 | AQ67: 0 | AR67: 0 | AS67: 53582.2 | AT67: 2000 | AU67: 136589.6 | AV67: 0 | AW67: 0 | AX67: 0 | AY67: 101282.25 | AZ67: 0 | BA67: 47620.45 | BB67: 0 | BC67: 15500 | BD67: =SUM(E67:BC67) -> 3154092.1 | BE67: =SUM(E67:W67) -> 2388718.7 | BF67: =SUM(X67:AI67) -> 200130.95 | BG67: =SUM(AJ67:BC67) -> 565242.49
C68: 392 | D68: Loyer, baux à ferme et frais d'utilisation | E68: 0 | F68: 0 | G68: 0 | H68: 0 | I68: 0 | J68: 0 | K68: 0 | L68: 120000 | M68: 0 | N68: 0 | O68: 0 | P68: 0 | Q68: 0 | R68: 0 | S68: 0 | T68: 0 | U68: 0 | V68: 0 | W68: 0 | X68: 0 | Y68: 0 | Z68: 84000 | AA68: 0 | AB68: 0 | AC68: 0 | AD68: 0 | AE68: 0 | AF68: 0 | AG68: 0 | AH68: 0 | AI68: 0 | AJ68: 0 | AK68: 0 | AL68: 0 | AM68: 0 | AN68: 0 | AO68: 0 | AP68: 0 | AQ68: 0 | AR68: 0 | AS68: 0 | AT68: 0 | AU68: 0 | AV68: 0 | AW68: 0 | AX68: 0 | AY68: 0 | AZ68: 0 | BA68: 0 | BB68: 0 | BC68: 0 | BD68: =SUM(E68:BC68) -> 204000 | BE68: =SUM(E68:W68) -> 120000 | BF68: =SUM(X68:AI68) -> 84000 | BG68: =SUM(AJ68:BC68) -> 0
C69: 393 | D69: Frais administratifs et d'exploitation | E69: 0 | F69: 0 | G69: 1930.25 | H69: 0 | I69: 0 | J69: 0 | K69: 15054 | L69: 0 | M69: 0 | N69: 0 | O69: 0 | P69: 0 | Q69: 0 | R69: 0 | S69: 0 | T69: 0 | U69: 0 | V69: 0 | W69: 6000 | X69: 0 | Y69: 0 | Z69: 0 | AA69: 0 | AB69: 0 | AC69: 0 | AD69: 0 | AE69: 0 | AF69: 0 | AG69: 0 | AH69: 0 | AI69: 0 | AJ69: 0 | AK69: 0 | AL69: 0 | AM69: 0 | AN69: 0 | AO69: 0 | AP69: 0 | AQ69: 0 | AR69: 1000 | AS69: 0 | AT69: 0 | AU69: 0 | AV69: 0 | AW69: 0 | AX69: 0 | AY69: 0 | AZ69: 0 | BA69: 0 | BB69: 0 | BC69: 0 | BD69: =SUM(E69:BC69) -> 23984.25 | BE69: =SUM(E69:W69) -> 22984.25 | BF69: =SUM(X69:AI69) -> 0 | BG69: =SUM(AJ69:BC69) -> 1000
C70: 394 | D70: Intérêts et charges financières théoriques | E70: 0 | F70: 21962.91 | G70: 0 | H70: 0 | I70: 310950 | J70: 0 | K70: 77152.1 | L70: 820982 | M70: 31236.41 | N70: 0 | O70: 0 | P70: 0 | Q70: 0 | R70: 0 | S70: 0 | T70: 0 | U70: 0 | V70: 0 | W70: 0 | X70: 0 | Y70: 0 | Z70: 0 | AA70: 0 | AB70: 0 | AC70: 0 | AD70: 0 | AE70: 0 | AF70: 0 | AG70: 0 | AH70: 0 | AI70: 0 | AJ70: 0 | AK70: 56246.85 | AL70: 0 | AM70: 0 | AN70: 0 | AO70: 34108.15 | AP70: 0 | AQ70: 0 | AR70: 49915.37 | AS70: 0 | AT70: 0 | AU70: 0 | AV70: 0 | AW70: 7519.65 | AX70: 0 | AY70: 0 | AZ70: 0 | BA70: 0 | BB70: 0 | BC70: 0 | BD70: =SUM(E70:BC70) -> 1410073.4 | BE70: =SUM(E70:W70) -> 1262283.4 | BF70: =SUM(X70:AI70) -> 0 | BG70: =SUM(AJ70:BC70) -> 147790.02
C71: 395 | D71: Amortissements planifiés et non planifiés du PA | E71: 0 | F71: 0 | G71: 0 | H71: 356 | I71: 0 | J71: 0 | K71: 0 | L71: 0 | M71: 0 | N71: 0 | O71: 0 | P71: 0 | Q71: 0 | R71: 0 | S71: 0 | T71: 0 | U71: 0 | V71: 0 | W71: 0 | X71: 0 | Y71: 0 | Z71: 0 | AA71: 0 | AB71: 0 | AC71: 0 | AD71: 0 | AE71: 0 | AF71: 0 | AG71: 0 | AH71: 0 | AI71: 0 | AJ71: 0 | AK71: 0 | AL71: 0 | AM71: 0 | AN71: 0 | AO71: 0 | AP71: 0 | AQ71: 0 | AR71: 0 | AS71: 0 | AT71: 0 | AU71: 0 | AV71: 0 | AW71: 0 | AX71: 0 | AY71: 0 | AZ71: 0 | BA71: 0 | BB71: 0 | BC71: 0 | BD71: =SUM(E71:BC71) -> 356 | BE71: =SUM(E71:W71) -> 356 | BF71: =SUM(X71:AI71) -> 0 | BG71: =SUM(AJ71:BC71) -> 0
C72: 398 | D72: Virements comptables | E72: 0 | F72: 0 | G72: 0 | H72: 0 | I72: 0 | J72: 0 | K72: 0 | L72: 2417055 | M72: 0 | N72: 0 | O72: 0 | P72: 0 | Q72: 0 | R72: 0 | S72: 0 | T72: 0 | U72: 0 | V72: 0 | W72: 0 | X72: 0 | Y72: 0 | Z72: 0 | AA72: 0 | AB72: 0 | AC72: 0 | AD72: 0 | AE72: 0 | AF72: 0 | AG72: 0 | AH72: 0 | AI72: 0 | AJ72: 0 | AK72: 0 | AL72: 0 | AM72: 0 | AN72: 0 | AO72: 0 | AP72: 0 | AQ72: 0 | AR72: 0 | AS72: 0 | AT72: 0 | AU72: 0 | AV72: 0 | AW72: 0 | AX72: 0 | AY72: 0 | AZ72: 0 | BA72: 0 | BB72: 0 | BC72: 0 | BD72: =SUM(E72:BC72) -> 2417055 | BE72: =SUM(E72:W72) -> 2417055 | BF72: =SUM(X72:AI72) -> 0 | BG72: =SUM(AJ72:BC72) -> 0
C73: 399 | D73: Autres imputations internes | E73: 0 | F73: 0 | G73: 0 | H73: 0 | I73: 0 | J73: 0 | L73: 0 | M73: 0 | N73: 0 | O73: 0 | P73: 0 | Q73: 0 | R73: 0 | S73: 0 | T73: 0 | U73: 0 | V73: 0 | W73: 5400 | X73: 0 | Y73: 0 | Z73: 0 | AA73: 0 | AB73: 0 | AC73: 0 | AD73: 0 | AE73: 0 | AF73: 0 | AG73: 0 | AH73: 0 | AI73: 0 | AJ73: 0 | AK73: 0 | AL73: 0 | AM73: 0 | AN73: 0 | AO73: 0 | AP73: 0 | AQ73: 0 | AR73: 0 | AS73: 0 | AT73: 0 | AU73: 0 | AV73: 0 | AW73: 0 | AX73: 0 | AY73: 7600 | AZ73: 0 | BA73: 0 | BB73: 0 | BC73: 0 | BD73: =SUM(E73:BC73) -> 13000 | BE73: =SUM(E73:W73) -> 5400 | BF73: =SUM(X73:AI73) -> 0 | BG73: =SUM(AJ73:BC73) -> 7600
A76: 4 | D76: Revenus | E76: =E77+E83+E89+E100+E106+E118+E122+E129+E132+E141 -> 4173515.8 | F76: =F77+F83+F89+F100+F106+F118+F122+F129+F132+F141 -> 1250774.7 | G76: =G77+G83+G89+G100+G106+G118+G122+G129+G132+G141 -> 1723517.4 | H76: =H77+H83+H89+H100+H106+H118+H122+H129+H132+H141 -> 2249327.9 | I76: =I77+I83+I89+I100+I106+I118+I122+I129+I132+I141 -> 17577201 | J76: =J77+J83+J89+J100+J106+J118+J122+J129+J132+J141 -> 15225982 | K76: =K77+K83+K89+K100+K106+K118+K122+K129+K132+K141 -> 11966048 | L76: =L77+L83+L89+L100+L106+L118+L122+L129+L132+L141 -> 1.2124504e+08 | ... BG76: =BG77+BG83+BG89+BG100+BG106+BG118+BG122+BG129+BG132+BG141 -> 1.3262472e+08
B77: 40 | D77: Revenus fiscaux | E77: =E78+E79+E80+E81 -> 2880010.9 | F77: =F78+F79+F80+F81 -> 723578.55 | G77: =G78+G79+G80+G81 -> 926754.05 | H77: =H78+H79+H80+H81 -> 1094557.3 | I77: =I78+I79+I80+I81 -> 9689490.1 | J77: =J78+J79+J80+J81 -> 10053433 | K77: =K78+K79+K80+K81 -> 8417926.3 | L77: =L78+L79+L80+L81 -> 40830118 | ... BG77: =BG78+BG79+BG80+BG81 -> 80654620
C78: 400 | D78: Impôts directs des personnes physiques | E78: 2486627.6 | F78: 545589.65 | G78: 836100.5 | H78: 902667.22 | I78: 7837296 | J78: 7895666.1 | K78: 6471946 | L78: 30641401 | M78: 3258211.3 | N78: 239784.65 | O78: 16610307 | P78: 1090512.4 | Q78: 216393.85 | R78: 832417.12 | S78: 688469.69 | T78: 1918886.4 | U78: 485425.25 | V78: 979685.59 | W78: 7034524.5 | X78: 871239.75 | Y78: 4309636.1 | Z78: 3258859.7 | AA78: 275555.71 | AB78: 1222925.8 | AC78: 1947245.3 | AD78: 1337380.7 | AE78: 1557051.3 | AF78: 4782382.6 | AG78: 6594451.1 | AH78: 415278.1 | AI78: 252711.16 | AJ78: 5075458.6 | AK78: 2230199.1 | AL78: 2529283.1 | AM78: 326220.4 | AN78: 4263031.2 | AO78: 1562823.9 | AP78: 1856244.4 | AQ78: 2398664.9 | AR78: 1677604.1 | AS78: 2439407.4 | AT78: 742226.45 | AU78: 5295929 | AV78: 2144192 | AW78: 626503.13 | AX78: 773798.4 | AY78: 4511508 | AZ78: 718141.5 | BA78: 2938241.1 | BB78: 18389292 | BC78: 1379216.7 | BD78: =SUM(E78:BC78) -> 1.7967461e+08 | BE78: =SUM(E78:W78) -> 90971912 | BF78: =SUM(X78:AI78) -> 26824717 | BG78: =SUM(AJ78:BC78) -> 61877985
C79: 401 | D79: Impôts directs des personnes morales | E79: 167849.81 | F79: 31072.85 | G79: -23744.65 | H79: 27430.2 | I79: 250202.95 | J79: 1118275.9 | K79: 1223349.1 | L79: 5362165.5 | M79: 401506.1 | N79: 9754.25 | O79: 223480.36 | P79: 29291.65 | Q79: 518.85 | R79: 34443.65 | S79: 19888.15 | T79: 56848.25 | U79: 48338.05 | V79: 331629.2 | W79: 434677.3 | X79: 12187.15 | Y79: 157817.2 | Z79: 9968346.9 | AA79: 7009.7 | AB79: -69582.3 | AC79: 56189.5 | AD79: 32701.65 | AE79: 48755.7 | AF79: 2349885.1 | AG79: 822202.45 | AH79: 25498.5 | AI79: 9041.4 | AJ79: 195853.65 | AK79: 82880.07 | AL79: 135929.1 | AM79: 7462.75 | AN79: 3999805.3 | AO79: -442724.65 | AP79: 113951.45 | AQ79: 166659.55 | AR79: 31264.74 | AS79: 139296.12 | AT79: 214680.15 | AU79: 775572.5 | AV79: 154295.55 | AW79: 67572.25 | AX79: 13792.11 | AY79: 224872 | AZ79: 17289.4 | BA79: 32526.35 | BB79: 3144327.6 | BC79: 69600.72 | BD79: =SUM(E79:BC79) -> 32311937 | BE79: =SUM(E79:W79) -> 9746977.3 | BF79: =SUM(X79:AI79) -> 13420053 | BG79: =SUM(AJ79:BC79) -> 9144906.8
C80: 402 | D80: Autres impôts directs | E80: 212821.75 | F80: 141998.05 | G80: 108936.6 | H80: 161599.9 | I80: 1549409.5 | J80: 1006708.8 | K80: 701452.45 | L80: 4720047.4 | M80: 449218.85 | N80: 16956.6 | O80: 2180909.1 | P80: 268368.81 | Q80: 30917.6 | R80: 184325.16 | S80: 100970.65 | T80: 222232.88 | U80: 64867.35 | V80: 136874.45 | W80: 1388611.9 | X80: 99902.15 | Y80: 602057.55 | Z80: 514281.85 | AA80: 61834.15 | AB80: 156373.95 | AC80: 314249.85 | AD80: 267608.3 | AE80: 251673.1 | AF80: 623413.7 | AG80: 975123.59 | AH80: 45023.97 | AI80: 123896.05 | AJ80: 785511.14 | AK80: 382204.22 | AL80: 406947.64 | AM80: 50117.9 | AN80: 432908.07 | AO80: 202688.55 | AP80: 250163.55 | AQ80: 551249.09 | AR80: 291603.05 | AS80: 333108.9 | AT80: 78513 | AU80: 832553.45 | AV80: 327653.45 | AW80: 196766.55 | AX80: 131198.67 | AY80: 678284.1 | AZ80: 161392.5 | BA80: 426000.79 | BB80: 2455228.1 | BC80: 190317.55 | BD80: =SUM(E80:BC80) -> 26847076 | BE80: =SUM(E80:W80) -> 13647228 | BF80: =SUM(X80:AI80) -> 4035438.2 | BG80: =SUM(AJ80:BC80) -> 9164410.3
C81: 403 | D81: Impôts sur la possession et les dépenses | E81: 12711.65 | F81: 4918 | G81: 5461.6 | H81: 2860 | I81: 52581.6 | J81: 32782 | K81: 21178.8 | L81: 106503.8 | M81: 5943 | N81: 2974.4 | O81: 57045.8 | P81: 4357.35 | Q81: 4500 | R81: 15726.85 | S81: 11681.25 | T81: 3780 | U81: 11617.25 | V81: 5800.2 | W81: 42518.3 | X81: 27671.2 | Y81: 29213.2 | Z81: 22072.35 | AA81: 3039 | AB81: 10912.6 | AC81: 16400.8 | AD81: 44637.6 | AE81: 10380.2 | AF81: 25104.2 | AG81: 80217.4 | AH81: 5890 | AI81: 43209.9 | AJ81: 11133.4 | AK81: 55024.4 | AL81: 21415.7 | AM81: 6161.8 | AN81: 2148.2 | AO81: 12133.6 | AP81: 7910 | AQ81: 123473.8 | AR81: 8833.2 | AS81: 14639.6 | AT81: 5171.2 | AU81: 13765.6 | AV81: 5487.2 | AW81: 2233.15 | AX81: 7220 | AY81: 23435.2 | AZ81: 16373.3 | BA81: 66520 | BB81: 56135.2 | BC81: 8103 | BD81: =SUM(E81:BC81) -> 1191007.8 | BE81: =SUM(E81:W81) -> 404941.85 | BF81: =SUM(X81:AI81) -> 318748.45 | BG81: =SUM(AJ81:BC81) -> 467317.55
B83: 41 | D83: Revenus de patentes et de concessions | E83: =E84+E85+E86+E87 -> 0 | F83: =F84+F85+F86+F87 -> 11770.75 | G83: =G84+G85+G86+G87 -> 0 | H83: =H84+H85+H86+H87 -> 0 | I83: =I84+I85+I86+I87 -> 4749.75 | J83: =J84+J85+J86+J87 -> 0 | K83: =K84+K85+K86+K87 -> 0 | L83: =L84+L85+L86+L87 -> 0 | ... BG83: =BG84+BG85+BG86+BG87 -> 152906.9
C84: 410 | D84: Revenus de patentes | E84: 0 | F84: 0 | G84: 0 | H84: 0 | I84: 0 | J84: 0 | K84: 0 | L84: 0 | M84: 0 | N84: 0 | O84: 0 | P84: 0 | Q84: 0 | R84: 2084 | S84: 0 | T84: 0 | U84: 0 | V84: 0 | W84: 0 | X84: 0 | Y84: 0 | Z84: 0 | AA84: 0 | AB84: 0 | AC84: 0 | AD84: 0 | AE84: 0 | AF84: 0 | AG84: 2798 | AH84: 0 | AI84: 0 | AJ84: 0 | AK84: 0 | AL84: 0 | AM84: 0 | AN84: 0 | AO84: 0 | AP84: 0 | AQ84: 0 | AR84: 1200 | AS84: 0 | AT84: 0 | AU84: 0 | AV84: 0 | AW84: 0 | AX84: 0 | AY84: 0 | AZ84: 0 | BA84: 0 | BB84: 0 | BC84: 250 | BD84: =SUM(E84:BC84) -> 6332 | BE84: =SUM(E84:W84) -> 2084 | BF84: =SUM(X84:AI84) -> 2798 | BG84: =SUM(AJ84:BC84) -> 1450
C85: 411 | D85: Revenus de la Banque Nationale | E85: 0 | F85: 0 | G85: 0 | H85: 0 | I85: 0 | J85: 0 | K85: 0 | L85: 0 | M85: 0 | N85: 0 | O85: 0 | P85: 0 | Q85: 0 | R85: 0 | S85: 0 | T85: 0 | U85: 0 | V85: 0 | W85: 0 | X85: 0 | Y85: 0 | Z85: 0 | AA85: 0 | AB85: 0 | AC85: 0 | AD85: 0 | AE85: 0 | AF85: 0 | AG85: 0 | AH85: 0 | AI85: 0 | AJ85: 0 | AK85: 0 | AL85: 0 | AM85: 0 | AN85: 0 | AO85: 0 | AP85: 0 | AQ85: 0 | AR85: 0 | AS85: 0 | AT85: 0 | AU85: 0 | AV85: 0 | AW85: 0 | AX85: 0 | AY85: 0 | AZ85: 0 | BA85: 0 | BB85: 0 | BC85: 0 | BD85: =SUM(E85:BC85) -> 0 | BE85: =SUM(E85:W85) -> 0 | BF85: =SUM(X85:AI85) -> 0 | BG85: =SUM(AJ85:BC85) -> 0
C86: 412 | D86: Revenus des concessions | E86: 0 | F86: 11770.75 | G86: 0 | H86: 0 | I86: 4749.75 | J86: 0 | K86: 0 | L86: 0 | M86: 50238.45 | N86: 0 | O86: 65826.55 | P86: 10735 | Q86: 0 | R86: 0 | S86: 8627.25 | T86: 0 | U86: 0 | V86: 0 | W86: 7233 | X86: 0 | Y86: 0 | Z86: 633477.1 | AA86: 292 | AB86: 0 | AC86: 0 | AD86: 0 | AE86: 16873 | AF86: 3000 | AG86: 83448 | AH86: 25655.95 | AI86: 8228.1 | AJ86: 0 | AK86: 0 | AL86: 0 | AM86: 0 | AN86: 0 | AO86: 0 | AP86: 0 | AQ86: 306 | AR86: 4475.25 | AS86: 58558.8 | AT86: 0 | AU86: 8500 | AV86: 0 | AW86: 8070 | AX86: 0 | AY86: 5515.7 | AZ86: 0 | BA86: 63671.15 | BB86: 2360 | BC86: 0 | BD86: =SUM(E86:BC86) -> 1081611.8 | BE86: =SUM(E86:W86) -> 159180.75 | BF86: =SUM(X86:AI86) -> 770974.15 | BG86: =SUM(AJ86:BC86) -> 151456.9
C87: 413 | D87: Parts des revenus de loterie et paris | E87: 0 | F87: 0 | G87: 0 | H87: 0 | I87: 0 | J87: 0 | K87: 0 | L87: 0 | M87: 0 | N87: 0 | O87: 0 | P87: 0 | Q87: 0 | R87: 0 | S87: 0 | T87: 0 | U87: 0 | V87: 0 | W87: 0 | X87: 0 | Y87: 0 | Z87: 0 | AA87: 0 | AB87: 0 | AC87: 0 | AD87: 0 | AE87: 0 | AF87: 0 | AG87: 0 | AH87: 0 | AI87: 0 | AJ87: 0 | AK87: 0 | AL87: 0 | AM87: 0 | AN87: 0 | AO87: 0 | AP87: 0 | AQ87: 0 | AR87: 0 | AS87: 0 | AT87: 0 | AU87: 0 | AV87: 0 | AW87: 0 | AX87: 0 | AY87: 0 | AZ87: 0 | BA87: 0 | BB87: 0 | BC87: 0 | BD87: =SUM(E87:BC87) -> 0 | BE87: =SUM(E87:W87) -> 0 | BF87: =SUM(X87:AI87) -> 0 | BG87: =SUM(AJ87:BC87) -> 0
B89: 42 | D89: Taxes | E89: =E90+E91+E92+E93+E94+E95+E96+E97+E98 -> 726475.41 | F89: =F90+F91+F92+F93+F94+F95+F96+F97+F98 -> 220371.15 | G89: =G90+G91+G92+G93+G94+G95+G96+G97+G98 -> 283681.6 | H89: =H90+H91+H92+H93+H94+H95+H96+H97+H98 -> 778797.76 | I89: =I90+I91+I92+I93+I94+I95+I96+I97+I98 -> 4467397.5 | J89: =J90+J91+J92+J93+J94+J95+J96+J97+J98 -> 3421399.9 | K89: =K90+K91+K92+K93+K94+K95+K96+K97+K98 -> 1925384 | L89: =L90+L91+L92+L93+L94+L95+L96+L97+L98 -> 44236569 | ... BG89: =BG90+BG91+BG92+BG93+BG94+BG95+BG96+BG97+BG98 -> 21520490
C90: 420 | D90: Taxes d'exemption et de compensation | E90: 37584.35 | F90: 8420.5 | G90: 19803.5 | H90: 14797.05 | I90: 151163.9 | J90: 156248 | K90: 134507.05 | L90: 505027.54 | M90: 57050.75 | N90: 1188.05 | O90: 310302.5 | P90: 17541.85 | Q90: 2967 | R90: 14750.05 | S90: 11577.5 | T90: 42723.7 | U90: 10864.85 | V90: 17399.45 | W90: 116683.85 | X90: 9109.4 | Y90: 49464.1 | Z90: 69774.65 | AA90: 4671.5 | AB90: 17844.65 | AC90: 45752.5 | AD90: 19938.75 | AE90: 6395.65 | AF90: 90793.65 | AG90: 111784.25 | AH90: 6675.25 | AI90: 2309.6 | AJ90: 76576.5 | AK90: 26976.45 | AL90: 31460.05 | AM90: 2414.35 | AN90: 26716.6 | AO90: 12575.8 | AP90: 18035.5 | AQ90: 38476.1 | AR90: 30424.9 | AS90: 37463.35 | AT90: 9442.6 | AU90: 0 | AV90: 21448.4 | AW90: 9699.5 | AX90: 5905.3 | AY90: 55577.75 | AZ90: 8922.7 | BA90: 30197.75 | BB90: 205392.65 | BC90: 14036.5 | BD90: =SUM(E90:BC90) -> 2726858.1 | BE90: =SUM(E90:W90) -> 1630601.4 | BF90: =SUM(X90:AI90) -> 434513.95 | BG90: =SUM(AJ90:BC90) -> 661742.75
C91: 421 | D91: Emoluments administratif | E91: 12592.43 | F91: 3119.3 | G91: 1610.25 | H91: 11459.6 | I91: 95662.88 | J91: 43827.53 | K91: 35860.8 | L91: 991792.1 | M91: 18519.05 | N91: 1166.8 | O91: 245965.05 | P91: 15867.81 | Q91: 4550.75 | R91: 11286.5 | S91: 34183.72 | T91: 9584.52 | U91: 1792.75 | V91: 18901.45 | W91: 51464.4 | X91: 3893.4 | Y91: 8782 | Z91: 12742.2 | AA91: 1575.5 | AB91: 0 | AC91: 17853.17 | AD91: 5346.3 | AE91: 6319.55 | AF91: 32675.88 | AG91: 37689 | AH91: 2831.75 | AI91: 1069 | AJ91: 47036.63 | AK91: 13305.75 | AL91: 16883.96 | AM91: 1127.5 | AN91: 43669.27 | AO91: 18314.75 | AP91: 9442.45 | AQ91: 35771.6 | AR91: 7108.95 | AS91: 15384.15 | AT91: 7764.36 | AU91: 47794.7 | AV91: 18820.46 | AW91: 11691.65 | AX91: -29.4 | AY91: 33070.06 | AZ91: 6197.75 | BA91: 17436.9 | BB91: 654728.17 | BC91: 7804.95 | BD91: =SUM(E91:BC91) -> 2753310 | BE91: =SUM(E91:W91) -> 1609207.7 | BF91: =SUM(X91:AI91) -> 130777.75 | BG91: =SUM(AJ91:BC91) -> 1013324.6
C92: 422 | D92: Taxes et émoluments hospitaliers et médico-sociaux et foyers | E92: 0 | F92: 0 | G92: 0 | H92: 0 | I92: 0 | J92: 0 | K92: 0 | L92: 0 | M92: 0 | N92: 0 | O92: 0 | P92: 0 | Q92: 0 | R92: 0 | S92: 0 | T92: 0 | U92: 0 | V92: 0 | W92: 0 | X92: 0 | Y92: 0 | Z92: 0 | AA92: 0 | AB92: 0 | AC92: 0 | AD92: 0 | AE92: 0 | AF92: 0 | AG92: 0 | AH92: 0 | AI92: 0 | AJ92: 0 | AK92: 0 | AL92: 0 | AM92: 0 | AN92: 0 | AO92: 0 | AP92: 0 | AQ92: 0 | AR92: 0 | AS92: 0 | AT92: 0 | AU92: 0 | AV92: 0 | AW92: 0 | AX92: 0 | AY92: 0 | AZ92: 0 | BA92: 0 | BB92: 0 | BC92: 0 | BD92: =SUM(E92:BC92) -> 0 | BE92: =SUM(E92:W92) -> 0 | BF92: =SUM(X92:AI92) -> 0 | BG92: =SUM(AJ92:BC92) -> 0
C93: 423 | D93: Frais d'écolage | E93: 1360 | F93: 0 | G93: 0 | H93: 0 | I93: 11605 | J93: 0 | K93: 0 | L93: 37443 | M93: 2087.1 | N93: 0 | O93: 0 | P93: 0 | Q93: 0 | R93: 4800 | S93: 3000 | T93: 0 | U93: 0 | V93: 4900 | W93: 6750 | X93: 31150.1 | Y93: 0 | Z93: 223983.55 | AA93: 0 | AB93: 0 | AC93: 0 | AD93: 0 | AE93: 0 | AF93: 0 | AG93: 142084.27 | AH93: 0 | AI93: 0 | AJ93: 0 | AK93: 0 | AL93: 22826 | AM93: 0 | AN93: 0 | AO93: 0 | AP93: 0 | AQ93: 10056 | AR93: 41505 | AS93: 0 | AT93: 14940 | AU93: 0 | AV93: 0 | AW93: 0 | AX93: 0 | AY93: 0 | AZ93: 7074.65 | BA93: 17667.15 | BB93: 60986.65 | BC93: 0 | BD93: =SUM(E93:BC93) -> 644218.47 | BE93: =SUM(E93:W93) -> 71945.1 | BF93: =SUM(X93:AI93) -> 397217.92 | BG93: =SUM(AJ93:BC93) -> 175055.45
C94: 424 | D94: Taxes d'utilisation et de prestation de services | E94: 626477.23 | F94: 202982.5 | G94: 247505 | H94: 717948.8 | I94: 4008568.2 | J94: 3139655.1 | K94: 1411879.6 | L94: 42070173 | M94: 2577624.6 | N94: 47582.3 | O94: 3918322.1 | P94: 126814.81 | Q94: 49436.45 | R94: 194658.2 | S94: 204880.55 | T94: 800498.81 | U94: 143320 | V94: 175689.75 | W94: 1434530.7 | X94: 240471.35 | Y94: 1042156.2 | Z94: 1454787.7 | AA94: 90273.6 | AB94: 485040.45 | AC94: 471891.45 | AD94: 425766.75 | AE94: 387744.2 | AF94: 1426165.5 | AG94: 2401635.1 | AH94: 176279.75 | AI94: 111354.85 | AJ94: 1122420.9 | AK94: 623524.48 | AL94: 580847.49 | AM94: 85998.8 | AN94: 1159462.2 | AO94: 577104.4 | AP94: 308926.94 | AQ94: 864097.05 | AR94: 275836 | AS94: 701678.45 | AT94: 138791.4 | AU94: 1178988.1 | AV94: 389670.7 | AW94: 169283.25 | AX94: 208133.5 | AY94: 760094.46 | AZ94: 294566.65 | BA94: 851797.28 | BB94: 5583205.9 | BC94: 247749.75 | BD94: =SUM(E94:BC94) -> 86934293 | BE94: =SUM(E94:W94) -> 62098548 | BF94: =SUM(X94:AI94) -> 8713566.9 | BG94: =SUM(AJ94:BC94) -> 16122178
C95: 425 | D95: Revenus des ventes | E95: 9021.8 | F95: 2023 | G95: 2548.7 | H95: 720 | I95: 44728.2 | J95: 28413.93 | K95: 17212.37 | L95: 221347.65 | M95: 88784.4 | N95: 0 | O95: 116735.5 | P95: 24336.66 | Q95: 759.65 | R95: 9732.65 | S95: 574.15 | T95: 0 | U95: 1886.5 | V95: 12705.87 | W95: 39047.26 | X95: 67888.7 | Y95: 35360.05 | Z95: 14287 | AA95: 71165.33 | AB95: 208166.35 | AC95: 176306.85 | AD95: 76183.73 | AE95: 375652.44 | AF95: 300897.77 | AG95: 199299.96 | AH95: 63781.65 | AI95: 16659.5 | AJ95: 159936 | AK95: 481580.15 | AL95: 578.2 | AM95: 45903.6 | AN95: 0 | AO95: 233858.61 | AP95: 8566.9 | AQ95: 133989.6 | AR95: 179155.75 | AS95: 95305.15 | AT95: 59191.66 | AU95: 154731.5 | AV95: 79084.41 | AW95: 153273.35 | AX95: 1772 | AY95: 225919.65 | AZ95: 2634.85 | BA95: 8363.7 | BB95: 90747.99 | BC95: 161238.85 | BD95: =SUM(E95:BC95) -> 4502059.5 | BE95: =SUM(E95:W95) -> 620578.29 | BF95: =SUM(X95:AI95) -> 1605649.3 | BG95: =SUM(AJ95:BC95) -> 2275831.9
C96: 426 | D96: remboursements | E96: 39139.6 | F96: 3825.85 | G96: 12214.15 | H96: 33872.31 | I96: 154749.25 | J96: 53095.32 | K96: 325924.12 | L96: 301834.48 | M96: 114594.78 | N96: 0 | O96: 331044.54 | P96: 43436.45 | Q96: 695.5 | R96: 23793.4 | S96: 25769.75 | T96: 130626 | U96: 38117.75 | V96: 9662.1 | W96: 69424.8 | X96: 5644.7 | Y96: 57532.1 | Z96: 23634 | AA96: 4616.3 | AB96: 39074.4 | AC96: 22771.6 | AD96: 37119.45 | AE96: 8681.35 | AF96: 28432.45 | AG96: 86984.95 | AH96: 30418.48 | AI96: 10673.03 | AJ96: 32865 | AK96: 27167.32 | AL96: 104502.5 | AM96: 11173.9 | AN96: 952.95 | AO96: 52794.95 | AP96: 49603.2 | AQ96: 83338 | AR96: 26590.2 | AS96: 30053.58 | AT96: 3814.25 | AU96: 84785.6 | AV96: 17786.25 | AW96: 1044.75 | AX96: 14915 | AY96: 63943.5 | AZ96: 25998.88 | BA96: 150722.45 | BB96: 299344.08 | BC96: 23982.15 | BD96: =SUM(E96:BC96) -> 3172781.5 | BE96: =SUM(E96:W96) -> 1711820.1 | BF96: =SUM(X96:AI96) -> 355582.81 | BG96: =SUM(AJ96:BC96) -> 1105378.5
C97: 427 | D97: Amendes | E97: 300 | F97: 0 | G97: 0 | H97: 0 | I97: 920 | J97: 160 | K97: 0 | L97: 108951.28 | M97: 0 | N97: 0 | O97: 13910 | P97: 0 | Q97: 0 | R97: 0 | S97: 200 | T97: 100 | U97: 0 | V97: 0 | W97: 0 | X97: 0 | Y97: 1000 | Z97: 0 | AA97: 0 | AB97: 0 | AC97: 0 | AD97: 0 | AE97: 0 | AF97: 1930 | AG97: 22168 | AH97: 0 | AI97: 0 | AJ97: 0 | AK97: 0 | AL97: 0 | AM97: 0 | AN97: 200 | AO97: 0 | AP97: 0 | AQ97: 220 | AR97: 0 | AS97: 0 | AT97: 0 | AU97: 2050 | AV97: 0 | AW97: 0 | AX97: 0 | AY97: 900 | AZ97: 0 | BA97: 300 | BB97: 152483.6 | BC97: 1142 | BD97: =SUM(E97:BC97) -> 306934.88 | BE97: =SUM(E97:W97) -> 124541.28 | BF97: =SUM(X97:AI97) -> 25098 | BG97: =SUM(AJ97:BC97) -> 157295.6
C98: 429 | D98: Autres taxes et compensations | E98: 0 | F98: 0 | G98: 0 | H98: 0 | I98: 0 | J98: 0 | K98: 0 | L98: 0 | M98: 0 | N98: 0 | O98: 18345.3 | P98: 0 | Q98: 0 | R98: 0 | S98: 0 | T98: 0 | U98: 604.35 | V98: 0 | W98: 0 | X98: 1368.75 | Y98: 0 | Z98: 97990.4 | AA98: 868.3 | AB98: 0 | AC98: 470 | AD98: 0 | AE98: 0 | AF98: 0 | AG98: 0 | AH98: 0 | AI98: 3507.05 | AJ98: 0 | AK98: 0 | AL98: 0 | AM98: 0 | AN98: 9683.25 | AO98: 0 | AP98: 0 | AQ98: 0 | AR98: 0 | AS98: 0 | AT98: 0 | AU98: 0 | AV98: 0 | AW98: 0 | AX98: 0 | AY98: 0 | AZ98: 0 | BA98: 0 | BB98: 0 | BC98: 0 | BD98: =SUM(E98:BC98) -> 132837.4 | BE98: =SUM(E98:W98) -> 18949.65 | BF98: =SUM(X98:AI98) -> 104204.5 | BG98: =SUM(AJ98:BC98) -> 9683.25
B100: 43 | D100: Revenus divers | E100: =E101+E102+E103+E104 -> 0 | F100: =F101+F102+F103+F104 -> 1769.8 | G100: =G101+G102+G103+G104 -> 0 | H100: =H101+H102+H103+H104 -> 0 | I100: =I101+I102+I103+I104 -> 0 | J100: =J101+J102+J103+J104 -> 0 | K100: =K101+K102+K103+K104 -> 0 | L100: =L101+L102+L103+L104 -> 2119262.8 | ... BG100: =BG101+BG102+BG103+BG104 -> 50626.51
C101: 430 | D101: Revenus divers d'exploitation | E101: 0 | F101: 1769.8 | G101: 0 | H101: 0 | I101: 0 | J101: 0 | K101: 0 | L101: 2119262.8 | M101: 8390.95 | N101: 0 | O101: 0 | P101: 0 | Q101: 0 | R101: 0 | S101: 0 | T101: 0 | U101: 0 | V101: 1200 | W101: 6533.06 | X101: 0 | Y101: 250 | Z101: 0 | AA101: 4000 | AB101: 0 | AC101: 2841.11 | AD101: 0 | AE101: 0 | AF101: 0 | AG101: 51235.1 | AH101: 0 | AI101: 0 | AJ101: 0 | AK101: 26974.6 | AL101: 0 | AM101: 0 | AN101: 0 | AO101: 0 | AP101: 0 | AQ101: 111 | AR101: 0 | AS101: 0 | AT101: 0 | AU101: 0 | AV101: 0 | AW101: 0 | AX101: 0 | AY101: 0 | AZ101: 0 | BA101: 5491 | BB101: 16219.91 | BC101: 0 | BD101: =SUM(E101:BC101) -> 2244279.3 | BE101: =SUM(E101:W101) -> 2137156.6 | BF101: =SUM(X101:AI101) -> 58326.21 | BG101: =SUM(AJ101:BC101) -> 48796.51
C102: 431 | D102: Inscriptions de prestations propres portées à l'actif | E102: 0 | F102: 0 | G102: 0 | H102: 0 | I102: 0 | J102: 0 | K102: 0 | L102: 0 | M102: 0 | N102: 0 | O102: 50452.5 | P102: 0 | Q102: 0 | R102: 0 | S102: 0 | T102: 0 | U102: 0 | V102: 0 | W102: 0 | X102: 0 | Y102: 0 | Z102: 0 | AA102: 4062.35 | AB102: 0 | AC102: 0 | AD102: 0 | AE102: 0 | AF102: 0 | AG102: 0 | AH102: 0 | AI102: 0 | AJ102: 0 | AK102: 0 | AL102: 0 | AM102: 0 | AN102: 0 | AO102: 0 | AP102: 0 | AQ102: 0 | AR102: 0 | AS102: 0 | AT102: 0 | AU102: 0 | AV102: 0 | AW102: 0 | AX102: 0 | AY102: 0 | AZ102: 0 | BA102: 0 | BB102: 0 | BC102: 0 | BD102: =SUM(E102:BC102) -> 54514.85 | BE102: =SUM(E102:W102) -> 50452.5 | BF102: =SUM(X102:AI102) -> 4062.35 | BG102: =SUM(AJ102:BC102) -> 0
C103: 432 | D103: Variation de stock | E103: 0 | F103: 0 | G103: 0 | H103: 0 | I103: 0 | J103: 0 | K103: 0 | L103: 0 | M103: 0 | N103: 0 | O103: 0 | P103: 0 | Q103: 0 | R103: 0 | S103: 0 | T103: 0 | U103: 0 | V103: 576.8 | W103: 0 | X103: 0 | Y103: 6674.5 | Z103: 0 | AA103: 3190.7 | AB103: 0 | AC103: 0 | AD103: 0 | AE103: 0 | AF103: 0 | AG103: 0 | AH103: 0 | AI103: -2721.45 | AJ103: 0 | AK103: 0 | AL103: 0 | AM103: 0 | AN103: 0 | AO103: 0 | AP103: 0 | AQ103: 0 | AR103: 0 | AS103: 0 | AT103: 0 | AU103: 0 | AV103: 0 | AW103: 0 | AX103: 0 | AY103: 0 | AZ103: 0 | BA103: 0 | BB103: 0 | BC103: 0 | BD103: =SUM(E103:BC103) -> 7720.55 | BE103: =SUM(E103:W103) -> 576.8 | BF103: =SUM(X103:AI103) -> 7143.75 | BG103: =SUM(AJ103:BC103) -> 0
C104: 439 | D104: Autres revenus divers | E104: 0 | F104: 0 | G104: 0 | H104: 0 | I104: 0 | J104: 0 | K104: 0 | L104: 0 | M104: 0 | N104: 9841.15 | O104: 0 | P104: 0 | Q104: 0 | R104: 0 | S104: 0 | T104: 10884.55 | U104: 150 | V104: 440 | W104: 0 | X104: 0 | Y104: 0 | Z104: 0 | AA104: 370.2 | AB104: 0 | AC104: 0 | AD104: 1425.25 | AE104: 0 | AF104: 10480 | AG104: 0 | AH104: 0 | AI104: 153.75 | AJ104: 0 | AK104: 0 | AL104: 0 | AM104: 0 | AN104: 0 | AO104: 0 | AP104: 0 | AQ104: 0 | AR104: 0 | AS104: 0 | AT104: 0 | AU104: 0 | AV104: 1830 | AW104: 0 | AX104: 0 | AY104: 0 | AZ104: 0 | BA104: 0 | BB104: 0 | BC104: 0 | BD104: =SUM(E104:BC104) -> 35574.9 | BE104: =SUM(E104:W104) -> 21315.7 | BF104: =SUM(X104:AI104) -> 12429.2 | BG104: =SUM(AJ104:BC104) -> 1830
B106: 44 | D106: Revenus financiers | E106: =E107+E108+E109+E110+E111+E112+E113+E114+E115+E116 -> 67439.51 | F106: =F107+F108+F109+F110+F111+F112+F113+F114+F115+F116 -> 33692.59 | G106: =G107+G108+G109+G110+G111+G112+G113+G114+G115+G116 -> 357085.65 | H106: =H107+H108+H109+H110+H111+H112+H113+H114+H115+H116 -> 136105.04 | I106: =I107+I108+I109+I110+I111+I112+I113+I114+I115+I116 -> 627492.3 | J106: =J107+J108+J109+J110+J111+J112+J113+J114+J115+J116 -> 321947.46 | K106: =K107+K108+K109+K110+K111+K112+K113+K114+K115+K116 -> 305626.57 | L106: =L107+L108+L109+L110+L111+L112+L113+L114+L115+L116 -> 5958525.1 | ... BG106: =BG107+BG108+BG109+BG110+BG111+BG112+BG113+BG114+BG115+BG116 -> 6610419.7
C107: 440 | D107: Revenus des intérets | E107: 41590.01 | F107: 5897.59 | G107: 16077.69 | H107: 7211.04 | I107: 118201.59 | J107: 94570.16 | K107: 61629.97 | L107: 1060688.7 | M107: 41934.67 | N107: 1151.89 | O107: 187957.74 | P107: 8150.67 | Q107: 2227.99 | R107: 13921.52 | S107: 9163.36 | T107: 30783.5 | U107: 6146.02 | V107: 17282.08 | W107: 88393.21 | X107: 9968.21 | Y107: 61988.41 | Z107: 163256.82 | AA107: 4939.1 | AB107: 17859.07 | AC107: 12477.43 | AD107: 20898.86 | AE107: 12743.48 | AF107: 53241.17 | AG107: 93461.4 | AH107: 12970.67 | AI107: 2819.68 | AJ107: 84068.94 | AK107: 120458.13 | AL107: 48407.38 | AM107: 8035.44 | AN107: 53601.1 | AO107: 44757.07 | AP107: 29251.75 | AQ107: 36630.95 | AR107: 37519.21 | AS107: 54043.43 | AT107: 9061.76 | AU107: 93439.88 | AV107: 20608.8 | AW107: 15776.19 | AX107: 12253.09 | AY107: 76069.14 | AZ107: 25432.08 | BA107: 54826.23 | BB107: 443493.63 | BC107: 68384.05 | BD107: =SUM(E107:BC107) -> 3615721.9 | BE107: =SUM(E107:W107) -> 1812979.4 | BF107: =SUM(X107:AI107) -> 466624.3 | BG107: =SUM(AJ107:BC107) -> 1336118.2
C108: 441 | D108: Gains réalisés du PF | E108: 0 | F108: 0 | G108: 0 | H108: 0 | I108: 0 | J108: 0 | K108: 0 | L108: 0 | M108: 0 | N108: 0 | O108: 282677.28 | P108: 0 | Q108: 0 | R108: 0 | S108: 0 | T108: 0 | U108: 0 | V108: 0 | W108: 32634.63 | X108: 0 | Y108: 0 | Z108: 0 | AA108: 0 | AB108: 0 | AC108: 24223 | AD108: 0 | AE108: 340550 | AF108: 0 | AG108: 1382.5 | AH108: 0 | AI108: 3521 | AJ108: 0 | AK108: 0 | AL108: 0 | AM108: 0 | AN108: 790 | AO108: 0 | AP108: 0 | AQ108: 2840 | AR108: 0 | AS108: 0 | AT108: 0 | AU108: 0 | AV108: 0 | AW108: 0 | AX108: 0 | AY108: 0 | AZ108: 0 | BA108: 0 | BB108: 0 | BC108: 0 | BD108: =SUM(E108:BC108) -> 688618.41 | BE108: =SUM(E108:W108) -> 315311.91 | BF108: =SUM(X108:AI108) -> 369676.5 | BG108: =SUM(AJ108:BC108) -> 3630
C109: 442 | D109: Revenus de participations du PF | E109: 1152.2 | F109: 0 | G109: 0 | H109: 0 | I109: 9946.5 | J109: 2039.5 | K109: 0 | L109: 43573 | M109: 0 | N109: 0 | O109: 5156.5 | P109: 0 | Q109: 23 | R109: 0 | S109: 3.57 | T109: 1357.5 | U109: 0 | V109: 0 | W109: 229 | X109: 5 | Y109: 0 | Z109: 0 | AA109: 0 | AB109: 0 | AC109: 17.5 | AD109: 0 | AE109: 0 | AF109: 13355 | AG109: 40500 | AH109: 0 | AI109: 0 | AJ109: 0 | AK109: 2430 | AL109: 0 | AM109: 0 | AN109: 0 | AO109: 40 | AP109: 0 | AQ109: 12167.75 | AR109: 0 | AS109: 380 | AT109: 0 | AU109: 1647.5 | AV109: 3367.25 | AW109: 0 | AX109: 0 | AY109: 0 | AZ109: 0 | BA109: 1088.43 | BB109: 34411.61 | BC109: 20 | BD109: =SUM(E109:BC109) -> 172910.81 | BE109: =SUM(E109:W109) -> 63480.77 | BF109: =SUM(X109:AI109) -> 53877.5 | BG109: =SUM(AJ109:BC109) -> 55552.54
C110: 443 | D110: Revenus des biens-fonds, des bâtiments et immeubles du PF | E110: 23711.5 | F110: 22320 | G110: 113427.2 | H110: 78099 | I110: 373832.85 | J110: 136680 | K110: 130178.6 | L110: 1138534.7 | M110: 17428.8 | N110: 21600 | O110: 105774.25 | P110: 24970 | Q110: 10140 | R110: 28680 | S110: 14800 | T110: 58165.48 | U110: 0 | V110: 20375 | W110: 140488.05 | X110: 1410 | Y110: 42265 | Z110: 268889 | AA110: 25870 | AB110: 49639.55 | AC110: 78045.7 | AD110: 1661 | AE110: 78894.1 | AF110: 88679.35 | AG110: 36849.8 | AH110: 548.08 | AI110: 25580 | AJ110: 0 | AK110: 137178.45 | AL110: 67045.35 | AM110: 8548.4 | AN110: 211748.73 | AO110: 25423.5 | AP110: 16068.55 | AQ110: 415913.9 | AR110: 20122.4 | AS110: 69256.95 | AT110: 29207.8 | AU110: 0 | AV110: 25353.55 | AW110: 6759.95 | AX110: 39581.8 | AY110: 62597.8 | AZ110: 33449.7 | BA110: 95569.55 | BB110: 316883.3 | BC110: 43283.87 | BD110: =SUM(E110:BC110) -> 4781530.6 | BE110: =SUM(E110:W110) -> 2459205.5 | BF110: =SUM(X110:AI110) -> 698331.58 | BG110: =SUM(AJ110:BC110) -> 1623993.6
C111: 444 | D111: Réévaluations des immobilisations du PF | E111: 0 | F111: 0 | G111: 224370.76 | H111: 0 | I111: 50600 | J111: 0 | K111: 0 | L111: 1925593.4 | M111: 0 | N111: 0 | O111: 18400 | P111: 0 | Q111: 0 | R111: 205200 | S111: 72100 | T111: 737.8 | U111: 22550 | V111: 0 | W111: -200 | X111: 0 | Y111: 0 | Z111: 0 | AA111: 9128 | AB111: 9200 | AC111: 0 | AD111: 325 | AE111: 0 | AF111: 73600 | AG111: 22925 | AH111: 1150 | AI111: 0 | AJ111: 0 | AK111: 737529.2 | AL111: 0 | AM111: 0 | AN111: 0 | AO111: 0 | AP111: 0 | AQ111: 0 | AR111: 120825 | AS111: 0 | AT111: 0 | AU111: 0 | AV111: 4400 | AW111: 0 | AX111: 0 | AY111: 23000 | AZ111: 40 | BA111: 9200 | BB111: 307875 | BC111: 0 | BD111: =SUM(E111:BC111) -> 3838549.2 | BE111: =SUM(E111:W111) -> 2519352 | BF111: =SUM(X111:AI111) -> 116328 | BG111: =SUM(AJ111:BC111) -> 1202869.2
C112: 445 | D112: Revenus financiers de prêts et de participation du PA | E112: 0 | F112: 0 | G112: 0 | H112: 0 | I112: 0 | J112: 0 | K112: 0 | L112: 149987 | M112: 0 | N112: 0 | O112: 0 | P112: 0 | Q112: 0 | R112: 0 | S112: 0 | T112: 0 | U112: 0 | V112: 0 | W112: 0 | X112: 0 | Y112: 0 | Z112: 0 | AA112: 0 | AB112: 0 | AC112: 0 | AD112: 0 | AE112: 0 | AF112: 0 | AG112: 0 | AH112: 0 | AI112: 0 | AJ112: 0 | AK112: 0 | AL112: 0 | AM112: 0 | AN112: 0 | AO112: 0 | AP112: 0 | AQ112: 0 | AR112: 0 | AS112: 0 | AT112: 0 | AU112: 0 | AV112: 0 | AW112: 0 | AX112: 0 | AY112: 0 | AZ112: 0 | BA112: 0 | BB112: 0 | BC112: 0 | BD112: =SUM(E112:BC112) -> 149987 | BE112: =SUM(E112:W112) -> 149987 | BF112: =SUM(X112:AI112) -> 0 | BG112: =SUM(AJ112:BC112) -> 0
C113: 446 | D113: Revenus financiers d'entreprises publiques | E113: 0 | F113: 0 | G113: 0 | H113: 0 | I113: 0 | J113: 0 | K113: 0 | L113: 0 | M113: 0 | N113: 0 | O113: 0 | P113: 0 | Q113: 0 | R113: 0 | S113: 0 | T113: 0 | U113: 0 | V113: 0 | W113: 0 | X113: 0 | Y113: 0 | Z113: 0 | AA113: 0 | AB113: 0 | AC113: 0 | AD113: 0 | AE113: 0 | AF113: 0 | AG113: 0 | AH113: 0 | AI113: 0 | AJ113: 0 | AK113: 0 | AL113: 0 | AM113: 0 | AN113: 0 | AO113: 0 | AP113: 0 | AQ113: 0 | AR113: 0 | AS113: 0 | AT113: 0 | AU113: 0 | AV113: 0 | AW113: 0 | AX113: 0 | AY113: 0 | AZ113: 0 | BA113: 0 | BB113: 0 | BC113: 0 | BD113: =SUM(E113:BC113) -> 0 | BE113: =SUM(E113:W113) -> 0 | BF113: =SUM(X113:AI113) -> 0 | BG113: =SUM(AJ113:BC113) -> 0
C114: 447 | D114: Revenus des biens-fonds, des bâtiments et immeubles du PA | E114: 985.8 | F114: 5475 | G114: 3210 | H114: 50795 | I114: 74911.36 | J114: 88657.8 | K114: 113818 | L114: 1640148.2 | M114: 22262.5 | N114: 0 | O114: 357717.6 | P114: 42980 | Q114: 5659 | R114: 1687.1 | S114: 5025 | T114: 6020 | U114: 17120 | V114: 40792.2 | W114: 224854.9 | X114: 59758 | Y114: 24724 | Z114: 36214.55 | AA114: 0 | AB114: 39329.4 | AC114: 71508 | AD114: 16160 | AE114: 110402.4 | AF114: 100483.6 | AG114: 219785.3 | AH114: 27674.8 | AI114: 120 | AJ114: 122566.31 | AK114: 247104.1 | AL114: 56617 | AM114: 11465.7 | AN114: 43406.45 | AO114: 69536.05 | AP114: 117028.8 | AQ114: 178118.81 | AR114: 40029.6 | AS114: 65828.05 | AT114: 12180 | AU114: 85542.45 | AV114: 13170 | AW114: 18853.35 | AX114: 22161.2 | AY114: 31805 | AZ114: 1785 | BA114: 182020.65 | BB114: 1036211.6 | BC114: 17257.5 | BD114: =SUM(E114:BC114) -> 5780967.2 | BE114: =SUM(E114:W114) -> 2702119.5 | BF114: =SUM(X114:AI114) -> 706160.05 | BG114: =SUM(AJ114:BC114) -> 2372687.6
C115: 448 | D115: Revenus des biens-fonds loués | E115: 0 | F115: 0 | G115: 0 | H115: 0 | I115: 0 | J115: 0 | K115: 0 | L115: 0 | M115: 0 | N115: 0 | O115: 0 | P115: 0 | Q115: 0 | R115: 0 | S115: 0 | T115: 0 | U115: 0 | V115: 0 | W115: 0 | X115: 150 | Y115: 0 | Z115: 0 | AA115: 0 | AB115: 0 | AC115: 0 | AD115: 0 | AE115: 0 | AF115: 0 | AG115: 0 | AH115: 0 | AI115: 0 | AJ115: 0 | AK115: 0 | AL115: 0 | AM115: 0 | AN115: 0 | AO115: 0 | AP115: 0 | AQ115: 0 | AR115: 0 | AS115: 0 | AT115: 0 | AU115: 0 | AV115: 0 | AW115: 0 | AX115: 0 | AY115: 0 | AZ115: 0 | BA115: 0 | BB115: 0 | BC115: 0 | BD115: =SUM(E115:BC115) -> 150 | BE115: =SUM(E115:W115) -> 0 | BF115: =SUM(X115:AI115) -> 150 | BG115: =SUM(AJ115:BC115) -> 0
...

Sheet Graphique par nature
A4: Charges
A5: 30 Charges du personnel | B5: ='4.1 Comptes 2023 natures'!BD6 -> 74638884
A6: 31 Charges de biens et de services et autres charges d'exploitation | B6: ='4.1 Comptes 2023 natures'!BD16 -> 96876068
A7: 33 Amortissements du patrimoine administratif | B7: ='4.1 Comptes 2023 natures'!BD28 -> 24783613
A8: 34 Charges financières | B8: ='4.1 Comptes 2023 natures'!BD32 -> 10097855
A9: 35 Attributions aux financements spéciaux des capitaux de tiers | B9: ='4.1 Comptes 2023 natures'!BD40 -> 5157290.8
A10: 36 Charges de transferts | B10: ='4.1 Comptes 2023 natures'!BD44 -> 2.0169565e+08
A11: 37 Subventions à redistribuer | B11: ='4.1 Comptes 2023 natures'!BD54 -> 2662318.8
A12: 38 Charges extraordinaires | B12: ='4.1 Comptes 2023 natures'!BD57 -> 11718851
A13: 39 Imputations internes | B13: ='4.1 Comptes 2023 natures'!BD65 -> 7962557.8
A15: Revenus
A16: 40 Revenus fiscaux | B16: ='4.1 Comptes 2023 natures'!BD77 -> 2.4002464e+08
A17: 41 Revenus de patentes et de concessions | B17: ='4.1 Comptes 2023 natures'!BD83 -> 1087943.8
A18: 42 Taxes | B18: ='4.1 Comptes 2023 natures'!BD89 -> 1.0117329e+08
A19: 43 Revenus divers | B19: ='4.1 Comptes 2023 natures'!BD100 -> 2342089.6
A20: 44 Revenus financiers | B20: ='4.1 Comptes 2023 natures'!BD106 -> 19052522
A21: 45 Prélèvements sur les financements spéciaux | B21: ='4.1 Comptes 2023 natures'!BD118 -> 2705214.4
A22: 46 Revenus de transfert | B22: ='4.1 Comptes 2023 natures'!BD122 -> 63761571
A23: 47 Subventions à redistribuer | B23: ='4.1 Comptes 2023 natures'!BD129 -> 2823492.4
A24: 48 Revenus extraordinaires | B24: ='4.1 Comptes 2023 natures'!BD132 -> 1955015.1
A25: 49 Imputations internes | B25: ='4.1 Comptes 2023 natures'!BD141 -> 7971794.2

Sheet Résultats par commune
A1: Clôture du compte de résutlats global par commune (90)
A3: Communes | B3: Résultat général | C3: Résultat FS | D3: Résultat global | E3: Résultat par hab. | F3: Attribution R.P.B | G3: Prélèvement R.P.B
B4: Compte 900 | C4: Compte 901 | D4: Compte 90 | E4: Compte 90 par hab. | F4: Compte 389 | G4: Compte 489
A5: Boécourt | B5: ='4.1 Comptes 2023 natures'!E155 -> 23179.87 | C5: ='4.1 Comptes 2023 natures'!E156 -> 274400.28 | D5: ='4.1 Comptes 2023 natures'!E154 -> 297580.15 | E5: ='4.9 Comptes 2023 par habitant'!E154 -> 309.65676 | F5: ='4.1 Comptes 2023 natures'!E63 -> 0 | G5: ='4.1 Comptes 2023 natures'!E139 -> 7472.87
A6: Bourrignon | B6: ='4.1 Comptes 2023 natures'!F155 -> 114823.3 | C6: ='4.1 Comptes 2023 natures'!F156 -> 51613.27 | D6: ='4.1 Comptes 2023 natures'!F154 -> 166436.57 | E6: ='4.9 Comptes 2023 par habitant'!F154 -> 637.68801 | F6: ='4.1 Comptes 2023 natures'!F63 -> 0 | G6: ='4.1 Comptes 2023 natures'!F139 -> 0
A7: Châtillon | B7: ='4.1 Comptes 2023 natures'!G155 -> 51061.06 | C7: ='4.1 Comptes 2023 natures'!G156 -> 60359.21 | D7: ='4.1 Comptes 2023 natures'!G154 -> 111420.27 | E7: ='4.9 Comptes 2023 par habitant'!G154 -> 225.54711 | F7: ='4.1 Comptes 2023 natures'!G63 -> 0 | G7: ='4.1 Comptes 2023 natures'!G139 -> 0
A8: Courchapoix | B8: ='4.1 Comptes 2023 natures'!H155 -> -62293.63 | C8: ='4.1 Comptes 2023 natures'!H156 -> 185669.36 | D8: ='4.1 Comptes 2023 natures'!H154 -> 123375.73 | E8: ='4.9 Comptes 2023 par habitant'!H154 -> 277.24883 | F8: ='4.1 Comptes 2023 natures'!H63 -> 0 | G8: ='4.1 Comptes 2023 natures'!H139 -> 2572.45
A9: Courrendlin | B9: ='4.1 Comptes 2023 natures'!I155 -> 33918.5 | C9: ='4.1 Comptes 2023 natures'!I156 -> 123719.15 | D9: ='4.1 Comptes 2023 natures'!I154 -> 157637.65 | E9: ='4.9 Comptes 2023 par habitant'!I154 -> 42.988178 | F9: ='4.1 Comptes 2023 natures'!I63 -> 150000 | G9: ='4.1 Comptes 2023 natures'!I139 -> 164654.8
A10: Courroux | B10: ='4.1 Comptes 2023 natures'!J155 -> 490967.6 | C10: ='4.1 Comptes 2023 natures'!J156 -> -213981.23 | D10: ='4.1 Comptes 2023 natures'!J154 -> 276986.37 | E10: ='4.9 Comptes 2023 par habitant'!J154 -> 81.562535 | F10: ='4.1 Comptes 2023 natures'!J63 -> 190359.86 | G10: ='4.1 Comptes 2023 natures'!J139 -> 0
A11: Courtételle | B11: ='4.1 Comptes 2023 natures'!K155 -> 15593.4 | C11: ='4.1 Comptes 2023 natures'!K156 -> 28753.05 | D11: ='4.1 Comptes 2023 natures'!K154 -> 44346.45 | E11: ='4.9 Comptes 2023 par habitant'!K154 -> 16.279901 | F11: ='4.1 Comptes 2023 natures'!K63 -> 900000 | G11: ='4.1 Comptes 2023 natures'!K139 -> 14467.75
A12: Delémont | B12: ='4.1 Comptes 2023 natures'!L155 -> -2174361.6 | C12: ='4.1 Comptes 2023 natures'!L156 -> 1256534.9 | D12: ='4.1 Comptes 2023 natures'!L154 -> -917826.71 | E12: ='4.9 Comptes 2023 par habitant'!L154 -> -72.048568 | F12: ='4.1 Comptes 2023 natures'!L63 -> 0 | G12: ='4.1 Comptes 2023 natures'!L139 -> 1253909
A13: Develier | B13: ='4.1 Comptes 2023 natures'!M155 -> 30502.48 | C13: ='4.1 Comptes 2023 natures'!M156 -> 205982.75 | D13: ='4.1 Comptes 2023 natures'!M154 -> 236485.23 | E13: ='4.9 Comptes 2023 par habitant'!M154 -> 172.36533 | F13: ='4.1 Comptes 2023 natures'!M63 -> 0 | G13: ='4.1 Comptes 2023 natures'!M139 -> 10700
A14: Ederswiler | B14: ='4.1 Comptes 2023 natures'!N155 -> -15903.22 | C14: ='4.1 Comptes 2023 natures'!N156 -> 5534.34 | D14: ='4.1 Comptes 2023 natures'!N154 -> -10368.88 | E14: ='4.9 Comptes 2023 par habitant'!N154 -> -88.622906 | F14: ='4.1 Comptes 2023 natures'!N63 -> 0 | G14: ='4.1 Comptes 2023 natures'!N139 -> 0
A15: Haute-Sorne | B15: ='4.1 Comptes 2023 natures'!O155 -> -610295.42 | C15: ='4.1 Comptes 2023 natures'!O156 -> 223698.82 | D15: ='4.1 Comptes 2023 natures'!O154 -> -386596.6 | E15: ='4.9 Comptes 2023 par habitant'!O154 -> -52.512442 | F15: ='4.1 Comptes 2023 natures'!O63 -> 0 | G15: ='4.1 Comptes 2023 natures'!O139 -> 413099.54
A16: Mervelier | B16: ='4.1 Comptes 2023 natures'!P155 -> 129779.38 | C16: ='4.1 Comptes 2023 natures'!P156 -> 64898.12 | D16: ='4.1 Comptes 2023 natures'!P154 -> 194677.5 | E16: ='4.9 Comptes 2023 par habitant'!P154 -> 363.88318 | F16: ='4.1 Comptes 2023 natures'!P63 -> 0 | G16: ='4.1 Comptes 2023 natures'!P139 -> 3001.3
A17: Mettembert | B17: ='4.1 Comptes 2023 natures'!Q155 -> -40694.73 | C17: ='4.1 Comptes 2023 natures'!Q156 -> 24850.27 | D17: ='4.1 Comptes 2023 natures'!Q154 -> -15844.46 | E17: ='4.9 Comptes 2023 par habitant'!Q154 -> -141.46839 | F17: ='4.1 Comptes 2023 natures'!Q63 -> 0 | G17: ='4.1 Comptes 2023 natures'!Q139 -> 0
A18: Movelier | B18: ='4.1 Comptes 2023 natures'!R155 -> 50997.63 | C18: ='4.1 Comptes 2023 natures'!R156 -> -48281.74 | D18: ='4.1 Comptes 2023 natures'!R154 -> 2715.89 | E18: ='4.9 Comptes 2023 par habitant'!R154 -> 6.4664048 | F18: ='4.1 Comptes 2023 natures'!R63 -> 130000 | G18: ='4.1 Comptes 2023 natures'!R139 -> 0
A19: Pleigne | B19: ='4.1 Comptes 2023 natures'!S155 -> -37329.83 | C19: ='4.1 Comptes 2023 natures'!S156 -> -26048.83 | D19: ='4.1 Comptes 2023 natures'!S154 -> -63378.66 | E19: ='4.9 Comptes 2023 par habitant'!S154 -> -181.60074 | F19: ='4.1 Comptes 2023 natures'!S63 -> 0 | G19: ='4.1 Comptes 2023 natures'!S139 -> 0
A20: Rossemaison | B20: ='4.1 Comptes 2023 natures'!T155 -> 60782.33 | C20: ='4.1 Comptes 2023 natures'!T156 -> 58988.42 | D20: ='4.1 Comptes 2023 natures'!T154 -> 119770.75 | E20: ='4.9 Comptes 2023 par habitant'!T154 -> 163.39802 | F20: ='4.1 Comptes 2023 natures'!T63 -> 0 | G20: ='4.1 Comptes 2023 natures'!T139 -> 8700
A21: Saulcy | B21: ='4.1 Comptes 2023 natures'!U155 -> 9611.35 | C21: ='4.1 Comptes 2023 natures'!U156 -> 19001.49 | D21: ='4.1 Comptes 2023 natures'!U154 -> 28612.84 | E21: ='4.9 Comptes 2023 par habitant'!U154 -> 104.80894 | F21: ='4.1 Comptes 2023 natures'!U63 -> 20000 | G21: ='4.1 Comptes 2023 natures'!U139 -> 667.55
A22: Soyhières | B22: ='4.1 Comptes 2023 natures'!V155 -> 25754.84 | C22: ='4.1 Comptes 2023 natures'!V156 -> 27460.59 | D22: ='4.1 Comptes 2023 natures'!V154 -> 53215.43 | E22: ='4.9 Comptes 2023 par habitant'!V154 -> 123.46968 | F22: ='4.1 Comptes 2023 natures'!V63 -> 30000 | G22: ='4.1 Comptes 2023 natures'!V139 -> 0
A23: Val Terbi | B23: ='4.1 Comptes 2023 natures'!W155 -> 57003.82 | C23: ='4.1 Comptes 2023 natures'!W156 -> 111868.45 | D23: ='4.1 Comptes 2023 natures'!W154 -> 168872.27 | E23: ='4.9 Comptes 2023 par habitant'!W154 -> 51.658694 | F23: ='4.1 Comptes 2023 natures'!W63 -> 500000 | G23: ='4.1 Comptes 2023 natures'!W139 -> 13302.8
A24: Le Bémont | B24: ='4.1 Comptes 2023 natures'!X155 -> 43384.87 | C24: ='4.1 Comptes 2023 natures'!X156 -> 15751.6 | D24: ='4.1 Comptes 2023 natures'!X154 -> 59136.47 | E24: ='4.9 Comptes 2023 par habitant'!X154 -> 193.89007 | F24: ='4.1 Comptes 2023 natures'!X63 -> 0 | G24: ='4.1 Comptes 2023 natures'!X139 -> 0
A25: Les Bois | B25: ='4.1 Comptes 2023 natures'!Y155 -> 935477.29 | C25: ='4.1 Comptes 2023 natures'!Y156 -> 151635.34 | D25: ='4.1 Comptes 2023 natures'!Y154 -> 1087112.6 | E25: ='4.9 Comptes 2023 par habitant'!Y154 -> 868.30082 | F25: ='4.1 Comptes 2023 natures'!Y63 -> 0 | G25: ='4.1 Comptes 2023 natures'!Y139 -> 0
A26: Les Breuleux | B26: ='4.1 Comptes 2023 natures'!Z155 -> 2357312.5 | C26: ='4.1 Comptes 2023 natures'!Z156 -> 319856.37 | D26: ='4.1 Comptes 2023 natures'!Z154 -> 2677168.9 | E26: ='4.9 Comptes 2023 par habitant'!Z154 -> 1630.4317 | F26: ='4.1 Comptes 2023 natures'!Z63 -> 3397569.3 | G26: ='4.1 Comptes 2023 natures'!Z139 -> 0
A27: Les Enfers | B27: ='4.1 Comptes 2023 natures'!AA155 -> -8997.33 | C27: ='4.1 Comptes 2023 natures'!AA156 -> 24625.58 | D27: ='4.1 Comptes 2023 natures'!AA154 -> 15628.25 | E27: ='4.9 Comptes 2023 par habitant'!AA154 -> 104.88758 | F27: ='4.1 Comptes 2023 natures'!AA63 -> 0 | G27: ='4.1 Comptes 2023 natures'!AA139 -> 0
A28: Les Genevez | B28: ='4.1 Comptes 2023 natures'!AB155 -> 0 | C28: ='4.1 Comptes 2023 natures'!AB156 -> -260378.03 | D28: ='4.1 Comptes 2023 natures'!AB154 -> -260378.03 | E28: ='4.9 Comptes 2023 par habitant'!AB154 -> -510.54516 | F28: ='4.1 Comptes 2023 natures'!AB63 -> 0 | G28: ='4.1 Comptes 2023 natures'!AB139 -> 0
A29: Lajoux | B29: ='4.1 Comptes 2023 natures'!AC155 -> 3071.68 | C29: ='4.1 Comptes 2023 natures'!AC156 -> 8093.97 | D29: ='4.1 Comptes 2023 natures'!AC154 -> 11165.65 | E29: ='4.9 Comptes 2023 par habitant'!AC154 -> 15.726268 | F29: ='4.1 Comptes 2023 natures'!AC63 -> 371205.37 | G29: ='4.1 Comptes 2023 natures'!AC139 -> 0
A30: Montfaucon | B30: ='4.1 Comptes 2023 natures'!AD155 -> 1023.72 | C30: ='4.1 Comptes 2023 natures'!AD156 -> -17572.05 | D30: ='4.1 Comptes 2023 natures'!AD154 -> -16548.33 | E30: ='4.9 Comptes 2023 par habitant'!AD154 -> -29.237332 | F30: ='4.1 Comptes 2023 natures'!AD63 -> 0 | G30: ='4.1 Comptes 2023 natures'!AD139 -> 0
A31: Muriaux | B31: ='4.1 Comptes 2023 natures'!AE155 -> 49294.34 | C31: ='4.1 Comptes 2023 natures'!AE156 -> 29333.06 | D31: ='4.1 Comptes 2023 natures'!AE154 -> 78627.4 | E31: ='4.9 Comptes 2023 par habitant'!AE154 -> 154.77835 | F31: ='4.1 Comptes 2023 natures'!AE63 -> 460000 | G31: ='4.1 Comptes 2023 natures'!AE139 -> 0
A32: Le Noirmont | B32: ='4.1 Comptes 2023 natures'!AF155 -> 1399806.9 | C32: ='4.1 Comptes 2023 natures'!AF156 -> 338918.52 | D32: ='4.1 Comptes 2023 natures'!AF154 -> 1738725.5 | E32: ='4.9 Comptes 2023 par habitant'!AF154 -> 888.46472 | F32: ='4.1 Comptes 2023 natures'!AF63 -> 0 | G32: ='4.1 Comptes 2023 natures'!AF139 -> 0
A33: Saignelégier | B33: ='4.1 Comptes 2023 natures'!AG155 -> 217683.4 | C33: ='4.1 Comptes 2023 natures'!AG156 -> 359515.81 | D33: ='4.1 Comptes 2023 natures'!AG154 -> 577199.21 | E33: ='4.9 Comptes 2023 par habitant'!AG154 -> 224.76605 | F33: ='4.1 Comptes 2023 natures'!AG63 -> 900000 | G33: ='4.1 Comptes 2023 natures'!AG139 -> 0
A34: Saint-Brais | B34: ='4.1 Comptes 2023 natures'!AH155 -> 1520.35 | C34: ='4.1 Comptes 2023 natures'!AH156 -> 45034.14 | D34: ='4.1 Comptes 2023 natures'!AH154 -> 46554.49 | E34: ='4.9 Comptes 2023 par habitant'!AH154 -> 194.78866 | F34: ='4.1 Comptes 2023 natures'!AH63 -> 0 | G34: ='4.1 Comptes 2023 natures'!AH139 -> 0
A35: Soubey | B35: ='4.1 Comptes 2023 natures'!AI155 -> 4424.65 | C35: ='4.1 Comptes 2023 natures'!AI156 -> 100589.89 | D35: ='4.1 Comptes 2023 natures'!AI154 -> 105014.54 | E35: ='4.9 Comptes 2023 par habitant'!AI154 -> 840.11632 | F35: ='4.1 Comptes 2023 natures'!AI63 -> 80000 | G35: ='4.1 Comptes 2023 natures'!AI139 -> 0
A36: Alle | B36: ='4.1 Comptes 2023 natures'!AJ155 -> 53241 | C36: ='4.1 Comptes 2023 natures'!AJ156 -> 223981.27 | D36: ='4.1 Comptes 2023 natures'!AJ154 -> 277222.27 | E36: ='4.9 Comptes 2023 par habitant'!AJ154 -> 145.37088 | F36: ='4.1 Comptes 2023 natures'!AJ63 -> 470300.7 | G36: ='4.1 Comptes 2023 natures'!AJ139 -> 0
A37: La Baroche | B37: ='4.1 Comptes 2023 natures'!AK155 -> 20312.21 | C37: ='4.1 Comptes 2023 natures'!AK156 -> -1368.96 | D37: ='4.1 Comptes 2023 natures'!AK154 -> 18943.25 | E37: ='4.9 Comptes 2023 par habitant'!AK154 -> 16.704806 | F37: ='4.1 Comptes 2023 natures'!AK63 -> 723729.2 | G37: ='4.1 Comptes 2023 natures'!AK139 -> 0
A38: Basse-Allaine | B38: ='4.1 Comptes 2023 natures'!AL155 -> 46649.92 | C38: ='4.1 Comptes 2023 natures'!AL156 -> 26548.08 | D38: ='4.1 Comptes 2023 natures'!AL154 -> 73198 | E38: ='4.9 Comptes 2023 par habitant'!AL154 -> 60.846218 | F38: ='4.1 Comptes 2023 natures'!AL63 -> 0 | G38: ='4.1 Comptes 2023 natures'!AL139 -> 0
A39: Beurnevésin | B39: ='4.1 Comptes 2023 natures'!AM155 -> 13050.46 | C39: ='4.1 Comptes 2023 natures'!AM156 -> -40289.94 | D39: ='4.1 Comptes 2023 natures'!AM154 -> -27239.48 | E39: ='4.9 Comptes 2023 par habitant'!AM154 -> -243.20964 | F39: ='4.1 Comptes 2023 natures'!AM63 -> 15690.5 | G39: ='4.1 Comptes 2023 natures'!AM139 -> 0
A40: Boncourt | B40: ='4.1 Comptes 2023 natures'!AN155 -> 116926.76 | C40: ='4.1 Comptes 2023 natures'!AN156 -> -100135.89 | D40: ='4.1 Comptes 2023 natures'!AN154 -> 16790.87 | E40: ='4.9 Comptes 2023 par habitant'!AN154 -> 14.338915 | F40: ='4.1 Comptes 2023 natures'!AN63 -> 2170000 | G40: ='4.1 Comptes 2023 natures'!AN139 -> 0
A41: Bonfol | B41: ='4.1 Comptes 2023 natures'!AO155 -> -470965.71 | C41: ='4.1 Comptes 2023 natures'!AO156 -> 3651.03 | D41: ='4.1 Comptes 2023 natures'!AO154 -> -467314.68 | E41: ='4.9 Comptes 2023 par habitant'!AO154 -> -713.45753 | F41: ='4.1 Comptes 2023 natures'!AO63 -> 0 | G41: ='4.1 Comptes 2023 natures'!AO139 -> 607
A42: Bure | B42: ='4.1 Comptes 2023 natures'!AP155 -> 57276.38 | C42: ='4.1 Comptes 2023 natures'!AP156 -> -940.38 | D42: ='4.1 Comptes 2023 natures'!AP154 -> 56336 | E42: ='4.9 Comptes 2023 par habitant'!AP154 -> 89.280507 | F42: ='4.1 Comptes 2023 natures'!AP63 -> 250000 | G42: ='4.1 Comptes 2023 natures'!AP139 -> 567
A43: Clos du Doubs | B43: ='4.1 Comptes 2023 natures'!AQ155 -> 3214.53 | C43: ='4.1 Comptes 2023 natures'!AQ156 -> 109956.23 | D43: ='4.1 Comptes 2023 natures'!AQ154 -> 113170.76 | E43: ='4.9 Comptes 2023 par habitant'!AQ154 -> 87.458083 | F43: ='4.1 Comptes 2023 natures'!AQ63 -> 115000 | G43: ='4.1 Comptes 2023 natures'!AQ139 -> 0
A44: Coeuve | B44: ='4.1 Comptes 2023 natures'!AR155 -> -69298.04 | C44: ='4.1 Comptes 2023 natures'!AR156 -> -102046.3 | D44: ='4.1 Comptes 2023 natures'!AR154 -> -171344.34 | E44: ='4.9 Comptes 2023 par habitant'!AR154 -> -237.64818 | F44: ='4.1 Comptes 2023 natures'!AR63 -> 217.68 | G44: ='4.1 Comptes 2023 natures'!AR139 -> 422
A45: Cornol | B45: ='4.1 Comptes 2023 natures'!AS155 -> 69833.29 | C45: ='4.1 Comptes 2023 natures'!AS156 -> -17419.77 | D45: ='4.1 Comptes 2023 natures'!AS154 -> 52413.52 | E45: ='4.9 Comptes 2023 par habitant'!AS154 -> 49.446717 | F45: ='4.1 Comptes 2023 natures'!AS63 -> 0 | G45: ='4.1 Comptes 2023 natures'!AS139 -> 0
A46: Courchavon | B46: ='4.1 Comptes 2023 natures'!AT155 -> 272506.28 | C46: ='4.1 Comptes 2023 natures'!AT156 -> 4792.58 | D46: ='4.1 Comptes 2023 natures'!AT154 -> 277298.86 | E46: ='4.9 Comptes 2023 par habitant'!AT154 -> 883.11739 | F46: ='4.1 Comptes 2023 natures'!AT63 -> 300000 | G46: ='4.1 Comptes 2023 natures'!AT139 -> 0
A47: Courgenay | B47: ='4.1 Comptes 2023 natures'!AU155 -> -141893.21 | C47: ='4.1 Comptes 2023 natures'!AU156 -> -19084.29 | D47: ='4.1 Comptes 2023 natures'!AU154 -> -160977.5 | E47: ='4.9 Comptes 2023 par habitant'!AU154 -> -65.624745 | F47: ='4.1 Comptes 2023 natures'!AU63 -> 0 | G47: ='4.1 Comptes 2023 natures'!AU139 -> 0
A48: Courtedoux | B48: ='4.1 Comptes 2023 natures'!AV155 -> 3493.65 | C48: ='4.1 Comptes 2023 natures'!AV156 -> 41151.57 | D48: ='4.1 Comptes 2023 natures'!AV154 -> 44645.22 | E48: ='4.9 Comptes 2023 par habitant'!AV154 -> 57.681163 | F48: ='4.1 Comptes 2023 natures'!AV63 -> 200000 | G48: ='4.1 Comptes 2023 natures'!AV139 -> 633
A49: Damphreux-Lugnez | B49: ='4.1 Comptes 2023 natures'!AW155 -> 375240.59 | C49: ='4.1 Comptes 2023 natures'!AW156 -> 59977.13 | D49: ='4.1 Comptes 2023 natures'!AW154 -> 435217.72 | E49: ='4.9 Comptes 2023 par habitant'!AW154 -> 1198.9469 | F49: ='4.1 Comptes 2023 natures'!AW63 -> 0 | G49: ='4.1 Comptes 2023 natures'!AW139 -> 442
A50: Fahy | B50: ='4.1 Comptes 2023 natures'!AX155 -> -55185.51 | C50: ='4.1 Comptes 2023 natures'!AX156 -> 26977.75 | D50: ='4.1 Comptes 2023 natures'!AX154 -> -28207.76 | E50: ='4.9 Comptes 2023 par habitant'!AX154 -> -84.963133 | F50: ='4.1 Comptes 2023 natures'!AX63 -> 0 | G50: ='4.1 Comptes 2023 natures'!AX139 -> 311
A51: Fontenais | B51: ='4.1 Comptes 2023 natures'!AY155 -> 35960.61 | C51: ='4.1 Comptes 2023 natures'!AY156 -> 41684.69 | D51: ='4.1 Comptes 2023 natures'!AY154 -> 77645.3 | E51: ='4.9 Comptes 2023 par habitant'!AY154 -> 47.143473 | F51: ='4.1 Comptes 2023 natures'!AY63 -> 250000 | G51: ='4.1 Comptes 2023 natures'!AY139 -> 1597
A52: Grandfontaine | B52: ='4.1 Comptes 2023 natures'!AZ155 -> 2149.66 | C52: ='4.1 Comptes 2023 natures'!AZ156 -> 4181.5 | D52: ='4.1 Comptes 2023 natures'!AZ154 -> 6331.16 | E52: ='4.9 Comptes 2023 par habitant'!AZ154 -> 16.617218 | F52: ='4.1 Comptes 2023 natures'!AZ63 -> 0 | G52: ='4.1 Comptes 2023 natures'!AZ139 -> 319
A53: Haute-Ajoie | B53: ='4.1 Comptes 2023 natures'!BA155 -> 23950.09 | C53: ='4.1 Comptes 2023 natures'!BA156 -> 32296.8 | D53: ='4.1 Comptes 2023 natures'!BA154 -> 56246.89 | E53: ='4.9 Comptes 2023 par habitant'!BA154 -> 53.213709 | F53: ='4.1 Comptes 2023 natures'!BA63 -> 0 | G53: ='4.1 Comptes 2023 natures'!BA139 -> 1083.4
A54: Porrentruy | B54: ='4.1 Comptes 2023 natures'!BB155 -> -428001.87 | C54: ='4.1 Comptes 2023 natures'!BB156 -> 265727.89 | D54: ='4.1 Comptes 2023 natures'!BB154 -> -162273.98 | E54: ='4.9 Comptes 2023 par habitant'!BB154 -> -24.583242 | F54: ='4.1 Comptes 2023 natures'!BB63 -> 0 | G54: ='4.1 Comptes 2023 natures'!BB139 -> 0
A55: Vendlincourt | B55: ='4.1 Comptes 2023 natures'!BC155 -> 107918.37 | C55: ='4.1 Comptes 2023 natures'!BC156 -> 933.9 | D55: ='4.1 Comptes 2023 natures'!BC154 -> 108852.27 | E55: ='4.9 Comptes 2023 par habitant'!BC154 -> 198.99867 | F55: ='4.1 Comptes 2023 natures'!BC63 -> 80000 | G55: ='4.1 Comptes 2023 natures'!BC139 -> 590
A56: Total | B56: ='4.1 Comptes 2023 natures'!BD155 -> 3193479 | C56: ='4.1 Comptes 2023 natures'!BD156 -> 4110999.8 | D56: ='4.1 Comptes 2023 natures'!BD154 -> 7304478.8 | E56: ='4.9 Comptes 2023 par habitant'!BD154 -> 97.983565 | F56: ='4.1 Comptes 2023 natures'!BD63 -> 11704073 | G56: ='4.1 Comptes 2023 natures'!BD139 -> 1899119.5
A57: District de Delémont | B57: ='4.1 Comptes 2023 natures'!BE155 -> -1846902.9 | C57: ='4.1 Comptes 2023 natures'!BE156 -> 2435020.7 | D57: ='4.1 Comptes 2023 natures'!BE154 -> 588117.79 | E57: ='4.9 Comptes 2023 par habitant'!BE154 -> 14.828991 | F57: ='4.1 Comptes 2023 natures'!BE63 -> 1920359.9 | G57: ='4.1 Comptes 2023 natures'!BE139 -> 1892548.1
A58: District des Franches-Montagnes | B58: ='4.1 Comptes 2023 natures'!BF155 -> 5004002.4 | C58: ='4.1 Comptes 2023 natures'!BF156 -> 1115404.2 | D58: ='4.1 Comptes 2023 natures'!BF154 -> 6119406.6 | E58: ='4.9 Comptes 2023 par habitant'!BF154 -> 581.08505 | F58: ='4.1 Comptes 2023 natures'!BF63 -> 5208774.7 | G58: ='4.1 Comptes 2023 natures'!BF139 -> 0
A59: District de Porrentruy | B59: ='4.1 Comptes 2023 natures'!BG155 -> 36379.46 | C59: ='4.1 Comptes 2023 natures'!BG156 -> 560574.89 | D59: ='4.1 Comptes 2023 natures'!BG154 -> 596954.35 | E59: ='4.9 Comptes 2023 par habitant'!BG154 -> 24.508533 | F59: ='4.1 Comptes 2023 natures'!BG63 -> 4574938.1 | G59: ='4.1 Comptes 2023 natures'!BG139 -> 6571.4

Sheet 4.9 Comptes 2023 par habitant
A2: Comptes de résultats par natures 2023
E3: ='Base de données pop.'!C2 -> 961 | F3: ='Base de données pop.'!C3 -> 261 | G3: ='Base de données pop.'!C4 -> 494 | H3: ='Base de données pop.'!C5 -> 445 | I3: ='Base de données pop.'!C6 -> 3667 | J3: ='Base de données pop.'!C7 -> 3396 | K3: ='Base de données pop.'!C8 -> 2724 | L3: ='Base de données pop.'!C9 -> 12739 | M3: ='Base de données pop.'!C10 -> 1372 | N3: ='Base de données pop.'!C11 -> 117 | O3: ='Base de données pop.'!C12 -> 7362 | P3: ='Base de données pop.'!C13 -> 535 | Q3: ='Base de données pop.'!C14 -> 112 | R3: ='Base de données pop.'!C15 -> 420 | S3: ='Base de données pop.'!C16 -> 349 | T3: ='Base de données pop.'!C17 -> 733 | U3: ='Base de données pop.'!C18 -> 273 | V3: ='Base de données pop.'!C19 -> 431 | W3: ='Base de données pop.'!C20 -> 3269 | X3: ='Base de données pop.'!C21 -> 305 | Y3: ='Base de données pop.'!C22 -> 1252 | Z3: ='Base de données pop.'!C23 -> 1642 | AA3: ='Base de données pop.'!C24 -> 149 | AB3: ='Base de données pop.'!C25 -> 510 | AC3: ='Base de données pop.'!C26 -> 710 | AD3: ='Base de données pop.'!C27 -> 566 | AE3: ='Base de données pop.'!C28 -> 508 | AF3: ='Base de données pop.'!C29 -> 1957 | AG3: ='Base de données pop.'!C30 -> 2568 | AH3: ='Base de données pop.'!C31 -> 239 | AI3: ='Base de données pop.'!C32 -> 125 | AJ3: ='Base de données pop.'!C33 -> 1907 | AK3: ='Base de données pop.'!C34 -> 1134 | AL3: ='Base de données pop.'!C35 -> 1203 | AM3: ='Base de données pop.'!C36 -> 112 | AN3: ='Base de données pop.'!C37 -> 1171 | AO3: ='Base de données pop.'!C38 -> 655 | AP3: ='Base de données pop.'!C39 -> 631 | AQ3: ='Base de données pop.'!C40 -> 1294 | AR3: ='Base de données pop.'!C41 -> 721 | AS3: ='Base de données pop.'!C42 -> 1060 | AT3: ='Base de données pop.'!C43 -> 314 | AU3: ='Base de données pop.'!C44 -> 2453 | AV3: ='Base de données pop.'!C45 -> 774 | AW3: ='Base de données pop.'!C46 -> 363 | AX3: ='Base de données pop.'!C47 -> 332 | AY3: ='Base de données pop.'!C48 -> 1647 | AZ3: ='Base de données pop.'!C49 -> 381 | BA3: ='Base de données pop.'!C50 -> 1057 | BB3: ='Base de données pop.'!C51 -> 6601 | BC3: ='Base de données pop.'!C52 -> 547 | BD3: =SUM(E3:BC3) -> 74548 | BE3: =SUM(E3:W3) -> 39660 | BF3: =SUM(X3:AI3) -> 10531 | BG3: =SUM(AJ3:BC3) -> 24357
E4: Boécourt | F4: Bourrignon | G4: Châtillon | H4: Courchapoix | I4: Courrendlin | J4: Courroux | K4: Courtételle | L4: Delémont | M4: Develier | N4: Ederswiler | O4: Haute-Sorne | P4: Mervelier | Q4: Mettembert | R4: Movelier | S4: Pleigne | T4: Rossemaison | U4: Saulcy | V4: Soyhières | W4: Val Terbi | X4: Le Bémont | Y4: Les Bois | Z4: Les Breuleux | AA4: Les Enfers | AB4: Les Genevez | AC4: Lajoux | AD4: Montfaucon | AE4: Muriaux | AF4: Le Noirmont | AG4: Saignelégier | AH4: Saint-Brais | AI4: Soubey | AJ4: Alle | AK4: La Baroche | AL4: Basse-Allaine | AM4: Beurnevésin | AN4: Boncourt | AO4: Bonfol | AP4: Bure | AQ4: Clos du Doubs | AR4: Coeuve | AS4: Cornol | AT4: Courchavon | AU4: Courgenay | AV4: Courtedoux | AW4: Damphreux-Lugnez | AX4: Fahy | AY4: Fontenais | AZ4: Grandfontaine | BA4: Haute-Ajoie | BB4: Porrentruy | BC4: Vendlincourt | BD4: Total | BE4: Delémont | BF4: Franches-Montagnes | BG4: Porrentruy
A5: 3 | D5: Charges | E5: =E6+E16+E28+E32+E40+E44+E54+E57+E65 -> 4033.2317 | F5: =F6+F16+F28+F32+F40+F44+F54+F57+F65 -> 4154.5522 | G5: =G6+G16+G28+G32+G40+G44+G54+G57+G65 -> 3263.3545 | H5: =H6+H16+H28+H32+H40+H44+H54+H57+H65 -> 4777.4205 | I5: =I6+I16+I28+I32+I40+I44+I54+I57+I65 -> 4750.3581 | J5: =J6+J16+J28+J32+J40+J44+J54+J57+J65 -> 4401.942 | K5: =K6+K16+K28+K32+K40+K44+K54+K57+K65 -> 4376.5425 | L5: =L6+L16+L28+L32+L40+L44+L54+L57+L65 -> 9589.6745 | ... BG5: =BG6+BG16+BG28+BG32+BG40+BG44+BG54+BG57+BG65 -> 5420.5267
B6: 30 | D6: Charges du personnel | E6: =E7+E8+E9+E10+E11+E12+E13+E14 -> 501.75593 | F6: =F7+F8+F9+F10+F11+F12+F13+F14 -> 198.47644 | G6: =G7+G8+G9+G10+G11+G12+G13+G14 -> 267.04787 | H6: =H7+H8+H9+H10+H11+H12+H13+H14 -> 654.9682 | I6: =I7+I8+I9+I10+I11+I12+I13+I14 -> 787.59909 | J6: =J7+J8+J9+J10+J11+J12+J13+J14 -> 893.4518 | K6: =K7+K8+K9+K10+K11+K12+K13+K14 -> 418.89486 | L6: =L7+L8+L9+L10+L11+L12+L13+L14 -> 1998.4498 | ... BG6: =BG7+BG8+BG9+BG10+BG11+BG12+BG13+BG14 -> 953.92397
C7: 300 | D7: Autorités et commissions | E7: ='4.1 Comptes 2023 natures'!E7/'4.1 Comptes 2023 natures'!E3 -> 43.858845 | F7: ='4.1 Comptes 2023 natures'!F7/'4.1 Comptes 2023 natures'!F3 -> 71.157088 | G7: ='4.1 Comptes 2023 natures'!G7/'4.1 Comptes 2023 natures'!G3 -> 55.557186 | H7: ='4.1 Comptes 2023 natures'!H7/'4.1 Comptes 2023 natures'!H3 -> 113.2918 | I7: ='4.1 Comptes 2023 natures'!I7/'4.1 Comptes 2023 natures'!I3 -> 40.747014 | J7: ='4.1 Comptes 2023 natures'!J7/'4.1 Comptes 2023 natures'!J3 -> 43.805065 | K7: ='4.1 Comptes 2023 natures'!K7/'4.1 Comptes 2023 natures'!K3 -> 52.812555 | L7: ='4.1 Comptes 2023 natures'!L7/'4.1 Comptes 2023 natures'!L3 -> 51.997056 | ... BG7: ='4.1 Comptes 2023 natures'!BG7/'4.1 Comptes 2023 natures'!BG3 -> 47.606132
C8: 301 | D8: Personnel administratif et d'exploitation | E8: ='4.1 Comptes 2023 natures'!E8/'4.1 Comptes 2023 natures'!E3 -> 383.91993 | F8: ='4.1 Comptes 2023 natures'!F8/'4.1 Comptes 2023 natures'!F3 -> 112.47126 | G8: ='4.1 Comptes 2023 natures'!G8/'4.1 Comptes 2023 natures'!G3 -> 176.92925 | H8: ='4.1 Comptes 2023 natures'!H8/'4.1 Comptes 2023 natures'!H3 -> 447.7318 | I8: ='4.1 Comptes 2023 natures'!I8/'4.1 Comptes 2023 natures'!I3 -> 601.89959 | J8: ='4.1 Comptes 2023 natures'!J8/'4.1 Comptes 2023 natures'!J3 -> 676.95913 | K8: ='4.1 Comptes 2023 natures'!K8/'4.1 Comptes 2023 natures'!K3 -> 287.08744 | L8: ='4.1 Comptes 2023 natures'!L8/'4.1 Comptes 2023 natures'!L3 -> 1594.8962 | ... BG8: ='4.1 Comptes 2023 natures'!BG8/'4.1 Comptes 2023 natures'!BG3 -> 742.89868
C9: 302 | D9: Enseignants | E9: ='4.1 Comptes 2023 natures'!E9/'4.1 Comptes 2023 natures'!E3 -> 0 | F9: ='4.1 Comptes 2023 natures'!F9/'4.1 Comptes 2023 natures'!F3 -> 0 | G9: ='4.1 Comptes 2023 natures'!G9/'4.1 Comptes 2023 natures'!G3 -> 0 | H9: ='4.1 Comptes 2023 natures'!H9/'4.1 Comptes 2023 natures'!H3 -> 0 | I9: ='4.1 Comptes 2023 natures'!I9/'4.1 Comptes 2023 natures'!I3 -> 0 | J9: ='4.1 Comptes 2023 natures'!J9/'4.1 Comptes 2023 natures'!J3 -> 0 | K9: ='4.1 Comptes 2023 natures'!K9/'4.1 Comptes 2023 natures'!K3 -> 0 | L9: ='4.1 Comptes 2023 natures'!L9/'4.1 Comptes 2023 natures'!L3 -> 0 | ... BG9: ='4.1 Comptes 2023 natures'!BG9/'4.1 Comptes 2023 natures'!BG3 -> 0
C10: 303 | D10: Personnel temporaire administratif et d'exploitation | E10: ='4.1 Comptes 2023 natures'!E10/'4.1 Comptes 2023 natures'!E3 -> 0 | F10: ='4.1 Comptes 2023 natures'!F10/'4.1 Comptes 2023 natures'!F3 -> 0 | G10: ='4.1 Comptes 2023 natures'!G10/'4.1 Comptes 2023 natures'!G3 -> 0 | H10: ='4.1 Comptes 2023 natures'!H10/'4.1 Comptes 2023 natures'!H3 -> 0 | I10: ='4.1 Comptes 2023 natures'!I10/'4.1 Comptes 2023 natures'!I3 -> 0 | J10: ='4.1 Comptes 2023 natures'!J10/'4.1 Comptes 2023 natures'!J3 -> 0 | K10: ='4.1 Comptes 2023 natures'!K10/'4.1 Comptes 2023 natures'!K3 -> 0 | L10: ='4.1 Comptes 2023 natures'!L10/'4.1 Comptes 2023 natures'!L3 -> 0 | ... BG10: ='4.1 Comptes 2023 natures'!BG10/'4.1 Comptes 2023 natures'!BG3 -> 0.108437
C11: 304 | D11: Allocations et indemnités | E11: ='4.1 Comptes 2023 natures'!E11/'4.1 Comptes 2023 natures'!E3 -> 0 | F11: ='4.1 Comptes 2023 natures'!F11/'4.1 Comptes 2023 natures'!F3 -> 0 | G11: ='4.1 Comptes 2023 natures'!G11/'4.1 Comptes 2023 natures'!G3 -> 0 | H11: ='4.1 Comptes 2023 natures'!H11/'4.1 Comptes 2023 natures'!H3 -> 0 | I11: ='4.1 Comptes 2023 natures'!I11/'4.1 Comptes 2023 natures'!I3 -> 0 | J11: ='4.1 Comptes 2023 natures'!J11/'4.1 Comptes 2023 natures'!J3 -> 3.4402061 | K11: ='4.1 Comptes 2023 natures'!K11/'4.1 Comptes 2023 natures'!K3 -> 0 | L11: ='4.1 Comptes 2023 natures'!L11/'4.1 Comptes 2023 natures'!L3 -> 0 | ... BG11: ='4.1 Comptes 2023 natures'!BG11/'4.1 Comptes 2023 natures'!BG3 -> 0.056451944
C12: 305 | D12: Charges de l'employeur | E12: ='4.1 Comptes 2023 natures'!E12/'4.1 Comptes 2023 natures'!E3 -> 69.665453 | F12: ='4.1 Comptes 2023 natures'!F12/'4.1 Comptes 2023 natures'!F3 -> 13.036973 | G12: ='4.1 Comptes 2023 natures'!G12/'4.1 Comptes 2023 natures'!G3 -> 31.931883 | H12: ='4.1 Comptes 2023 natures'!H12/'4.1 Comptes 2023 natures'!H3 -> 93.944607 | I12: ='4.1 Comptes 2023 natures'!I12/'4.1 Comptes 2023 natures'!I3 -> 139.48564 | J12: ='4.1 Comptes 2023 natures'!J12/'4.1 Comptes 2023 natures'!J3 -> 160.6909 | K12: ='4.1 Comptes 2023 natures'!K12/'4.1 Comptes 2023 natures'!K3 -> 72.443245 | L12: ='4.1 Comptes 2023 natures'!L12/'4.1 Comptes 2023 natures'!L3 -> 328.84757 | ... BG12: ='4.1 Comptes 2023 natures'!BG12/'4.1 Comptes 2023 natures'!BG3 -> 155.8537
C13: 306 | D13: Prestations sociales de l'employeur | E13: ='4.1 Comptes 2023 natures'!E13/'4.1 Comptes 2023 natures'!E3 -> 0 | F13: ='4.1 Comptes 2023 natures'!F13/'4.1 Comptes 2023 natures'!F3 -> 0 | G13: ='4.1 Comptes 2023 natures'!G13/'4.1 Comptes 2023 natures'!G3 -> 0 | H13: ='4.1 Comptes 2023 natures'!H13/'4.1 Comptes 2023 natures'!H3 -> 0 | I13: ='4.1 Comptes 2023 natures'!I13/'4.1 Comptes 2023 natures'!I3 -> 0.67032997 | J13: ='4.1 Comptes 2023 natures'!J13/'4.1 Comptes 2023 natures'!J3 -> 0 | K13: ='4.1 Comptes 2023 natures'!K13/'4.1 Comptes 2023 natures'!K3 -> 0 | L13: ='4.1 Comptes 2023 natures'!L13/'4.1 Comptes 2023 natures'!L3 -> 3.4903917 | ... BG13: ='4.1 Comptes 2023 natures'!BG13/'4.1 Comptes 2023 natures'!BG3 -> 0
C14: 309 | D14: Autres charges du personnel | E14: ='4.1 Comptes 2023 natures'!E14/'4.1 Comptes 2023 natures'!E3 -> 4.3117066 | F14: ='4.1 Comptes 2023 natures'!F14/'4.1 Comptes 2023 natures'!F3 -> 1.8111111 | G14: ='4.1 Comptes 2023 natures'!G14/'4.1 Comptes 2023 natures'!G3 -> 2.6295547 | H14: ='4.1 Comptes 2023 natures'!H14/'4.1 Comptes 2023 natures'!H3 -> 0 | I14: ='4.1 Comptes 2023 natures'!I14/'4.1 Comptes 2023 natures'!I3 -> 4.7965176 | J14: ='4.1 Comptes 2023 natures'!J14/'4.1 Comptes 2023 natures'!J3 -> 8.5564988 | K14: ='4.1 Comptes 2023 natures'!K14/'4.1 Comptes 2023 natures'!K3 -> 6.5516153 | L14: ='4.1 Comptes 2023 natures'!L14/'4.1 Comptes 2023 natures'!L3 -> 19.218556 | ... BG14: ='4.1 Comptes 2023 natures'!BG14/'4.1 Comptes 2023 natures'!BG3 -> 7.4005715
B16: 31 | D16: Charges de biens et de services et autres charges d'exploitation | E16: =E17+E18+E19+E20+E21+E22+E23+E24+E25+E26 -> 621.61816 | F16: =F17+F18+F19+F20+F21+F22+F23+F24+F25+F26 -> 773.19149 | G16: =G17+G18+G19+G20+G21+G22+G23+G24+G25+G26 -> 348.00316 | H16: =H17+H18+H19+H20+H21+H22+H23+H24+H25+H26 -> 1208.44 | I16: =I17+I18+I19+I20+I21+I22+I23+I24+I25+I26 -> 1154.0377 | J16: =J17+J18+J19+J20+J21+J22+J23+J24+J25+J26 -> 935.17695 | K16: =K17+K18+K19+K20+K21+K22+K23+K24+K25+K26 -> 677.81282 | L16: =L17+L18+L19+L20+L21+L22+L23+L24+L25+L26 -> 2961.4833 | ... BG16: =BG17+BG18+BG19+BG20+BG21+BG22+BG23+BG24+BG25+BG26 -> 938.65732
C17: 310 | D17: Charges de matériel et de marchandises | E17: ='4.1 Comptes 2023 natures'!E17/'4.1 Comptes 2023 natures'!E3 -> 62.811207 | F17: ='4.1 Comptes 2023 natures'!F17/'4.1 Comptes 2023 natures'!F3 -> 43.704598 | G17: ='4.1 Comptes 2023 natures'!G17/'4.1 Comptes 2023 natures'!G3 -> 25.931073 | H17: ='4.1 Comptes 2023 natures'!H17/'4.1 Comptes 2023 natures'!H3 -> 80.392989 | I17: ='4.1 Comptes 2023 natures'!I17/'4.1 Comptes 2023 natures'!I3 -> 108.76305 | J17: ='4.1 Comptes 2023 natures'!J17/'4.1 Comptes 2023 natures'!J3 -> 80.971782 | K17: ='4.1 Comptes 2023 natures'!K17/'4.1 Comptes 2023 natures'!K3 -> 74.017015 | L17: ='4.1 Comptes 2023 natures'!L17/'4.1 Comptes 2023 natures'!L3 -> 155.05357 | ... BG17: ='4.1 Comptes 2023 natures'!BG17/'4.1 Comptes 2023 natures'!BG3 -> 103.89734
C18: 311 | D18: Immobilisation ne pouvant être portées à l'actif | E18: ='4.1 Comptes 2023 natures'!E18/'4.1 Comptes 2023 natures'!E3 -> 46.217326 | F18: ='4.1 Comptes 2023 natures'!F18/'4.1 Comptes 2023 natures'!F3 -> 6.9869732 | G18: ='4.1 Comptes 2023 natures'!G18/'4.1 Comptes 2023 natures'!G3 -> 9.6155466 | H18: ='4.1 Comptes 2023 natures'!H18/'4.1 Comptes 2023 natures'!H3 -> 12.013371 | I18: ='4.1 Comptes 2023 natures'!I18/'4.1 Comptes 2023 natures'!I3 -> 14.784982 | J18: ='4.1 Comptes 2023 natures'!J18/'4.1 Comptes 2023 natures'!J3 -> 14.85816 | K18: ='4.1 Comptes 2023 natures'!K18/'4.1 Comptes 2023 natures'!K3 -> 9.6366116 | L18: ='4.1 Comptes 2023 natures'!L18/'4.1 Comptes 2023 natures'!L3 -> 33.639409 | ... BG18: ='4.1 Comptes 2023 natures'!BG18/'4.1 Comptes 2023 natures'!BG3 -> 33.36704
C19: 312 | D19: Alimentations et éliminations des biens-fonds du PA | E19: ='4.1 Comptes 2023 natures'!E19/'4.1 Comptes 2023 natures'!E3 -> 94.173517 | F19: ='4.1 Comptes 2023 natures'!F19/'4.1 Comptes 2023 natures'!F3 -> 183.80739 | G19: ='4.1 Comptes 2023 natures'!G19/'4.1 Comptes 2023 natures'!G3 -> 38.368117 | H19: ='4.1 Comptes 2023 natures'!H19/'4.1 Comptes 2023 natures'!H3 -> 450.56337 | I19: ='4.1 Comptes 2023 natures'!I19/'4.1 Comptes 2023 natures'!I3 -> 537.08703 | J19: ='4.1 Comptes 2023 natures'!J19/'4.1 Comptes 2023 natures'!J3 -> 486.9748 | K19: ='4.1 Comptes 2023 natures'!K19/'4.1 Comptes 2023 natures'!K3 -> 159.59431 | L19: ='4.1 Comptes 2023 natures'!L19/'4.1 Comptes 2023 natures'!L3 -> 2222.2291 | ... BG19: ='4.1 Comptes 2023 natures'!BG19/'4.1 Comptes 2023 natures'!BG3 -> 145.30993
C20: 313 | D20: Prestations de services et honoraires | E20: ='4.1 Comptes 2023 natures'!E20/'4.1 Comptes 2023 natures'!E3 -> 174.47576 | F20: ='4.1 Comptes 2023 natures'!F20/'4.1 Comptes 2023 natures'!F3 -> 339.30314 | G20: ='4.1 Comptes 2023 natures'!G20/'4.1 Comptes 2023 natures'!G3 -> 192.98439 | H20: ='4.1 Comptes 2023 natures'!H20/'4.1 Comptes 2023 natures'!H3 -> 280.32973 | I20: ='4.1 Comptes 2023 natures'!I20/'4.1 Comptes 2023 natures'!I3 -> 215.87576 | J20: ='4.1 Comptes 2023 natures'!J20/'4.1 Comptes 2023 natures'!J3 -> 208.03646 | K20: ='4.1 Comptes 2023 natures'!K20/'4.1 Comptes 2023 natures'!K3 -> 148.74885 | L20: ='4.1 Comptes 2023 natures'!L20/'4.1 Comptes 2023 natures'!L3 -> 275.43847 | ... BG20: ='4.1 Comptes 2023 natures'!BG20/'4.1 Comptes 2023 natures'!BG3 -> 320.15947
C21: 314 | D21: Gros entretien et entretien courant du PA | E21: ='4.1 Comptes 2023 natures'!E21/'4.1 Comptes 2023 natures'!E3 -> 137.33023 | F21: ='4.1 Comptes 2023 natures'!F21/'4.1 Comptes 2023 natures'!F3 -> 125.58521 | G21: ='4.1 Comptes 2023 natures'!G21/'4.1 Comptes 2023 natures'!G3 -> 109.95162 | H21: ='4.1 Comptes 2023 natures'!H21/'4.1 Comptes 2023 natures'!H3 -> 97.55391 | I21: ='4.1 Comptes 2023 natures'!I21/'4.1 Comptes 2023 natures'!I3 -> 121.72143 | J21: ='4.1 Comptes 2023 natures'!J21/'4.1 Comptes 2023 natures'!J3 -> 75.953451 | K21: ='4.1 Comptes 2023 natures'!K21/'4.1 Comptes 2023 natures'!K3 -> 195.78482 | L21: ='4.1 Comptes 2023 natures'!L21/'4.1 Comptes 2023 natures'!L3 -> 84.317895 | ... BG21: ='4.1 Comptes 2023 natures'!BG21/'4.1 Comptes 2023 natures'!BG3 -> 174.93331
C22: 315 | D22: Entretien des biens mobiliers et des immobilisations corporelles du PA | E22: ='4.1 Comptes 2023 natures'!E22/'4.1 Comptes 2023 natures'!E3 -> 57.697763 | F22: ='4.1 Comptes 2023 natures'!F22/'4.1 Comptes 2023 natures'!F3 -> 47.460153 | G22: ='4.1 Comptes 2023 natures'!G22/'4.1 Comptes 2023 natures'!G3 -> 15.901316 | H22: ='4.1 Comptes 2023 natures'!H22/'4.1 Comptes 2023 natures'!H3 -> 44.342472 | I22: ='4.1 Comptes 2023 natures'!I22/'4.1 Comptes 2023 natures'!I3 -> 50.317014 | J22: ='4.1 Comptes 2023 natures'!J22/'4.1 Comptes 2023 natures'!J3 -> 6.547821 | K22: ='4.1 Comptes 2023 natures'!K22/'4.1 Comptes 2023 natures'!K3 -> 31.097952 | L22: ='4.1 Comptes 2023 natures'!L22/'4.1 Comptes 2023 natures'!L3 -> 75.528823 | ... BG22: ='4.1 Comptes 2023 natures'!BG22/'4.1 Comptes 2023 natures'!BG3 -> 54.128465
C23: 316 | D23: Loyers - crédits-bails (leasing) - baux à fermes - taxes d'utilisation | E23: ='4.1 Comptes 2023 natures'!E23/'4.1 Comptes 2023 natures'!E3 -> 4.0345473 | F23: ='4.1 Comptes 2023 natures'!F23/'4.1 Comptes 2023 natures'!F3 -> 12.47682 | G23: ='4.1 Comptes 2023 natures'!G23/'4.1 Comptes 2023 natures'!G3 -> 1.4390688 | H23: ='4.1 Comptes 2023 natures'!H23/'4.1 Comptes 2023 natures'!H3 -> 193.79371 | I23: ='4.1 Comptes 2023 natures'!I23/'4.1 Comptes 2023 natures'!I3 -> 10.634429 | J23: ='4.1 Comptes 2023 natures'!J23/'4.1 Comptes 2023 natures'!J3 -> 10.228813 | K23: ='4.1 Comptes 2023 natures'!K23/'4.1 Comptes 2023 natures'!K3 -> 15.789923 | L23: ='4.1 Comptes 2023 natures'!L23/'4.1 Comptes 2023 natures'!L3 -> 60.734218 | ... BG23: ='4.1 Comptes 2023 natures'!BG23/'4.1 Comptes 2023 natures'!BG3 -> 42.255731
C24: 317 | D24: Indemnités et dédommagements | E24: ='4.1 Comptes 2023 natures'!E24/'4.1 Comptes 2023 natures'!E3 -> 20.847347 | F24: ='4.1 Comptes 2023 natures'!F24/'4.1 Comptes 2023 natures'!F3 -> 12.407663 | G24: ='4.1 Comptes 2023 natures'!G24/'4.1 Comptes 2023 natures'!G3 -> 1.7662955 | H24: ='4.1 Comptes 2023 natures'!H24/'4.1 Comptes 2023 natures'!H3 -> 15.797416 | I24: ='4.1 Comptes 2023 natures'!I24/'4.1 Comptes 2023 natures'!I3 -> 20.630365 | J24: ='4.1 Comptes 2023 natures'!J24/'4.1 Comptes 2023 natures'!J3 -> 14.943616 | K24: ='4.1 Comptes 2023 natures'!K24/'4.1 Comptes 2023 natures'!K3 -> 8.9640235 | L24: ='4.1 Comptes 2023 natures'!L24/'4.1 Comptes 2023 natures'!L3 -> 5.8331298 | ... BG24: ='4.1 Comptes 2023 natures'!BG24/'4.1 Comptes 2023 natures'!BG3 -> 13.708818
C25: 318 | D25: Réévaluations de créances | E25: ='4.1 Comptes 2023 natures'!E25/'4.1 Comptes 2023 natures'!E3 -> 22.543985 | F25: ='4.1 Comptes 2023 natures'!F25/'4.1 Comptes 2023 natures'!F3 -> 1.0763985 | G25: ='4.1 Comptes 2023 natures'!G25/'4.1 Comptes 2023 natures'!G3 -> -57.450223 | H25: ='4.1 Comptes 2023 natures'!H25/'4.1 Comptes 2023 natures'!H3 -> 22.319663 | I25: ='4.1 Comptes 2023 natures'!I25/'4.1 Comptes 2023 natures'!I3 -> 64.601636 | J25: ='4.1 Comptes 2023 natures'!J25/'4.1 Comptes 2023 natures'!J3 -> 28.731384 | K25: ='4.1 Comptes 2023 natures'!K25/'4.1 Comptes 2023 natures'!K3 -> 26.794104 | L25: ='4.1 Comptes 2023 natures'!L25/'4.1 Comptes 2023 natures'!L3 -> 36.705599 | ... BG25: ='4.1 Comptes 2023 natures'!BG25/'4.1 Comptes 2023 natures'!BG3 -> 37.149157
C26: 319 | D26: Divers charges d'exploitation | E26: ='4.1 Comptes 2023 natures'!E26/'4.1 Comptes 2023 natures'!E3 -> 1.4864724 | F26: ='4.1 Comptes 2023 natures'!F26/'4.1 Comptes 2023 natures'!F3 -> 0.38314176 | G26: ='4.1 Comptes 2023 natures'!G26/'4.1 Comptes 2023 natures'!G3 -> 9.4959514 | H26: ='4.1 Comptes 2023 natures'!H26/'4.1 Comptes 2023 natures'!H3 -> 11.333371 | I26: ='4.1 Comptes 2023 natures'!I26/'4.1 Comptes 2023 natures'!I3 -> 9.6220235 | J26: ='4.1 Comptes 2023 natures'!J26/'4.1 Comptes 2023 natures'!J3 -> 7.9306684 | K26: ='4.1 Comptes 2023 natures'!K26/'4.1 Comptes 2023 natures'!K3 -> 7.3852019 | L26: ='4.1 Comptes 2023 natures'!L26/'4.1 Comptes 2023 natures'!L3 -> 12.003175 | ... BG26: ='4.1 Comptes 2023 natures'!BG26/'4.1 Comptes 2023 natures'!BG3 -> 13.748074
B28: 33 | D28: Amortissements du patrimoine administratif | E28: =E29+E30 -> 283.00696 | F28: =F29+F30 -> 341.51341 | G28: =G29+G30 -> 158.93755 | H28: =H29+H30 -> 305.28742 | I28: =I29+I30 -> 274.62473 | J28: =J29+J30 -> 302.45002 | K28: =K29+K30 -> 214.56986 | L28: =L29+L30 -> 500.64676 | ... BG28: =BG29+BG30 -> 352.56165
C29: 330 | D29: Amortissements des immobilisations corporelles du PA | E29: ='4.1 Comptes 2023 natures'!E29/'4.1 Comptes 2023 natures'!E3 -> 283.00696 | F29: ='4.1 Comptes 2023 natures'!F29/'4.1 Comptes 2023 natures'!F3 -> 294.4636 | G29: ='4.1 Comptes 2023 natures'!G29/'4.1 Comptes 2023 natures'!G3 -> 155.40213 | H29: ='4.1 Comptes 2023 natures'!H29/'4.1 Comptes 2023 natures'!H3 -> 305.28742 | I29: ='4.1 Comptes 2023 natures'!I29/'4.1 Comptes 2023 natures'!I3 -> 274.62473 | J29: ='4.1 Comptes 2023 natures'!J29/'4.1 Comptes 2023 natures'!J3 -> 294.50562 | K29: ='4.1 Comptes 2023 natures'!K29/'4.1 Comptes 2023 natures'!K3 -> 213.84016 | L29: ='4.1 Comptes 2023 natures'!L29/'4.1 Comptes 2023 natures'!L3 -> 491.45818 | ... BG29: ='4.1 Comptes 2023 natures'!BG29/'4.1 Comptes 2023 natures'!BG3 -> 340.12233
C30: 332 | D30: Amortissements des immobilisations incorporelles du PA | E30: ='4.1 Comptes 2023 natures'!E30/'4.1 Comptes 2023 natures'!E3 -> 0 | F30: ='4.1 Comptes 2023 natures'!F30/'4.1 Comptes 2023 natures'!F3 -> 47.049808 | G30: ='4.1 Comptes 2023 natures'!G30/'4.1 Comptes 2023 natures'!G3 -> 3.5354251 | H30: ='4.1 Comptes 2023 natures'!H30/'4.1 Comptes 2023 natures'!H3 -> 0 | I30: ='4.1 Comptes 2023 natures'!I30/'4.1 Comptes 2023 natures'!I3 -> 0 | J30: ='4.1 Comptes 2023 natures'!J30/'4.1 Comptes 2023 natures'!J3 -> 7.9444022 | K30: ='4.1 Comptes 2023 natures'!K30/'4.1 Comptes 2023 natures'!K3 -> 0.72969897 | L30: ='4.1 Comptes 2023 natures'!L30/'4.1 Comptes 2023 natures'!L3 -> 9.1885839 | ... BG30: ='4.1 Comptes 2023 natures'!BG30/'4.1 Comptes 2023 natures'!BG3 -> 12.439317
B32: 34 | D32: Charges financières | E32: =E33+E34+E35+E36+E37+E38 -> 163.00224 | F32: =F33+F34+F35+F36+F37+F38 -> 158.64943 | G32: =G33+G34+G35+G36+G37+G38 -> 145.02611 | H32: =H33+H34+H35+H36+H37+H38 -> 168.73476 | I32: =I33+I34+I35+I36+I37+I38 -> 127.05597 | J32: =J33+J34+J35+J36+J37+J38 -> 107.16279 | K32: =K33+K34+K35+K36+K37+K38 -> 82.755936 | L32: =L33+L34+L35+L36+L37+L38 -> 246.29712 | ... BG32: =BG33+BG34+BG35+BG36+BG37+BG38 -> 146.72603
C33: 340 | D33: Charges d'intérets | E33: ='4.1 Comptes 2023 natures'!E33/'4.1 Comptes 2023 natures'!E3 -> 163.00224 | F33: ='4.1 Comptes 2023 natures'!F33/'4.1 Comptes 2023 natures'!F3 -> 118.07429 | G33: ='4.1 Comptes 2023 natures'!G33/'4.1 Comptes 2023 natures'!G3 -> 108.01893 | H33: ='4.1 Comptes 2023 natures'!H33/'4.1 Comptes 2023 natures'!H3 -> 136.82836 | I33: ='4.1 Comptes 2023 natures'!I33/'4.1 Comptes 2023 natures'!I3 -> 80.756848 | J33: ='4.1 Comptes 2023 natures'!J33/'4.1 Comptes 2023 natures'!J3 -> 95.071508 | K33: ='4.1 Comptes 2023 natures'!K33/'4.1 Comptes 2023 natures'!K3 -> 57.186267 | L33: ='4.1 Comptes 2023 natures'!L33/'4.1 Comptes 2023 natures'!L3 -> 198.56748 | ... BG33: ='4.1 Comptes 2023 natures'!BG33/'4.1 Comptes 2023 natures'!BG3 -> 110.73513
C34: 341 | D34: Pertes sur les placements financiers et les immobilisations du PF | E34: ='4.1 Comptes 2023 natures'!E34/'4.1 Comptes 2023 natures'!E3 -> 0 | F34: ='4.1 Comptes 2023 natures'!F34/'4.1 Comptes 2023 natures'!F3 -> 0 | G34: ='4.1 Comptes 2023 natures'!G34/'4.1 Comptes 2023 natures'!G3 -> 0 | H34: ='4.1 Comptes 2023 natures'!H34/'4.1 Comptes 2023 natures'!H3 -> 0 | I34: ='4.1 Comptes 2023 natures'!I34/'4.1 Comptes 2023 natures'!I3 -> 0 | J34: ='4.1 Comptes 2023 natures'!J34/'4.1 Comptes 2023 natures'!J3 -> 0 | K34: ='4.1 Comptes 2023 natures'!K34/'4.1 Comptes 2023 natures'!K3 -> 0 | L34: ='4.1 Comptes 2023 natures'!L34/'4.1 Comptes 2023 natures'!L3 -> 0 | ... BG34: ='4.1 Comptes 2023 natures'!BG34/'4.1 Comptes 2023 natures'!BG3 -> 1.7764831
C35: 342 | D35: Frais d'acquisitions des capitaux et frais administratifs | E35: ='4.1 Comptes 2023 natures'!E35/'4.1 Comptes 2023 natures'!E3 -> 0 | F35: ='4.1 Comptes 2023 natures'!F35/'4.1 Comptes 2023 natures'!F3 -> 0 | G35: ='4.1 Comptes 2023 natures'!G35/'4.1 Comptes 2023 natures'!G3 -> 0 | H35: ='4.1 Comptes 2023 natures'!H35/'4.1 Comptes 2023 natures'!H3 -> 0 | I35: ='4.1 Comptes 2023 natures'!I35/'4.1 Comptes 2023 natures'!I3 -> 0 | J35: ='4.1 Comptes 2023 natures'!J35/'4.1 Comptes 2023 natures'!J3 -> 0 | K35: ='4.1 Comptes 2023 natures'!K35/'4.1 Comptes 2023 natures'!K3 -> 0 | L35: ='4.1 Comptes 2023 natures'!L35/'4.1 Comptes 2023 natures'!L3 -> 0 | ... BG35: ='4.1 Comptes 2023 natures'!BG35/'4.1 Comptes 2023 natures'!BG3 -> 0
C36: 343 | D36: Charges pour les biens-fonds du PF | E36: ='4.1 Comptes 2023 natures'!E36/'4.1 Comptes 2023 natures'!E3 -> 0 | F36: ='4.1 Comptes 2023 natures'!F36/'4.1 Comptes 2023 natures'!F3 -> 40.573985 | G36: ='4.1 Comptes 2023 natures'!G36/'4.1 Comptes 2023 natures'!G3 -> 37.007186 | H36: ='4.1 Comptes 2023 natures'!H36/'4.1 Comptes 2023 natures'!H3 -> 31.906404 | I36: ='4.1 Comptes 2023 natures'!I36/'4.1 Comptes 2023 natures'!I3 -> 46.251126 | J36: ='4.1 Comptes 2023 natures'!J36/'4.1 Comptes 2023 natures'!J3 -> 12.088339 | K36: ='4.1 Comptes 2023 natures'!K36/'4.1 Comptes 2023 natures'!K3 -> 23.127471 | L36: ='4.1 Comptes 2023 natures'!L36/'4.1 Comptes 2023 natures'!L3 -> 47.729637 | ... BG36: ='4.1 Comptes 2023 natures'!BG36/'4.1 Comptes 2023 natures'!BG3 -> 33.410258
C37: 344 | D37: Réévaluations des immobilisations du PF | E37: ='4.1 Comptes 2023 natures'!E37/'4.1 Comptes 2023 natures'!E3 -> 0 | F37: ='4.1 Comptes 2023 natures'!F37/'4.1 Comptes 2023 natures'!F3 -> 0 | G37: ='4.1 Comptes 2023 natures'!G37/'4.1 Comptes 2023 natures'!G3 -> 0 | H37: ='4.1 Comptes 2023 natures'!H37/'4.1 Comptes 2023 natures'!H3 -> 0 | I37: ='4.1 Comptes 2023 natures'!I37/'4.1 Comptes 2023 natures'!I3 -> 0.047995637 | J37: ='4.1 Comptes 2023 natures'!J37/'4.1 Comptes 2023 natures'!J3 -> 0.0029446408 | K37: ='4.1 Comptes 2023 natures'!K37/'4.1 Comptes 2023 natures'!K3 -> 2.442199 | L37: ='4.1 Comptes 2023 natures'!L37/'4.1 Comptes 2023 natures'!L3 -> 0 | ... BG37: ='4.1 Comptes 2023 natures'!BG37/'4.1 Comptes 2023 natures'!BG3 -> 0.01730714
C38: 349 | D38: Autres charges financières | E38: ='4.1 Comptes 2023 natures'!E38/'4.1 Comptes 2023 natures'!E3 -> 0 | F38: ='4.1 Comptes 2023 natures'!F38/'4.1 Comptes 2023 natures'!F3 -> 0.0011494253 | G38: ='4.1 Comptes 2023 natures'!G38/'4.1 Comptes 2023 natures'!G3 -> 0 | H38: ='4.1 Comptes 2023 natures'!H38/'4.1 Comptes 2023 natures'!H3 -> 0 | I38: ='4.1 Comptes 2023 natures'!I38/'4.1 Comptes 2023 natures'!I3 -> 0 | J38: ='4.1 Comptes 2023 natures'!J38/'4.1 Comptes 2023 natures'!J3 -> 0 | K38: ='4.1 Comptes 2023 natures'!K38/'4.1 Comptes 2023 natures'!K3 -> 0 | L38: ='4.1 Comptes 2023 natures'!L38/'4.1 Comptes 2023 natures'!L3 -> 0 | ... BG38: ='4.1 Comptes 2023 natures'!BG38/'4.1 Comptes 2023 natures'!BG3 -> 0.78686004
B40: 35 | D40: Attributions aux financements spéciaux des capitaux de tiers | E40: =E41+E42 -> 9.5416753 | F40: =F41+F42 -> 71.981762 | G40: =G41+G42 -> 129.95445 | H40: =H41+H42 -> 0 | I40: =I41+I42 -> 118.16118 | J40: =J41+J42 -> 56.504932 | K40: =K41+K42 -> 78.709875 | L40: =L41+L42 -> 0 | ... BG40: =BG41+BG42 -> 94.130814
C41: 350 | D41: Attributions aux financements spéciaux des capitaux de tiers | E41: ='4.1 Comptes 2023 natures'!E41/'4.1 Comptes 2023 natures'!E3 -> 0 | F41: ='4.1 Comptes 2023 natures'!F41/'4.1 Comptes 2023 natures'!F3 -> 0 | G41: ='4.1 Comptes 2023 natures'!G41/'4.1 Comptes 2023 natures'!G3 -> 0 | H41: ='4.1 Comptes 2023 natures'!H41/'4.1 Comptes 2023 natures'!H3 -> 0 | I41: ='4.1 Comptes 2023 natures'!I41/'4.1 Comptes 2023 natures'!I3 -> 0 | J41: ='4.1 Comptes 2023 natures'!J41/'4.1 Comptes 2023 natures'!J3 -> 0 | K41: ='4.1 Comptes 2023 natures'!K41/'4.1 Comptes 2023 natures'!K3 -> 0 | L41: ='4.1 Comptes 2023 natures'!L41/'4.1 Comptes 2023 natures'!L3 -> 0 | ... BG41: ='4.1 Comptes 2023 natures'!BG41/'4.1 Comptes 2023 natures'!BG3 -> 0.92518167
C42: 351 | D42: Attributions aux financements spéciaux du capital propres | E42: ='4.1 Comptes 2023 natures'!E42/'4.1 Comptes 2023 natures'!E3 -> 9.5416753 | F42: ='4.1 Comptes 2023 natures'!F42/'4.1 Comptes 2023 natures'!F3 -> 71.981762 | G42: ='4.1 Comptes 2023 natures'!G42/'4.1 Comptes 2023 natures'!G3 -> 129.95445 | H42: ='4.1 Comptes 2023 natures'!H42/'4.1 Comptes 2023 natures'!H3 -> 0 | I42: ='4.1 Comptes 2023 natures'!I42/'4.1 Comptes 2023 natures'!I3 -> 118.16118 | J42: ='4.1 Comptes 2023 natures'!J42/'4.1 Comptes 2023 natures'!J3 -> 56.504932 | K42: ='4.1 Comptes 2023 natures'!K42/'4.1 Comptes 2023 natures'!K3 -> 78.709875 | L42: ='4.1 Comptes 2023 natures'!L42/'4.1 Comptes 2023 natures'!L3 -> 0 | ... BG42: ='4.1 Comptes 2023 natures'!BG42/'4.1 Comptes 2023 natures'!BG3 -> 93.205632
B44: 36 | D44: Charges de transferts | E44: =E45+E46+E47+E48+E49+E50+E51+E52 -> 2440.7526 | F44: =F45+F46+F47+F48+F49+F50+F51+F52 -> 2505.8728 | G44: =G45+G46+G47+G48+G49+G50+G51+G52 -> 2201.2087 | H44: =H45+H46+H47+H48+H49+H50+H51+H52 -> 2314.4849 | I44: =I45+I46+I47+I48+I49+I50+I51+I52 -> 2160.8561 | J44: =J45+J46+J47+J48+J49+J50+J51+J52 -> 2023.7651 | K44: =K45+K46+K47+K48+K49+K50+K51+K52 -> 2494.0483 | L44: =L45+L46+L47+L48+L49+L50+L51+L52 -> 3483.9281 | ... BG44: =BG45+BG46+BG47+BG48+BG49+BG50+BG51+BG52 -> 2712.7383
C45: 360 | D45: Parts de revenus destinés à des collectivités publiques | E45: ='4.1 Comptes 2023 natures'!E45/'4.1 Comptes 2023 natures'!E3 -> 5.9623309 | F45: ='4.1 Comptes 2023 natures'!F45/'4.1 Comptes 2023 natures'!F3 -> 5.2873563 | G45: ='4.1 Comptes 2023 natures'!G45/'4.1 Comptes 2023 natures'!G3 -> 2.9959514 | H45: ='4.1 Comptes 2023 natures'!H45/'4.1 Comptes 2023 natures'!H3 -> 2.1573034 | I45: ='4.1 Comptes 2023 natures'!I45/'4.1 Comptes 2023 natures'!I3 -> 4.7117044 | J45: ='4.1 Comptes 2023 natures'!J45/'4.1 Comptes 2023 natures'!J3 -> 36.639826 | K45: ='4.1 Comptes 2023 natures'!K45/'4.1 Comptes 2023 natures'!K3 -> 1.5785609 | L45: ='4.1 Comptes 2023 natures'!L45/'4.1 Comptes 2023 natures'!L3 -> 2.086243 | ... BG45: ='4.1 Comptes 2023 natures'!BG45/'4.1 Comptes 2023 natures'!BG3 -> 2.9654904
C46: 361 | D46: Dédommagements aux collectivités publiques | E46: ='4.1 Comptes 2023 natures'!E46/'4.1 Comptes 2023 natures'!E3 -> 1862.6766 | F46: ='4.1 Comptes 2023 natures'!F46/'4.1 Comptes 2023 natures'!F3 -> 1606.3559 | G46: ='4.1 Comptes 2023 natures'!G46/'4.1 Comptes 2023 natures'!G3 -> 1789.3786 | H46: ='4.1 Comptes 2023 natures'!H46/'4.1 Comptes 2023 natures'!H3 -> 1592.51 | I46: ='4.1 Comptes 2023 natures'!I46/'4.1 Comptes 2023 natures'!I3 -> 1331.197 | J46: ='4.1 Comptes 2023 natures'!J46/'4.1 Comptes 2023 natures'!J3 -> 1322.9771 | K46: ='4.1 Comptes 2023 natures'!K46/'4.1 Comptes 2023 natures'!K3 -> 1829.9117 | L46: ='4.1 Comptes 2023 natures'!L46/'4.1 Comptes 2023 natures'!L3 -> 1515.9434 | ... BG46: ='4.1 Comptes 2023 natures'!BG46/'4.1 Comptes 2023 natures'!BG3 -> 1749.1028
C47: 362 | D47: Péréquation financière et compensation de charges | E47: ='4.1 Comptes 2023 natures'!E47/'4.1 Comptes 2023 natures'!E3 -> 0 | F47: ='4.1 Comptes 2023 natures'!F47/'4.1 Comptes 2023 natures'!F3 -> 26.176245 | G47: ='4.1 Comptes 2023 natures'!G47/'4.1 Comptes 2023 natures'!G3 -> 0 | H47: ='4.1 Comptes 2023 natures'!H47/'4.1 Comptes 2023 natures'!H3 -> 0 | I47: ='4.1 Comptes 2023 natures'!I47/'4.1 Comptes 2023 natures'!I3 -> 43.332424 | J47: ='4.1 Comptes 2023 natures'!J47/'4.1 Comptes 2023 natures'!J3 -> 42.223204 | K47: ='4.1 Comptes 2023 natures'!K47/'4.1 Comptes 2023 natures'!K3 -> 88.603157 | L47: ='4.1 Comptes 2023 natures'!L47/'4.1 Comptes 2023 natures'!L3 -> 67.55546 | ... BG47: ='4.1 Comptes 2023 natures'!BG47/'4.1 Comptes 2023 natures'!BG3 -> 99.270887
C48: 363 | D48: Subventions à des collectivités publiques et des tiers | E48: ='4.1 Comptes 2023 natures'!E48/'4.1 Comptes 2023 natures'!E3 -> 563.88757 | F48: ='4.1 Comptes 2023 natures'!F48/'4.1 Comptes 2023 natures'!F3 -> 860.91533 | G48: ='4.1 Comptes 2023 natures'!G48/'4.1 Comptes 2023 natures'!G3 -> 408.83411 | H48: ='4.1 Comptes 2023 natures'!H48/'4.1 Comptes 2023 natures'!H3 -> 618.93303 | I48: ='4.1 Comptes 2023 natures'!I48/'4.1 Comptes 2023 natures'!I3 -> 736.23811 | J48: ='4.1 Comptes 2023 natures'!J48/'4.1 Comptes 2023 natures'!J3 -> 609.16411 | K48: ='4.1 Comptes 2023 natures'!K48/'4.1 Comptes 2023 natures'!K3 -> 568.64374 | L48: ='4.1 Comptes 2023 natures'!L48/'4.1 Comptes 2023 natures'!L3 -> 1484.6347 | ... BG48: ='4.1 Comptes 2023 natures'!BG48/'4.1 Comptes 2023 natures'!BG3 -> 859.29555
C49: 364 | D49: Réévaluations des prets du PA | E49: ='4.1 Comptes 2023 natures'!E49/'4.1 Comptes 2023 natures'!E3 -> 0 | F49: ='4.1 Comptes 2023 natures'!F49/'4.1 Comptes 2023 natures'!F3 -> 0 | G49: ='4.1 Comptes 2023 natures'!G49/'4.1 Comptes 2023 natures'!G3 -> 0 | H49: ='4.1 Comptes 2023 natures'!H49/'4.1 Comptes 2023 natures'!H3 -> 0 | I49: ='4.1 Comptes 2023 natures'!I49/'4.1 Comptes 2023 natures'!I3 -> 0 | J49: ='4.1 Comptes 2023 natures'!J49/'4.1 Comptes 2023 natures'!J3 -> 0 | K49: ='4.1 Comptes 2023 natures'!K49/'4.1 Comptes 2023 natures'!K3 -> 0 | L49: ='4.1 Comptes 2023 natures'!L49/'4.1 Comptes 2023 natures'!L3 -> 0 | ... BG49: ='4.1 Comptes 2023 natures'!BG49/'4.1 Comptes 2023 natures'!BG3 -> 0
C50: 365 | D50: Réévaluations des participations du PA | E50: ='4.1 Comptes 2023 natures'!E50/'4.1 Comptes 2023 natures'!E3 -> 0 | F50: ='4.1 Comptes 2023 natures'!F50/'4.1 Comptes 2023 natures'!F3 -> 0 | G50: ='4.1 Comptes 2023 natures'!G50/'4.1 Comptes 2023 natures'!G3 -> 0 | H50: ='4.1 Comptes 2023 natures'!H50/'4.1 Comptes 2023 natures'!H3 -> 0 | I50: ='4.1 Comptes 2023 natures'!I50/'4.1 Comptes 2023 natures'!I3 -> 0 | J50: ='4.1 Comptes 2023 natures'!J50/'4.1 Comptes 2023 natures'!J3 -> 0 | K50: ='4.1 Comptes 2023 natures'!K50/'4.1 Comptes 2023 natures'!K3 -> 0 | L50: ='4.1 Comptes 2023 natures'!L50/'4.1 Comptes 2023 natures'!L3 -> 0 | ... BG50: ='4.1 Comptes 2023 natures'!BG50/'4.1 Comptes 2023 natures'!BG3 -> 0.53372747
C51: 366 | D51: Amortissements des subventions des investissements | E51: ='4.1 Comptes 2023 natures'!E51/'4.1 Comptes 2023 natures'!E3 -> 8.2261082 | F51: ='4.1 Comptes 2023 natures'!F51/'4.1 Comptes 2023 natures'!F3 -> 0 | G51: ='4.1 Comptes 2023 natures'!G51/'4.1 Comptes 2023 natures'!G3 -> 0 | H51: ='4.1 Comptes 2023 natures'!H51/'4.1 Comptes 2023 natures'!H3 -> 5.7807865 | I51: ='4.1 Comptes 2023 natures'!I51/'4.1 Comptes 2023 natures'!I3 -> 45.376766 | J51: ='4.1 Comptes 2023 natures'!J51/'4.1 Comptes 2023 natures'!J3 -> 0 | K51: ='4.1 Comptes 2023 natures'!K51/'4.1 Comptes 2023 natures'!K3 -> 5.3112151 | L51: ='4.1 Comptes 2023 natures'!L51/'4.1 Comptes 2023 natures'!L3 -> 47.406311 | ... BG51: ='4.1 Comptes 2023 natures'!BG51/'4.1 Comptes 2023 natures'!BG3 -> 0.28367204
C52: 369 | D52: Différentes charges de transfert à des collectivités publiques et tiers | E52: ='4.1 Comptes 2023 natures'!E52/'4.1 Comptes 2023 natures'!E3 -> 0 | F52: ='4.1 Comptes 2023 natures'!F52/'4.1 Comptes 2023 natures'!F3 -> 7.137931 | G52: ='4.1 Comptes 2023 natures'!G52/'4.1 Comptes 2023 natures'!G3 -> 0 | H52: ='4.1 Comptes 2023 natures'!H52/'4.1 Comptes 2023 natures'!H3 -> 95.103865 | I52: ='4.1 Comptes 2023 natures'!I52/'4.1 Comptes 2023 natures'!I3 -> 0 | J52: ='4.1 Comptes 2023 natures'!J52/'4.1 Comptes 2023 natures'!J3 -> 12.760863 | K52: ='4.1 Comptes 2023 natures'!K52/'4.1 Comptes 2023 natures'!K3 -> 0 | L52: ='4.1 Comptes 2023 natures'!L52/'4.1 Comptes 2023 natures'!L3 -> 366.30199 | ... BG52: ='4.1 Comptes 2023 natures'!BG52/'4.1 Comptes 2023 natures'!BG3 -> 1.2861724
B54: 37 | D54: Subventions à redistribuer | E54: =E55 -> 0 | F54: =F55 -> 0 | G54: =G55 -> 0 | H54: =H55 -> 0 | I54: =I55 -> 0 | J54: =J55 -> 0 | K54: =K55 -> 0 | L54: =L55 -> 0 | ... BG54: =BG55 -> 4.3000328
C55: 370 | D55: Subventions à redistribuer à des collectivités publiques et des tiers | E55: ='4.1 Comptes 2023 natures'!E55/'4.1 Comptes 2023 natures'!E3 -> 0 | F55: ='4.1 Comptes 2023 natures'!F55/'4.1 Comptes 2023 natures'!F3 -> 0 | G55: ='4.1 Comptes 2023 natures'!G55/'4.1 Comptes 2023 natures'!G3 -> 0 | H55: ='4.1 Comptes 2023 natures'!H55/'4.1 Comptes 2023 natures'!H3 -> 0 | I55: ='4.1 Comptes 2023 natures'!I55/'4.1 Comptes 2023 natures'!I3 -> 0 | J55: ='4.1 Comptes 2023 natures'!J55/'4.1 Comptes 2023 natures'!J3 -> 0 | K55: ='4.1 Comptes 2023 natures'!K55/'4.1 Comptes 2023 natures'!K3 -> 0 | L55: ='4.1 Comptes 2023 natures'!L55/'4.1 Comptes 2023 natures'!L3 -> 0 | ... BG55: ='4.1 Comptes 2023 natures'!BG55/'4.1 Comptes 2023 natures'!BG3 -> 4.3000328
B57: 38 | D57: Charges extraordinaires | E57: =E58+E59+E60+E61+E62+E63 -> 13.55411 | F57: =F58+F59+F60+F61+F62+F63 -> 0 | G57: =G58+G59+G60+G61+G62+G63 -> 0 | H57: =H58+H59+H60+H61+H62+H63 -> 0.76629213 | I57: =I58+I59+I60+I61+I62+I63 -> 40.908563 | J57: =J58+J59+J60+J61+J62+J63 -> 56.46639 | K57: =K58+K59+K60+K61+K62+K63 -> 330.39648 | L57: =L58+L59+L60+L61+L62+L63 -> 0 | ... BG57: =BG58+BG59+BG60+BG61+BG62+BG63 -> 187.82847
C58: 380 | D58: Charges extraordinaires du personnel administratif et d'exploitation | E58: ='4.1 Comptes 2023 natures'!E58/'4.1 Comptes 2023 natures'!E3 -> 0 | F58: ='4.1 Comptes 2023 natures'!F58/'4.1 Comptes 2023 natures'!F3 -> 0 | G58: ='4.1 Comptes 2023 natures'!G58/'4.1 Comptes 2023 natures'!G3 -> 0 | H58: ='4.1 Comptes 2023 natures'!H58/'4.1 Comptes 2023 natures'!H3 -> 0 | I58: ='4.1 Comptes 2023 natures'!I58/'4.1 Comptes 2023 natures'!I3 -> 0 | J58: ='4.1 Comptes 2023 natures'!J58/'4.1 Comptes 2023 natures'!J3 -> 0 | K58: ='4.1 Comptes 2023 natures'!K58/'4.1 Comptes 2023 natures'!K3 -> 0 | L58: ='4.1 Comptes 2023 natures'!L58/'4.1 Comptes 2023 natures'!L3 -> 0 | ... BG58: ='4.1 Comptes 2023 natures'!BG58/'4.1 Comptes 2023 natures'!BG3 -> 0
C59: 381 | D59: charges extraordinaires de biens et de services d'exploitation | E59: ='4.1 Comptes 2023 natures'!E59/'4.1 Comptes 2023 natures'!E3 -> 0 | F59: ='4.1 Comptes 2023 natures'!F59/'4.1 Comptes 2023 natures'!F3 -> 0 | G59: ='4.1 Comptes 2023 natures'!G59/'4.1 Comptes 2023 natures'!G3 -> 0 | H59: ='4.1 Comptes 2023 natures'!H59/'4.1 Comptes 2023 natures'!H3 -> 0.76629213 | I59: ='4.1 Comptes 2023 natures'!I59/'4.1 Comptes 2023 natures'!I3 -> 0 | J59: ='4.1 Comptes 2023 natures'!J59/'4.1 Comptes 2023 natures'!J3 -> 0.41224971 | K59: ='4.1 Comptes 2023 natures'!K59/'4.1 Comptes 2023 natures'!K3 -> 0 | L59: ='4.1 Comptes 2023 natures'!L59/'4.1 Comptes 2023 natures'!L3 -> 0 | ... BG59: ='4.1 Comptes 2023 natures'!BG59/'4.1 Comptes 2023 natures'!BG3 -> 0
C60: 384 | D60: Charges extraordinaires financières et comptables | E60: ='4.1 Comptes 2023 natures'!E60/'4.1 Comptes 2023 natures'!E3 -> 13.55411 | F60: ='4.1 Comptes 2023 natures'!F60/'4.1 Comptes 2023 natures'!F3 -> 0 | G60: ='4.1 Comptes 2023 natures'!G60/'4.1 Comptes 2023 natures'!G3 -> 0 | H60: ='4.1 Comptes 2023 natures'!H60/'4.1 Comptes 2023 natures'!H3 -> 0 | I60: ='4.1 Comptes 2023 natures'!I60/'4.1 Comptes 2023 natures'!I3 -> 0.003190619 | J60: ='4.1 Comptes 2023 natures'!J60/'4.1 Comptes 2023 natures'!J3 -> 0 | K60: ='4.1 Comptes 2023 natures'!K60/'4.1 Comptes 2023 natures'!K3 -> 0 | L60: ='4.1 Comptes 2023 natures'!L60/'4.1 Comptes 2023 natures'!L3 -> 0 | ... BG60: ='4.1 Comptes 2023 natures'!BG60/'4.1 Comptes 2023 natures'!BG3 -> 0
C61: 385 | D61: Attributions extraordinaires aux financements spéciaux | E61: ='4.1 Comptes 2023 natures'!E61/'4.1 Comptes 2023 natures'!E3 -> 0 | F61: ='4.1 Comptes 2023 natures'!F61/'4.1 Comptes 2023 natures'!F3 -> 0 | G61: ='4.1 Comptes 2023 natures'!G61/'4.1 Comptes 2023 natures'!G3 -> 0 | H61: ='4.1 Comptes 2023 natures'!H61/'4.1 Comptes 2023 natures'!H3 -> 0 | I61: ='4.1 Comptes 2023 natures'!I61/'4.1 Comptes 2023 natures'!I3 -> 0 | J61: ='4.1 Comptes 2023 natures'!J61/'4.1 Comptes 2023 natures'!J3 -> 0 | K61: ='4.1 Comptes 2023 natures'!K61/'4.1 Comptes 2023 natures'!K3 -> 0 | L61: ='4.1 Comptes 2023 natures'!L61/'4.1 Comptes 2023 natures'!L3 -> 0 | ... BG61: ='4.1 Comptes 2023 natures'!BG61/'4.1 Comptes 2023 natures'!BG3 -> 0
C62: 386 | D62: Charges de transfert extraordinaires au collectivités et aux tiers | E62: ='4.1 Comptes 2023 natures'!E62/'4.1 Comptes 2023 natures'!E3 -> 0 | F62: ='4.1 Comptes 2023 natures'!F62/'4.1 Comptes 2023 natures'!F3 -> 0 | G62: ='4.1 Comptes 2023 natures'!G62/'4.1 Comptes 2023 natures'!G3 -> 0 | H62: ='4.1 Comptes 2023 natures'!H62/'4.1 Comptes 2023 natures'!H3 -> 0 | I62: ='4.1 Comptes 2023 natures'!I62/'4.1 Comptes 2023 natures'!I3 -> 0 | J62: ='4.1 Comptes 2023 natures'!J62/'4.1 Comptes 2023 natures'!J3 -> 0 | K62: ='4.1 Comptes 2023 natures'!K62/'4.1 Comptes 2023 natures'!K3 -> 0 | L62: ='4.1 Comptes 2023 natures'!L62/'4.1 Comptes 2023 natures'!L3 -> 0 | ... BG62: ='4.1 Comptes 2023 natures'!BG62/'4.1 Comptes 2023 natures'!BG3 -> 0
C63: 389 | D63: Attributions au captial propre | E63: ='4.1 Comptes 2023 natures'!E63/'4.1 Comptes 2023 natures'!E3 -> 0 | F63: ='4.1 Comptes 2023 natures'!F63/'4.1 Comptes 2023 natures'!F3 -> 0 | G63: ='4.1 Comptes 2023 natures'!G63/'4.1 Comptes 2023 natures'!G3 -> 0 | H63: ='4.1 Comptes 2023 natures'!H63/'4.1 Comptes 2023 natures'!H3 -> 0 | I63: ='4.1 Comptes 2023 natures'!I63/'4.1 Comptes 2023 natures'!I3 -> 40.905372 | J63: ='4.1 Comptes 2023 natures'!J63/'4.1 Comptes 2023 natures'!J3 -> 56.05414 | K63: ='4.1 Comptes 2023 natures'!K63/'4.1 Comptes 2023 natures'!K3 -> 330.39648 | L63: ='4.1 Comptes 2023 natures'!L63/'4.1 Comptes 2023 natures'!L3 -> 0 | ... BG63: ='4.1 Comptes 2023 natures'!BG63/'4.1 Comptes 2023 natures'!BG3 -> 187.82847
B65: 39 | D65: Imputations internes | E65: =E66+E67+E68+E69+E70+E71+E72+E73 -> 0 | F65: =F66+F67+F68+F69+F70+F71+F72+F73 -> 104.8669 | G65: =G66+G67+G68+G69+G70+G71+G72+G73 -> 13.176619 | H65: =H66+H67+H68+H69+H70+H71+H72+H73 -> 124.73888 | I65: =I66+I67+I68+I69+I70+I71+I72+I73 -> 87.114808 | J65: =J66+J67+J68+J69+J70+J71+J72+J73 -> 26.964075 | K65: =K66+K67+K68+K69+K70+K71+K72+K73 -> 79.354295 | L65: =L66+L67+L68+L69+L70+L71+L72+L73 -> 398.86939 | ... BG65: =BG66+BG67+BG68+BG69+BG70+BG71+BG72+BG73 -> 29.66016
C66: 390 | D66: Approvisionnement en matériel et en marchandises | E66: ='4.1 Comptes 2023 natures'!E66/'4.1 Comptes 2023 natures'!E3 -> 0 | F66: ='4.1 Comptes 2023 natures'!F66/'4.1 Comptes 2023 natures'!F3 -> 0.76628352 | G66: ='4.1 Comptes 2023 natures'!G66/'4.1 Comptes 2023 natures'!G3 -> 0 | H66: ='4.1 Comptes 2023 natures'!H66/'4.1 Comptes 2023 natures'!H3 -> 0 | I66: ='4.1 Comptes 2023 natures'!I66/'4.1 Comptes 2023 natures'!I3 -> 0 | J66: ='4.1 Comptes 2023 natures'!J66/'4.1 Comptes 2023 natures'!J3 -> 0 | K66: ='4.1 Comptes 2023 natures'!K66/'4.1 Comptes 2023 natures'!K3 -> 0 | L66: ='4.1 Comptes 2023 natures'!L66/'4.1 Comptes 2023 natures'!L3 -> 12.952351 | ... BG66: ='4.1 Comptes 2023 natures'!BG66/'4.1 Comptes 2023 natures'!BG3 -> 0.032844767
C67: 391 | D67: Prestations de services | E67: ='4.1 Comptes 2023 natures'!E67/'4.1 Comptes 2023 natures'!E3 -> 0 | F67: ='4.1 Comptes 2023 natures'!F67/'4.1 Comptes 2023 natures'!F3 -> 19.951533 | G67: ='4.1 Comptes 2023 natures'!G67/'4.1 Comptes 2023 natures'!G3 -> 9.2692308 | H67: ='4.1 Comptes 2023 natures'!H67/'4.1 Comptes 2023 natures'!H3 -> 123.93888 | I67: ='4.1 Comptes 2023 natures'!I67/'4.1 Comptes 2023 natures'!I3 -> 2.3179711 | J67: ='4.1 Comptes 2023 natures'!J67/'4.1 Comptes 2023 natures'!J3 -> 26.964075 | K67: ='4.1 Comptes 2023 natures'!K67/'4.1 Comptes 2023 natures'!K3 -> 45.504772 | L67: ='4.1 Comptes 2023 natures'!L67/'4.1 Comptes 2023 natures'!L3 -> 122.31417 | ... BG67: ='4.1 Comptes 2023 natures'!BG67/'4.1 Comptes 2023 natures'!BG3 -> 23.206573
C68: 392 | D68: Loyer, baux à ferme et frais d'utilisation | E68: ='4.1 Comptes 2023 natures'!E68/'4.1 Comptes 2023 natures'!E3 -> 0 | F68: ='4.1 Comptes 2023 natures'!F68/'4.1 Comptes 2023 natures'!F3 -> 0 | G68: ='4.1 Comptes 2023 natures'!G68/'4.1 Comptes 2023 natures'!G3 -> 0 | H68: ='4.1 Comptes 2023 natures'!H68/'4.1 Comptes 2023 natures'!H3 -> 0 | I68: ='4.1 Comptes 2023 natures'!I68/'4.1 Comptes 2023 natures'!I3 -> 0 | J68: ='4.1 Comptes 2023 natures'!J68/'4.1 Comptes 2023 natures'!J3 -> 0 | K68: ='4.1 Comptes 2023 natures'!K68/'4.1 Comptes 2023 natures'!K3 -> 0 | L68: ='4.1 Comptes 2023 natures'!L68/'4.1 Comptes 2023 natures'!L3 -> 9.4198917 | ... BG68: ='4.1 Comptes 2023 natures'!BG68/'4.1 Comptes 2023 natures'!BG3 -> 0
C69: 393 | D69: Frais administratifs et d'exploitation | E69: ='4.1 Comptes 2023 natures'!E69/'4.1 Comptes 2023 natures'!E3 -> 0 | F69: ='4.1 Comptes 2023 natures'!F69/'4.1 Comptes 2023 natures'!F3 -> 0 | G69: ='4.1 Comptes 2023 natures'!G69/'4.1 Comptes 2023 natures'!G3 -> 3.9073887 | H69: ='4.1 Comptes 2023 natures'!H69/'4.1 Comptes 2023 natures'!H3 -> 0 | I69: ='4.1 Comptes 2023 natures'!I69/'4.1 Comptes 2023 natures'!I3 -> 0 | J69: ='4.1 Comptes 2023 natures'!J69/'4.1 Comptes 2023 natures'!J3 -> 0 | K69: ='4.1 Comptes 2023 natures'!K69/'4.1 Comptes 2023 natures'!K3 -> 5.5264317 | L69: ='4.1 Comptes 2023 natures'!L69/'4.1 Comptes 2023 natures'!L3 -> 0 | ... BG69: ='4.1 Comptes 2023 natures'!BG69/'4.1 Comptes 2023 natures'!BG3 -> 0.041055959
C70: 394 | D70: Intérêts et charges financières théoriques | E70: ='4.1 Comptes 2023 natures'!E70/'4.1 Comptes 2023 natures'!E3 -> 0 | F70: ='4.1 Comptes 2023 natures'!F70/'4.1 Comptes 2023 natures'!F3 -> 84.14908 | G70: ='4.1 Comptes 2023 natures'!G70/'4.1 Comptes 2023 natures'!G3 -> 0 | H70: ='4.1 Comptes 2023 natures'!H70/'4.1 Comptes 2023 natures'!H3 -> 0 | I70: ='4.1 Comptes 2023 natures'!I70/'4.1 Comptes 2023 natures'!I3 -> 84.796837 | J70: ='4.1 Comptes 2023 natures'!J70/'4.1 Comptes 2023 natures'!J3 -> 0 | K70: ='4.1 Comptes 2023 natures'!K70/'4.1 Comptes 2023 natures'!K3 -> 28.323091 | L70: ='4.1 Comptes 2023 natures'!L70/'4.1 Comptes 2023 natures'!L3 -> 64.446346 | ... BG70: ='4.1 Comptes 2023 natures'!BG70/'4.1 Comptes 2023 natures'!BG3 -> 6.067661
C71: 395 | D71: Amortissements planifiés et non planifiés du PA | E71: ='4.1 Comptes 2023 natures'!E71/'4.1 Comptes 2023 natures'!E3 -> 0 | F71: ='4.1 Comptes 2023 natures'!F71/'4.1 Comptes 2023 natures'!F3 -> 0 | G71: ='4.1 Comptes 2023 natures'!G71/'4.1 Comptes 2023 natures'!G3 -> 0 | H71: ='4.1 Comptes 2023 natures'!H71/'4.1 Comptes 2023 natures'!H3 -> 0.8 | I71: ='4.1 Comptes 2023 natures'!I71/'4.1 Comptes 2023 natures'!I3 -> 0 | J71: ='4.1 Comptes 2023 natures'!J71/'4.1 Comptes 2023 natures'!J3 -> 0 | K71: ='4.1 Comptes 2023 natures'!K71/'4.1 Comptes 2023 natures'!K3 -> 0 | L71: ='4.1 Comptes 2023 natures'!L71/'4.1 Comptes 2023 natures'!L3 -> 0 | ... BG71: ='4.1 Comptes 2023 natures'!BG71/'4.1 Comptes 2023 natures'!BG3 -> 0
C72: 398 | D72: Virements comptabiles | E72: ='4.1 Comptes 2023 natures'!E72/'4.1 Comptes 2023 natures'!E3 -> 0 | F72: ='4.1 Comptes 2023 natures'!F72/'4.1 Comptes 2023 natures'!F3 -> 0 | G72: ='4.1 Comptes 2023 natures'!G72/'4.1 Comptes 2023 natures'!G3 -> 0 | H72: ='4.1 Comptes 2023 natures'!H72/'4.1 Comptes 2023 natures'!H3 -> 0 | I72: ='4.1 Comptes 2023 natures'!I72/'4.1 Comptes 2023 natures'!I3 -> 0 | J72: ='4.1 Comptes 2023 natures'!J72/'4.1 Comptes 2023 natures'!J3 -> 0 | K72: ='4.1 Comptes 2023 natures'!K72/'4.1 Comptes 2023 natures'!K3 -> 0 | L72: ='4.1 Comptes 2023 natures'!L72/'4.1 Comptes 2023 natures'!L3 -> 189.73664 | ... BG72: ='4.1 Comptes 2023 natures'!BG72/'4.1 Comptes 2023 natures'!BG3 -> 0
C73: 399 | D73: Autres imputations internes | E73: ='4.1 Comptes 2023 natures'!E73/'4.1 Comptes 2023 natures'!E3 -> 0 | F73: ='4.1 Comptes 2023 natures'!F73/'4.1 Comptes 2023 natures'!F3 -> 0 | G73: ='4.1 Comptes 2023 natures'!G73/'4.1 Comptes 2023 natures'!G3 -> 0 | H73: ='4.1 Comptes 2023 natures'!H73/'4.1 Comptes 2023 natures'!H3 -> 0 | I73: ='4.1 Comptes 2023 natures'!I73/'4.1 Comptes 2023 natures'!I3 -> 0 | J73: ='4.1 Comptes 2023 natures'!J73/'4.1 Comptes 2023 natures'!J3 -> 0 | K73: ='4.1 Comptes 2023 natures'!K73/'4.1 Comptes 2023 natures'!K3 -> 0 | L73: ='4.1 Comptes 2023 natures'!L73/'4.1 Comptes 2023 natures'!L3 -> 0 | ... BG73: ='4.1 Comptes 2023 natures'!BG73/'4.1 Comptes 2023 natures'!BG3 -> 0.31202529
A76: 4 | D76: Revenus | E76: =E77+E83+E89+E100+E106+E118+E122+E129+E132+E141 -> 4342.8884 | F76: =F77+F83+F89+F100+F106+F118+F122+F129+F132+F141 -> 4792.2402 | G76: =G77+G83+G89+G100+G106+G118+G122+G129+G132+G141 -> 3488.9016 | H76: =H77+H83+H89+H100+H106+H118+H122+H129+H132+H141 -> 5054.6693 | I76: =I77+I83+I89+I100+I106+I118+I122+I129+I132+I141 -> 4793.3463 | J76: =J77+J83+J89+J100+J106+J118+J122+J129+J132+J141 -> 4483.5046 | K76: =K77+K83+K89+K100+K106+K118+K122+K129+K132+K141 -> 4392.8224 | L76: =L77+L83+L89+L100+L106+L118+L122+L129+L132+L141 -> 9517.6259 | ... BG76: =BG77+BG83+BG89+BG100+BG106+BG118+BG122+BG129+BG132+BG141 -> 5618.7536
B77: 40 | D77: Revenus fiscaux | E77: =E78+E79+E80+E81 -> 2996.8896 | F77: =F78+F79+F80+F81 -> 2772.3316 | G77: =G78+G79+G80+G81 -> 1876.0203 | H77: =H78+H79+H80+H81 -> 2459.6794 | I77: =I78+I79+I80+I81 -> 2642.348 | J77: =J78+J79+J80+J81 -> 2960.3748 | K77: =K78+K79+K80+K81 -> 3090.2813 | L77: =L78+L79+L80+L81 -> 3205.1274 | ... BG77: =BG78+BG79+BG80+BG81 -> 3311.3528
C78: 400 | D78: Impôts directs des personnes physiques | E78: ='4.1 Comptes 2023 natures'!E78/'4.1 Comptes 2023 natures'!E3 -> 2587.5418 | F78: ='4.1 Comptes 2023 natures'!F78/'4.1 Comptes 2023 natures'!F3 -> 2090.3818 | G78: ='4.1 Comptes 2023 natures'!G78/'4.1 Comptes 2023 natures'!G3 -> 1692.5111 | H78: ='4.1 Comptes 2023 natures'!H78/'4.1 Comptes 2023 natures'!H3 -> 2028.4657 | I78: ='4.1 Comptes 2023 natures'!I78/'4.1 Comptes 2023 natures'!I3 -> 2137.2501 | J78: ='4.1 Comptes 2023 natures'!J78/'4.1 Comptes 2023 natures'!J3 -> 2324.99 | K78: ='4.1 Comptes 2023 natures'!K78/'4.1 Comptes 2023 natures'!K3 -> 2375.8979 | L78: ='4.1 Comptes 2023 natures'!L78/'4.1 Comptes 2023 natures'!L3 -> 2405.3223 | ... BG78: ='4.1 Comptes 2023 natures'!BG78/'4.1 Comptes 2023 natures'!BG3 -> 2540.46
C79: 401 | D79: Impôts directs des personnes morales | E79: ='4.1 Comptes 2023 natures'!E79/'4.1 Comptes 2023 natures'!E3 -> 174.66161 | F79: ='4.1 Comptes 2023 natures'!F79/'4.1 Comptes 2023 natures'!F3 -> 119.05307 | G79: ='4.1 Comptes 2023 natures'!G79/'4.1 Comptes 2023 natures'!G3 -> -48.066093 | H79: ='4.1 Comptes 2023 natures'!H79/'4.1 Comptes 2023 natures'!H3 -> 61.640899 | I79: ='4.1 Comptes 2023 natures'!I79/'4.1 Comptes 2023 natures'!I3 -> 68.230965 | J79: ='4.1 Comptes 2023 natures'!J79/'4.1 Comptes 2023 natures'!J3 -> 329.29206 | K79: ='4.1 Comptes 2023 natures'!K79/'4.1 Comptes 2023 natures'!K3 -> 449.10024 | L79: ='4.1 Comptes 2023 natures'!L79/'4.1 Comptes 2023 natures'!L3 -> 420.92515 | ... BG79: ='4.1 Comptes 2023 natures'!BG79/'4.1 Comptes 2023 natures'!BG3 -> 375.45292
C80: 402 | D80: Autres impôts directs | E80: ='4.1 Comptes 2023 natures'!E80/'4.1 Comptes 2023 natures'!E3 -> 221.45864 | F80: ='4.1 Comptes 2023 natures'!F80/'4.1 Comptes 2023 natures'!F3 -> 544.05383 | G80: ='4.1 Comptes 2023 natures'!G80/'4.1 Comptes 2023 natures'!G3 -> 220.51943 | H80: ='4.1 Comptes 2023 natures'!H80/'4.1 Comptes 2023 natures'!H3 -> 363.14584 | I80: ='4.1 Comptes 2023 natures'!I80/'4.1 Comptes 2023 natures'!I3 -> 422.52782 | J80: ='4.1 Comptes 2023 natures'!J80/'4.1 Comptes 2023 natures'!J3 -> 296.43957 | K80: ='4.1 Comptes 2023 natures'!K80/'4.1 Comptes 2023 natures'!K3 -> 257.50824 | L80: ='4.1 Comptes 2023 natures'!L80/'4.1 Comptes 2023 natures'!L3 -> 370.51946 | ... BG80: ='4.1 Comptes 2023 natures'!BG80/'4.1 Comptes 2023 natures'!BG3 -> 376.25366
C81: 403 | D81: Impôts sur la possession et les dépenses | E81: ='4.1 Comptes 2023 natures'!E81/'4.1 Comptes 2023 natures'!E3 -> 13.227523 | F81: ='4.1 Comptes 2023 natures'!F81/'4.1 Comptes 2023 natures'!F3 -> 18.842912 | G81: ='4.1 Comptes 2023 natures'!G81/'4.1 Comptes 2023 natures'!G3 -> 11.05587 | H81: ='4.1 Comptes 2023 natures'!H81/'4.1 Comptes 2023 natures'!H3 -> 6.4269663 | I81: ='4.1 Comptes 2023 natures'!I81/'4.1 Comptes 2023 natures'!I3 -> 14.339133 | J81: ='4.1 Comptes 2023 natures'!J81/'4.1 Comptes 2023 natures'!J3 -> 9.6531213 | K81: ='4.1 Comptes 2023 natures'!K81/'4.1 Comptes 2023 natures'!K3 -> 7.7748899 | L81: ='4.1 Comptes 2023 natures'!L81/'4.1 Comptes 2023 natures'!L3 -> 8.3604522 | ... BG81: ='4.1 Comptes 2023 natures'!BG81/'4.1 Comptes 2023 natures'!BG3 -> 19.18617
B83: 41 | D83: Revenus de patentes et de concessions | E83: =E84+E85+E86+E87 -> 0 | F83: =F84+F85+F86+F87 -> 45.098659 | G83: =G84+G85+G86+G87 -> 0 | H83: =H84+H85+H86+H87 -> 0 | I83: =I84+I85+I86+I87 -> 1.2952686 | J83: =J84+J85+J86+J87 -> 0 | K83: =K84+K85+K86+K87 -> 0 | L83: =L84+L85+L86+L87 -> 0 | ... BG83: =BG84+BG85+BG86+BG87 -> 151.38778
C84: 410 | D84: Revenus de patentes | E84: ='4.1 Comptes 2023 natures'!E84/'4.1 Comptes 2023 natures'!E3 -> 0 | F84: ='4.1 Comptes 2023 natures'!F84/'4.1 Comptes 2023 natures'!F3 -> 0 | G84: ='4.1 Comptes 2023 natures'!G84/'4.1 Comptes 2023 natures'!G3 -> 0 | H84: ='4.1 Comptes 2023 natures'!H84/'4.1 Comptes 2023 natures'!H3 -> 0 | I84: ='4.1 Comptes 2023 natures'!I84/'4.1 Comptes 2023 natures'!I3 -> 0 | J84: ='4.1 Comptes 2023 natures'!J84/'4.1 Comptes 2023 natures'!J3 -> 0 | K84: ='4.1 Comptes 2023 natures'!K84/'4.1 Comptes 2023 natures'!K3 -> 0 | L84: ='4.1 Comptes 2023 natures'!L84/'4.1 Comptes 2023 natures'!L3 -> 0 | ... BG84: ='4.1 Comptes 2023 natures'!BG84/'4.1 Comptes 2023 natures'!BG3 -> 0.059531141
C85: 411 | D85: Revenus de la Banque Nationale | E85: ='4.1 Comptes 2023 natures'!E85/'4.1 Comptes 2023 natures'!E3 -> 0 | F85: ='4.1 Comptes 2023 natures'!F85/'4.1 Comptes 2023 natures'!F3 -> 0 | G85: ='4.1 Comptes 2023 natures'!G85/'4.1 Comptes 2023 natures'!G3 -> 0 | H85: ='4.1 Comptes 2023 natures'!H85/'4.1 Comptes 2023 natures'!H3 -> 0 | I85: ='4.1 Comptes 2023 natures'!I85/'4.1 Comptes 2023 natures'!I3 -> 0 | J85: ='4.1 Comptes 2023 natures'!J85/'4.1 Comptes 2023 natures'!J3 -> 0 | K85: ='4.1 Comptes 2023 natures'!K85/'4.1 Comptes 2023 natures'!K3 -> 0 | L85: ='4.1 Comptes 2023 natures'!L85/'4.1 Comptes 2023 natures'!L3 -> 0 | ... BC85: ='4.1 Comptes 2023 natures'!BC85/'4.1 Comptes 2023 natures'!BC3 -> 0 | BD85: =SUM(E85:BC85) -> 0 | BE85: =SUM(E85:W85) -> 0 | BF85: =SUM(X85:AI85) -> 0 | BG85: =SUM(AJ85:BC85) -> 0
C86: 412 | D86: Revenus des concessions | E86: ='4.1 Comptes 2023 natures'!E86/'4.1 Comptes 2023 natures'!E3 -> 0 | F86: ='4.1 Comptes 2023 natures'!F86/'4.1 Comptes 2023 natures'!F3 -> 45.098659 | G86: ='4.1 Comptes 2023 natures'!G86/'4.1 Comptes 2023 natures'!G3 -> 0 | H86: ='4.1 Comptes 2023 natures'!H86/'4.1 Comptes 2023 natures'!H3 -> 0 | I86: ='4.1 Comptes 2023 natures'!I86/'4.1 Comptes 2023 natures'!I3 -> 1.2952686 | J86: ='4.1 Comptes 2023 natures'!J86/'4.1 Comptes 2023 natures'!J3 -> 0 | K86: ='4.1 Comptes 2023 natures'!K86/'4.1 Comptes 2023 natures'!K3 -> 0 | L86: ='4.1 Comptes 2023 natures'!L86/'4.1 Comptes 2023 natures'!L3 -> 0 | ... BC86: ='4.1 Comptes 2023 natures'!BC86/'4.1 Comptes 2023 natures'!BC3 -> 0 | BD86: =SUM(E86:BC86) -> 918.44895 | BE86: =SUM(E86:W86) -> 138.95021 | BF86: =SUM(X86:AI86) -> 628.1705 | BG86: =SUM(AJ86:BC86) -> 151.32825
C87: 413 | D87: Parts des revenus de loterie et paris | E87: ='4.1 Comptes 2023 natures'!E87/'4.1 Comptes 2023 natures'!E3 -> 0 | F87: ='4.1 Comptes 2023 natures'!F87/'4.1 Comptes 2023 natures'!F3 -> 0 | G87: ='4.1 Comptes 2023 natures'!G87/'4.1 Comptes 2023 natures'!G3 -> 0 | H87: ='4.1 Comptes 2023 natures'!H87/'4.1 Comptes 2023 natures'!H3 -> 0 | I87: ='4.1 Comptes 2023 natures'!I87/'4.1 Comptes 2023 natures'!I3 -> 0 | J87: ='4.1 Comptes 2023 natures'!J87/'4.1 Comptes 2023 natures'!J3 -> 0 | K87: ='4.1 Comptes 2023 natures'!K87/'4.1 Comptes 2023 natures'!K3 -> 0 | L87: ='4.1 Comptes 2023 natures'!L87/'4.1 Comptes 2023 natures'!L3 -> 0 | ... BC87: ='4.1 Comptes 2023 natures'!BC87/'4.1 Comptes 2023 natures'!BC3 -> 0 | BD87: =SUM(E87:BC87) -> 0 | BE87: =SUM(E87:W87) -> 0 | BF87: =SUM(X87:AI87) -> 0 | BG87: =SUM(AJ87:BC87) -> 0
B89: 42 | D89: Taxes | E89: =E90+E91+E92+E93+E94+E95+E96+E97+E98 -> 755.95776 | F89: =F90+F91+F92+F93+F94+F95+F96+F97+F98 -> 844.33391 | G89: =G90+G91+G92+G93+G94+G95+G96+G97+G98 -> 574.25425 | H89: =H90+H91+H92+H93+H94+H95+H96+H97+H98 -> 1750.1073 | I89: =I90+I91+I92+I93+I94+I95+I96+I97+I98 -> 1218.2704 | J89: =J90+J91+J92+J93+J94+J95+J96+J97+J98 -> 1007.4794 | K89: =K90+K91+K92+K93+K94+K95+K96+K97+K98 -> 706.82231 | L89: =L90+L91+L92+L93+L94+L95+L96+L97+L98 -> 3472.5307 | ... BG89: =BG90+BG91+BG92+BG93+BG94+BG95+BG96+BG97+BG98 -> 912.15271
C90: 420 | D90: Taxes d'exemption et de compensation | E90: ='4.1 Comptes 2023 natures'!E90/'4.1 Comptes 2023 natures'!E3 -> 39.109625 | F90: ='4.1 Comptes 2023 natures'!F90/'4.1 Comptes 2023 natures'!F3 -> 32.262452 | G90: ='4.1 Comptes 2023 natures'!G90/'4.1 Comptes 2023 natures'!G3 -> 40.088057 | H90: ='4.1 Comptes 2023 natures'!H90/'4.1 Comptes 2023 natures'!H3 -> 33.251798 | I90: ='4.1 Comptes 2023 natures'!I90/'4.1 Comptes 2023 natures'!I3 -> 41.222771 | J90: ='4.1 Comptes 2023 natures'!J90/'4.1 Comptes 2023 natures'!J3 -> 46.009423 | K90: ='4.1 Comptes 2023 natures'!K90/'4.1 Comptes 2023 natures'!K3 -> 49.378506 | L90: ='4.1 Comptes 2023 natures'!L90/'4.1 Comptes 2023 natures'!L3 -> 39.644206 | ... BG90: ='4.1 Comptes 2023 natures'!BG90/'4.1 Comptes 2023 natures'!BG3 -> 27.168483
C91: 421 | D91: Emoluments administratif | E91: ='4.1 Comptes 2023 natures'!E91/'4.1 Comptes 2023 natures'!E3 -> 13.103465 | F91: ='4.1 Comptes 2023 natures'!F91/'4.1 Comptes 2023 natures'!F3 -> 11.951341 | G91: ='4.1 Comptes 2023 natures'!G91/'4.1 Comptes 2023 natures'!G3 -> 3.2596154 | H91: ='4.1 Comptes 2023 natures'!H91/'4.1 Comptes 2023 natures'!H3 -> 25.75191 | I91: ='4.1 Comptes 2023 natures'!I91/'4.1 Comptes 2023 natures'!I3 -> 26.087505 | J91: ='4.1 Comptes 2023 natures'!J91/'4.1 Comptes 2023 natures'!J3 -> 12.905633 | K91: ='4.1 Comptes 2023 natures'!K91/'4.1 Comptes 2023 natures'!K3 -> 13.164758 | L91: ='4.1 Comptes 2023 natures'!L91/'4.1 Comptes 2023 natures'!L3 -> 77.854785 | ... BG91: ='4.1 Comptes 2023 natures'!BG91/'4.1 Comptes 2023 natures'!BG3 -> 41.603014
C92: 422 | D92: Taxes et émoluments hospitaliers et médico-sociaux et foyers | E92: ='4.1 Comptes 2023 natures'!E92/'4.1 Comptes 2023 natures'!E3 -> 0 | F92: ='4.1 Comptes 2023 natures'!F92/'4.1 Comptes 2023 natures'!F3 -> 0 | G92: ='4.1 Comptes 2023 natures'!G92/'4.1 Comptes 2023 natures'!G3 -> 0 | H92: ='4.1 Comptes 2023 natures'!H92/'4.1 Comptes 2023 natures'!H3 -> 0 | I92: ='4.1 Comptes 2023 natures'!I92/'4.1 Comptes 2023 natures'!I3 -> 0 | J92: ='4.1 Comptes 2023 natures'!J92/'4.1 Comptes 2023 natures'!J3 -> 0 | K92: ='4.1 Comptes 2023 natures'!K92/'4.1 Comptes 2023 natures'!K3 -> 0 | L92: ='4.1 Comptes 2023 natures'!L92/'4.1 Comptes 2023 natures'!L3 -> 0 | ... BG92: ='4.1 Comptes 2023 natures'!BG92/'4.1 Comptes 2023 natures'!BG3 -> 0
C93: 423 | D93: Frais d'écolage | E93: ='4.1 Comptes 2023 natures'!E93/'4.1 Comptes 2023 natures'!E3 -> 1.4151925 | F93: ='4.1 Comptes 2023 natures'!F93/'4.1 Comptes 2023 natures'!F3 -> 0 | G93: ='4.1 Comptes 2023 natures'!G93/'4.1 Comptes 2023 natures'!G3 -> 0 | H93: ='4.1 Comptes 2023 natures'!H93/'4.1 Comptes 2023 natures'!H3 -> 0 | I93: ='4.1 Comptes 2023 natures'!I93/'4.1 Comptes 2023 natures'!I3 -> 3.1647123 | J93: ='4.1 Comptes 2023 natures'!J93/'4.1 Comptes 2023 natures'!J3 -> 0 | K93: ='4.1 Comptes 2023 natures'!K93/'4.1 Comptes 2023 natures'!K3 -> 0 | L93: ='4.1 Comptes 2023 natures'!L93/'4.1 Comptes 2023 natures'!L3 -> 2.9392417 | ... BG93: ='4.1 Comptes 2023 natures'!BG93/'4.1 Comptes 2023 natures'!BG3 -> 7.1870694
C94: 424 | D94: Taxes d'utilisation et de prestation de services | E94: ='4.1 Comptes 2023 natures'!E94/'4.1 Comptes 2023 natures'!E3 -> 651.90138 | F94: ='4.1 Comptes 2023 natures'!F94/'4.1 Comptes 2023 natures'!F3 -> 777.71073 | G94: ='4.1 Comptes 2023 natures'!G94/'4.1 Comptes 2023 natures'!G3 -> 501.02227 | H94: ='4.1 Comptes 2023 natures'!H94/'4.1 Comptes 2023 natures'!H3 -> 1613.3681 | I94: ='4.1 Comptes 2023 natures'!I94/'4.1 Comptes 2023 natures'!I3 -> 1093.1465 | J94: ='4.1 Comptes 2023 natures'!J94/'4.1 Comptes 2023 natures'!J3 -> 924.51565 | K94: ='4.1 Comptes 2023 natures'!K94/'4.1 Comptes 2023 natures'!K3 -> 518.31117 | L94: ='4.1 Comptes 2023 natures'!L94/'4.1 Comptes 2023 natures'!L3 -> 3302.4706 | ... BG94: ='4.1 Comptes 2023 natures'!BG94/'4.1 Comptes 2023 natures'!BG3 -> 661.91147
C95: 425 | D95: Revenus des ventes | E95: ='4.1 Comptes 2023 natures'!E95/'4.1 Comptes 2023 natures'!E3 -> 9.3879292 | F95: ='4.1 Comptes 2023 natures'!F95/'4.1 Comptes 2023 natures'!F3 -> 7.7509579 | G95: ='4.1 Comptes 2023 natures'!G95/'4.1 Comptes 2023 natures'!G3 -> 5.1593117 | H95: ='4.1 Comptes 2023 natures'!H95/'4.1 Comptes 2023 natures'!H3 -> 1.6179775 | I95: ='4.1 Comptes 2023 natures'!I95/'4.1 Comptes 2023 natures'!I3 -> 12.197491 | J95: ='4.1 Comptes 2023 natures'!J95/'4.1 Comptes 2023 natures'!J3 -> 8.3668816 | K95: ='4.1 Comptes 2023 natures'!K95/'4.1 Comptes 2023 natures'!K3 -> 6.3187849 | L95: ='4.1 Comptes 2023 natures'!L95/'4.1 Comptes 2023 natures'!L3 -> 17.375591 | ... BG95: ='4.1 Comptes 2023 natures'!BG95/'4.1 Comptes 2023 natures'!BG3 -> 93.436463
C96: 426 | D96: remboursements | E96: ='4.1 Comptes 2023 natures'!E96/'4.1 Comptes 2023 natures'!E3 -> 40.727992 | F96: ='4.1 Comptes 2023 natures'!F96/'4.1 Comptes 2023 natures'!F3 -> 14.658429 | G96: ='4.1 Comptes 2023 natures'!G96/'4.1 Comptes 2023 natures'!G3 -> 24.725 | H96: ='4.1 Comptes 2023 natures'!H96/'4.1 Comptes 2023 natures'!H3 -> 76.117551 | I96: ='4.1 Comptes 2023 natures'!I96/'4.1 Comptes 2023 natures'!I3 -> 42.200504 | J96: ='4.1 Comptes 2023 natures'!J96/'4.1 Comptes 2023 natures'!J3 -> 15.634664 | K96: ='4.1 Comptes 2023 natures'!K96/'4.1 Comptes 2023 natures'!K3 -> 119.64909 | L96: ='4.1 Comptes 2023 natures'!L96/'4.1 Comptes 2023 natures'!L3 -> 23.693734 | ... BG96: ='4.1 Comptes 2023 natures'!BG96/'4.1 Comptes 2023 natures'!BG3 -> 45.382375
C97: 427 | D97: Amendes | E97: ='4.1 Comptes 2023 natures'!E97/'4.1 Comptes 2023 natures'!E3 -> 0.31217482 | F97: ='4.1 Comptes 2023 natures'!F97/'4.1 Comptes 2023 natures'!F3 -> 0 | G97: ='4.1 Comptes 2023 natures'!G97/'4.1 Comptes 2023 natures'!G3 -> 0 | H97: ='4.1 Comptes 2023 natures'!H97/'4.1 Comptes 2023 natures'!H3 -> 0 | I97: ='4.1 Comptes 2023 natures'!I97/'4.1 Comptes 2023 natures'!I3 -> 0.25088628 | J97: ='4.1 Comptes 2023 natures'!J97/'4.1 Comptes 2023 natures'!J3 -> 0.047114252 | K97: ='4.1 Comptes 2023 natures'!K97/'4.1 Comptes 2023 natures'!K3 -> 0 | L97: ='4.1 Comptes 2023 natures'!L97/'4.1 Comptes 2023 natures'!L3 -> 8.5525771 | ... BC97: ='4.1 Comptes 2023 natures'!BC97/'4.1 Comptes 2023 natures'!BC3 -> 2.0877514 | BD97: =SUM(E97:BC97) -> 49.373619 | BE97: =SUM(E97:W97) -> 11.761676 | BF97: =SUM(X97:AI97) -> 10.417324 | BG97: =SUM(AJ97:BC97) -> 27.194618
C98: 429 | D98: Autres taxes et compensations | E98: ='4.1 Comptes 2023 natures'!E98/'4.1 Comptes 2023 natures'!E3 -> 0 | F98: ='4.1 Comptes 2023 natures'!F98/'4.1 Comptes 2023 natures'!F3 -> 0 | G98: ='4.1 Comptes 2023 natures'!G98/'4.1 Comptes 2023 natures'!G3 -> 0 | H98: ='4.1 Comptes 2023 natures'!H98/'4.1 Comptes 2023 natures'!H3 -> 0 | I98: ='4.1 Comptes 2023 natures'!I98/'4.1 Comptes 2023 natures'!I3 -> 0 | J98: ='4.1 Comptes 2023 natures'!J98/'4.1 Comptes 2023 natures'!J3 -> 0 | K98: ='4.1 Comptes 2023 natures'!K98/'4.1 Comptes 2023 natures'!K3 -> 0 | L98: ='4.1 Comptes 2023 natures'!L98/'4.1 Comptes 2023 natures'!L3 -> 0 | ... BC98: ='4.1 Comptes 2023 natures'!BC98/'4.1 Comptes 2023 natures'!BC3 -> 0 | BD98: =SUM(E98:BC98) -> 111.6859 | BE98: =SUM(E98:W98) -> 4.7056271 | BF98: =SUM(X98:AI98) -> 98.71106 | BG98: =SUM(AJ98:BC98) -> 8.2692143
B100: 43 | D100: Revenus divers | E100: =E101+E102+E103+E104 -> 0 | F100: =F101+F102+F103+F104 -> 6.7808429 | G100: =G101+G102+G103+G104 -> 0 | H100: =H101+H102+H103+H104 -> 0 | I100: =I101+I102+I103+I104 -> 0 | J100: =J101+J102+J103+J104 -> 0 | K100: =K101+K102+K103+K104 -> 0 | L100: =L101+L102+L103+L104 -> 166.36021 | ... BG100: =BG101+BG102+BG103+BG104 -> 2.0785199
C101: 430 | D101: Revenus divers d'exploitation | E101: ='4.1 Comptes 2023 natures'!E101/'4.1 Comptes 2023 natures'!E3 -> 0 | F101: ='4.1 Comptes 2023 natures'!F101/'4.1 Comptes 2023 natures'!F3 -> 6.7808429 | G101: ='4.1 Comptes 2023 natures'!G101/'4.1 Comptes 2023 natures'!G3 -> 0 | H101: ='4.1 Comptes 2023 natures'!H101/'4.1 Comptes 2023 natures'!H3 -> 0 | I101: ='4.1 Comptes 2023 natures'!I101/'4.1 Comptes 2023 natures'!I3 -> 0 | J101: ='4.1 Comptes 2023 natures'!J101/'4.1 Comptes 2023 natures'!J3 -> 0 | K101: ='4.1 Comptes 2023 natures'!K101/'4.1 Comptes 2023 natures'!K3 -> 0 | L101: ='4.1 Comptes 2023 natures'!L101/'4.1 Comptes 2023 natures'!L3 -> 166.36021 | ... BG101: ='4.1 Comptes 2023 natures'!BG101/'4.1 Comptes 2023 natures'!BG3 -> 2.0033875
C102: 431 | D102: Inscriptions de prestations propres portées à l'actif | E102: ='4.1 Comptes 2023 natures'!E102/'4.1 Comptes 2023 natures'!E3 -> 0 | F102: ='4.1 Comptes 2023 natures'!F102/'4.1 Comptes 2023 natures'!F3 -> 0 | G102: ='4.1 Comptes 2023 natures'!G102/'4.1 Comptes 2023 natures'!G3 -> 0 | H102: ='4.1 Comptes 2023 natures'!H102/'4.1 Comptes 2023 natures'!H3 -> 0 | I102: ='4.1 Comptes 2023 natures'!I102/'4.1 Comptes 2023 natures'!I3 -> 0 | J102: ='4.1 Comptes 2023 natures'!J102/'4.1 Comptes 2023 natures'!J3 -> 0 | K102: ='4.1 Comptes 2023 natures'!K102/'4.1 Comptes 2023 natures'!K3 -> 0 | L102: ='4.1 Comptes 2023 natures'!L102/'4.1 Comptes 2023 natures'!L3 -> 0 | ... BG102: ='4.1 Comptes 2023 natures'!BG102/'4.1 Comptes 2023 natures'!BG3 -> 0
C103: 432 | D103: Variation de stock | E103: ='4.1 Comptes 2023 natures'!E103/'4.1 Comptes 2023 natures'!E3 -> 0 | F103: ='4.1 Comptes 2023 natures'!F103/'4.1 Comptes 2023 natures'!F3 -> 0 | G103: ='4.1 Comptes 2023 natures'!G103/'4.1 Comptes 2023 natures'!G3 -> 0 | H103: ='4.1 Comptes 2023 natures'!H103/'4.1 Comptes 2023 natures'!H3 -> 0 | I103: ='4.1 Comptes 2023 natures'!I103/'4.1 Comptes 2023 natures'!I3 -> 0 | J103: ='4.1 Comptes 2023 natures'!J103/'4.1 Comptes 2023 natures'!J3 -> 0 | K103: ='4.1 Comptes 2023 natures'!K103/'4.1 Comptes 2023 natures'!K3 -> 0 | L103: ='4.1 Comptes 2023 natures'!L103/'4.1 Comptes 2023 natures'!L3 -> 0 | ... BG103: ='4.1 Comptes 2023 natures'!BG103/'4.1 Comptes 2023 natures'!BG3 -> 0
C104: 439 | D104: Autres revenus divers | E104: ='4.1 Comptes 2023 natures'!E104/'4.1 Comptes 2023 natures'!E3 -> 0 | F104: ='4.1 Comptes 2023 natures'!F104/'4.1 Comptes 2023 natures'!F3 -> 0 | G104: ='4.1 Comptes 2023 natures'!G104/'4.1 Comptes 2023 natures'!G3 -> 0 | H104: ='4.1 Comptes 2023 natures'!H104/'4.1 Comptes 2023 natures'!H3 -> 0 | I104: ='4.1 Comptes 2023 natures'!I104/'4.1 Comptes 2023 natures'!I3 -> 0 | J104: ='4.1 Comptes 2023 natures'!J104/'4.1 Comptes 2023 natures'!J3 -> 0 | K104: ='4.1 Comptes 2023 natures'!K104/'4.1 Comptes 2023 natures'!K3 -> 0 | L104: ='4.1 Comptes 2023 natures'!L104/'4.1 Comptes 2023 natures'!L3 -> 0 | ... BG104: ='4.1 Comptes 2023 natures'!BG104/'4.1 Comptes 2023 natures'!BG3 -> 0.075132405
B106: 44 | D106: Revenus financiers | E106: =E107+E108+E109+E110+E111+E112+E113+E114+E115+E116 -> 70.176389 | F106: =F107+F108+F109+F110+F111+F112+F113+F114+F115+F116 -> 129.09038 | G106: =G107+G108+G109+G110+G111+G112+G113+G114+G115+G116 -> 722.84545 | H106: =H107+H108+H109+H110+H111+H112+H113+H114+H115+H116 -> 305.85402 | I106: =I107+I108+I109+I110+I111+I112+I113+I114+I115+I116 -> 171.11871 | J106: =J107+J108+J109+J110+J111+J112+J113+J114+J115+J116 -> 94.801961 | K106: =K107+K108+K109+K110+K111+K112+K113+K114+K115+K116 -> 112.19771 | L106: =L107+L108+L109+L110+L111+L112+L113+L114+L115+L116 -> 467.73884 | ... BG106: =BG107+BG108+BG109+BG110+BG111+BG112+BG113+BG114+BG115+BG116 -> 271.39712
C107: 440 | D107: Revenus des intérets | E107: ='4.1 Comptes 2023 natures'!E107/'4.1 Comptes 2023 natures'!E3 -> 43.277846 | F107: ='4.1 Comptes 2023 natures'!F107/'4.1 Comptes 2023 natures'!F3 -> 22.59613 | G107: ='4.1 Comptes 2023 natures'!G107/'4.1 Comptes 2023 natures'!G3 -> 32.545931 | H107: ='4.1 Comptes 2023 natures'!H107/'4.1 Comptes 2023 natures'!H3 -> 16.204584 | I107: ='4.1 Comptes 2023 natures'!I107/'4.1 Comptes 2023 natures'!I3 -> 32.233867 | J107: ='4.1 Comptes 2023 natures'!J107/'4.1 Comptes 2023 natures'!J3 -> 27.847515 | K107: ='4.1 Comptes 2023 natures'!K107/'4.1 Comptes 2023 natures'!K3 -> 22.624805 | L107: ='4.1 Comptes 2023 natures'!L107/'4.1 Comptes 2023 natures'!L3 -> 83.263105 | ... BG107: ='4.1 Comptes 2023 natures'!BG107/'4.1 Comptes 2023 natures'!BG3 -> 54.855616
C108: 441 | D108: Gains réalisés du PF | E108: ='4.1 Comptes 2023 natures'!E108/'4.1 Comptes 2023 natures'!E3 -> 0 | F108: ='4.1 Comptes 2023 natures'!F108/'4.1 Comptes 2023 natures'!F3 -> 0 | G108: ='4.1 Comptes 2023 natures'!G108/'4.1 Comptes 2023 natures'!G3 -> 0 | H108: ='4.1 Comptes 2023 natures'!H108/'4.1 Comptes 2023 natures'!H3 -> 0 | I108: ='4.1 Comptes 2023 natures'!I108/'4.1 Comptes 2023 natures'!I3 -> 0 | J108: ='4.1 Comptes 2023 natures'!J108/'4.1 Comptes 2023 natures'!J3 -> 0 | K108: ='4.1 Comptes 2023 natures'!K108/'4.1 Comptes 2023 natures'!K3 -> 0 | L108: ='4.1 Comptes 2023 natures'!L108/'4.1 Comptes 2023 natures'!L3 -> 0 | ... BG108: ='4.1 Comptes 2023 natures'!BG108/'4.1 Comptes 2023 natures'!BG3 -> 0.14903313
C109: 442 | D109: Revenus de participations du PF | E109: ='4.1 Comptes 2023 natures'!E109/'4.1 Comptes 2023 natures'!E3 -> 1.1989594 | F109: ='4.1 Comptes 2023 natures'!F109/'4.1 Comptes 2023 natures'!F3 -> 0 | G109: ='4.1 Comptes 2023 natures'!G109/'4.1 Comptes 2023 natures'!G3 -> 0 | H109: ='4.1 Comptes 2023 natures'!H109/'4.1 Comptes 2023 natures'!H3 -> 0 | I109: ='4.1 Comptes 2023 natures'!I109/'4.1 Comptes 2023 natures'!I3 -> 2.7124352 | J109: ='4.1 Comptes 2023 natures'!J109/'4.1 Comptes 2023 natures'!J3 -> 0.60055948 | K109: ='4.1 Comptes 2023 natures'!K109/'4.1 Comptes 2023 natures'!K3 -> 0 | L109: ='4.1 Comptes 2023 natures'!L109/'4.1 Comptes 2023 natures'!L3 -> 3.4204412 | ... BG109: ='4.1 Comptes 2023 natures'!BG109/'4.1 Comptes 2023 natures'!BG3 -> 2.2807628
C110: 443 | D110: Revenus des biens-fonds, des bâtiments et immeubles du PF | E110: ='4.1 Comptes 2023 natures'!E110/'4.1 Comptes 2023 natures'!E3 -> 24.673777 | F110: ='4.1 Comptes 2023 natures'!F110/'4.1 Comptes 2023 natures'!F3 -> 85.517241 | G110: ='4.1 Comptes 2023 natures'!G110/'4.1 Comptes 2023 natures'!G3 -> 229.60972 | H110: ='4.1 Comptes 2023 natures'!H110/'4.1 Comptes 2023 natures'!H3 -> 175.50337 | I110: ='4.1 Comptes 2023 natures'!I110/'4.1 Comptes 2023 natures'!I3 -> 101.94515 | J110: ='4.1 Comptes 2023 natures'!J110/'4.1 Comptes 2023 natures'!J3 -> 40.24735 | K110: ='4.1 Comptes 2023 natures'!K110/'4.1 Comptes 2023 natures'!K3 -> 47.789501 | L110: ='4.1 Comptes 2023 natures'!L110/'4.1 Comptes 2023 natures'!L3 -> 89.373949 | ... BG110: ='4.1 Comptes 2023 natures'!BG110/'4.1 Comptes 2023 natures'!BG3 -> 66.674613
C111: 444 | D111: Réévaluations des immobilisations du PF | E111: ='4.1 Comptes 2023 natures'!E111/'4.1 Comptes 2023 natures'!E3 -> 0 | F111: ='4.1 Comptes 2023 natures'!F111/'4.1 Comptes 2023 natures'!F3 -> 0 | G111: ='4.1 Comptes 2023 natures'!G111/'4.1 Comptes 2023 natures'!G3 -> 454.19182 | H111: ='4.1 Comptes 2023 natures'!H111/'4.1 Comptes 2023 natures'!H3 -> 0 | I111: ='4.1 Comptes 2023 natures'!I111/'4.1 Comptes 2023 natures'!I3 -> 13.798746 | J111: ='4.1 Comptes 2023 natures'!J111/'4.1 Comptes 2023 natures'!J3 -> 0 | K111: ='4.1 Comptes 2023 natures'!K111/'4.1 Comptes 2023 natures'!K3 -> 0 | L111: ='4.1 Comptes 2023 natures'!L111/'4.1 Comptes 2023 natures'!L3 -> 151.15734 | ... BG111: ='4.1 Comptes 2023 natures'!BG111/'4.1 Comptes 2023 natures'!BG3 -> 49.384949
C112: 445 | D112: Revenus financiers de prêts et de participation du PA | E112: ='4.1 Comptes 2023 natures'!E112/'4.1 Comptes 2023 natures'!E3 -> 0 | F112: ='4.1 Comptes 2023 natures'!F112/'4.1 Comptes 2023 natures'!F3 -> 0 | G112: ='4.1 Comptes 2023 natures'!G112/'4.1 Comptes 2023 natures'!G3 -> 0 | H112: ='4.1 Comptes 2023 natures'!H112/'4.1 Comptes 2023 natures'!H3 -> 0 | I112: ='4.1 Comptes 2023 natures'!I112/'4.1 Comptes 2023 natures'!I3 -> 0 | J112: ='4.1 Comptes 2023 natures'!J112/'4.1 Comptes 2023 natures'!J3 -> 0 | K112: ='4.1 Comptes 2023 natures'!K112/'4.1 Comptes 2023 natures'!K3 -> 0 | L112: ='4.1 Comptes 2023 natures'!L112/'4.1 Comptes 2023 natures'!L3 -> 11.773844 | ... BG112: ='4.1 Comptes 2023 natures'!BG112/'4.1 Comptes 2023 natures'!BG3 -> 0
C113: 446 | D113: Revenus financiers d'entreprises publiques | E113: ='4.1 Comptes 2023 natures'!E113/'4.1 Comptes 2023 natures'!E3 -> 0 | F113: ='4.1 Comptes 2023 natures'!F113/'4.1 Comptes 2023 natures'!F3 -> 0 | G113: ='4.1 Comptes 2023 natures'!G113/'4.1 Comptes 2023 natures'!G3 -> 0 | H113: ='4.1 Comptes 2023 natures'!H113/'4.1 Comptes 2023 natures'!H3 -> 0 | I113: ='4.1 Comptes 2023 natures'!I113/'4.1 Comptes 2023 natures'!I3 -> 0 | J113: ='4.1 Comptes 2023 natures'!J113/'4.1 Comptes 2023 natures'!J3 -> 0 | K113: ='4.1 Comptes 2023 natures'!K113/'4.1 Comptes 2023 natures'!K3 -> 0 | L113: ='4.1 Comptes 2023 natures'!L113/'4.1 Comptes 2023 natures'!L3 -> 0 | ... BG113: ='4.1 Comptes 2023 natures'!BG113/'4.1 Comptes 2023 natures'!BG3 -> 0
C114: 447 | D114: Revenus des biens-fonds, des bâtiments et immeubles du PA | E114: ='4.1 Comptes 2023 natures'!E114/'4.1 Comptes 2023 natures'!E3 -> 1.0258065 | F114: ='4.1 Comptes 2023 natures'!F114/'4.1 Comptes 2023 natures'!F3 -> 20.977011 | G114: ='4.1 Comptes 2023 natures'!G114/'4.1 Comptes 2023 natures'!G3 -> 6.4979757 | H114: ='4.1 Comptes 2023 natures'!H114/'4.1 Comptes 2023 natures'!H3 -> 114.14607 | I114: ='4.1 Comptes 2023 natures'!I114/'4.1 Comptes 2023 natures'!I3 -> 20.428514 | J114: ='4.1 Comptes 2023 natures'!J114/'4.1 Comptes 2023 natures'!J3 -> 26.106537 | K114: ='4.1 Comptes 2023 natures'!K114/'4.1 Comptes 2023 natures'!K3 -> 41.783407 | L114: ='4.1 Comptes 2023 natures'!L114/'4.1 Comptes 2023 natures'!L3 -> 128.75016 | ... BG114: ='4.1 Comptes 2023 natures'!BG114/'4.1 Comptes 2023 natures'!BG3 -> 97.412965
C115: 448 | D115: Revenus des biens-fonds loués | E115: ='4.1 Comptes 2023 natures'!E115/'4.1 Comptes 2023 natures'!E3 -> 0 | F115: ='4.1 Comptes 2023 natures'!F115/'4.1 Comptes 2023 natures'!F3 -> 0 | G115: ='4.1 Comptes 2023 natures'!G115/'4.1 Comptes 2023 natures'!G3 -> 0 | H115: ='4.1 Comptes 2023 natures'!H115/'4.1 Comptes 2023 natures'!H3 -> 0 | I115: ='4.1 Comptes 2023 natures'!I115/'4.1 Comptes 2023 natures'!I3 -> 0 | J115: ='4.1 Comptes 2023 natures'!J115/'4.1 Comptes 2023 natures'!J3 -> 0 | K115: ='4.1 Comptes 2023 natures'!K115/'4.1 Comptes 2023 natures'!K3 -> 0 | L115: ='4.1 Comptes 2023 natures'!L115/'4.1 Comptes 2023 natures'!L3 -> 0 | ... BG115: ='4.1 Comptes 2023 natures'!BG115/'4.1 Comptes 2023 natures'!BG3 -> 0
...

Sheet 4.2 Comptes 2023 par commune
A2: Comptes de résultats par natures 2023
D4: Veuillez choisir votre commune ci-dessous
A5: Communes : | D5: Boécourt
E7: CHF
A8: 3 | D8: Charges | E8: =HLOOKUP(D5,'4.1 Comptes 2023 natures'!$E$4:$BC$159,2,0) -> 3875935.6
B9: 30 | D9: Charges du personnel | E9: =HLOOKUP($D$5,'4.1 Comptes 2023 natures'!$E$4:$BC$159,3,0) -> 482187.45
C10: 300 | D10: Autorités et commissions | E10: =HLOOKUP($D$5,'4.1 Comptes 2023 natures'!$E$4:$BC$159,4,0) -> 42148.35
C11: 301 | D11: Personnel administratif et d'exploitation | E11: =HLOOKUP($D$5,'4.1 Comptes 2023 natures'!$E$4:$BC$159,5,0) -> 368947.05
C12: 302 | D12: Enseignants | E12: =HLOOKUP($D$5,'4.1 Comptes 2023 natures'!$E$4:$BC$159,6,0) -> 0
C13: 303 | D13: Personnel temporaire administratif et d'exploitation | E13: =HLOOKUP($D$5,'4.1 Comptes 2023 natures'!$E$4:$BC$159,7,0) -> 0
C14: 304 | D14: Allocations et indemnités | E14: =HLOOKUP($D$5,'4.1 Comptes 2023 natures'!$E$4:$BC$159,8,0) -> 0
C15: 305 | D15: Charges de l'employeur | E15: =HLOOKUP($D$5,'4.1 Comptes 2023 natures'!$E$4:$BC$159,9,0) -> 66948.5
C16: 306 | D16: Prestations sociales de l'employeur | E16: =HLOOKUP($D$5,'4.1 Comptes 2023 natures'!$E$4:$BC$159,10,0) -> 0
C17: 309 | D17: Autres charges du personnel | E17: =HLOOKUP($D$5,'4.1 Comptes 2023 natures'!$E$4:$BC$159,11,0) -> 4143.55
B19: 31 | D19: Charges de biens et de services et autres charges d'exploitation | E19: =SUM(E20:E29) -> 597375.05
C20: 310 | D20: Charges de matériel et de marchandises | E20: =HLOOKUP($D$5,'4.1 Comptes 2023 natures'!$E$4:$BC$159,14,0) -> 60361.57
C21: 311 | D21: Immobilisations ne pouvant être portées à l'actif | E21: =HLOOKUP($D$5,'4.1 Comptes 2023 natures'!$E$4:$BC$159,15,0) -> 44414.85
C22: 312 | D22: Alimentations et éliminations des biens-fonds du PA | E22: =HLOOKUP($D$5,'4.1 Comptes 2023 natures'!$E$4:$BC$159,16,0) -> 90500.75
C23: 313 | D23: Prestations de services et honoraires | E23: =HLOOKUP($D$5,'4.1 Comptes 2023 natures'!$E$4:$BC$159,17,0) -> 167671.21
C24: 314 | D24: Gros entretien et entretien courant du PA | E24: =HLOOKUP($D$5,'4.1 Comptes 2023 natures'!$E$4:$BC$159,18,0) -> 131974.35
C25: 315 | D25: Entretien des biens mobiliers et des immobilisations corporelles du PA | E25: =HLOOKUP($D$5,'4.1 Comptes 2023 natures'!$E$4:$BC$159,19,0) -> 55447.55
C26: 316 | D26: Loyers - crédits-bails (leasing) - baux à fermes - taxes d'utilisation | E26: =HLOOKUP($D$5,'4.1 Comptes 2023 natures'!$E$4:$BC$159,20,0) -> 3877.2
C27: 317 | D27: Indemnités et dédommagements | E27: =HLOOKUP($D$5,'4.1 Comptes 2023 natures'!$E$4:$BC$159,21,0) -> 20034.3
C28: 318 | D28: Réévaluations de créances | E28: =HLOOKUP($D$5,'4.1 Comptes 2023 natures'!$E$4:$BC$159,22,0) -> 21664.77
C29: 319 | D29: Divers charges d'exploitation | E29: =HLOOKUP($D$5,'4.1 Comptes 2023 natures'!$E$4:$BC$159,23,0) -> 1428.5
B31: 33 | D31: Amortissements du patrimoine administratif | E31: =SUM(E32:E33) -> 271969.69
C32: 330 | D32: Amortissements des immobilisations corporelles du PA | E32: =HLOOKUP($D$5,'4.1 Comptes 2023 natures'!$E$4:$BC$159,26,0) -> 271969.69
C33: 332 | D33: Amortissements des immobilisations incorporelles du PA | E33: =HLOOKUP($D$5,'4.1 Comptes 2023 natures'!$E$4:$BC$159,27,0) -> 0
B35: 34 | D35: Charges financières | E35: =SUM(E36:E41) -> 156645.15
C36: 340 | D36: Charges d'intérets | E36: =HLOOKUP($D$5,'4.1 Comptes 2023 natures'!$E$4:$BC$159,30,0) -> 156645.15
C37: 341 | D37: Pertes sur les placements financiers et les immobilisations du PF | E37: =HLOOKUP($D$5,'4.1 Comptes 2023 natures'!$E$4:$BC$159,31,0) -> 0
C38: 342 | D38: Frais d'acquisitions des capitaux et frais administratifs | E38: =HLOOKUP($D$5,'4.1 Comptes 2023 natures'!$E$4:$BC$159,32,0) -> 0
C39: 343 | D39: Charges pour les biens-fonds du PF | E39: =HLOOKUP($D$5,'4.1 Comptes 2023 natures'!$E$4:$BC$159,33,0) -> 0
C40: 344 | D40: Réévaluations des immobilisations du PF | E40: =HLOOKUP($D$5,'4.1 Comptes 2023 natures'!$E$4:$BC$159,34,0) -> 0
C41: 349 | D41: Autres charges financières | E41: =HLOOKUP($D$5,'4.1 Comptes 2023 natures'!$E$4:$BC$159,35,0) -> 0
B43: 35 | D43: Attributions aux financements spéciaux des capitaux de tiers | E43: =SUM(E44:E45) -> 9169.55
C44: 350 | D44: Attributions aux financements spéciaux des capitaux de tiers | E44: =HLOOKUP($D$5,'4.1 Comptes 2023 natures'!$E$4:$BC$159,38,0) -> 0
C45: 351 | D45: Attributions aux financements spéciaux du capital propres | E45: =HLOOKUP($D$5,'4.1 Comptes 2023 natures'!$E$4:$BC$159,39,0) -> 9169.55
B47: 36 | D47: Charges de transferts | E47: =SUM(E48:E55) -> 2345563.3
C48: 360 | D48: Parts de revenus destinés à des collectivités publiques | E48: =HLOOKUP($D$5,'4.1 Comptes 2023 natures'!$E$4:$BC$159,42,0) -> 5729.8
C49: 361 | D49: Dédommagements aux collectivités publiques | E49: =HLOOKUP($D$5,'4.1 Comptes 2023 natures'!$E$4:$BC$159,43,0) -> 1790032.2
C50: 362 | D50: Péréquation financière et compensation de charges | E50: =HLOOKUP($D$5,'4.1 Comptes 2023 natures'!$E$4:$BC$159,44,0) -> 0
C51: 363 | D51: Subventions à des collectivités publiques et des tiers | E51: =HLOOKUP($D$5,'4.1 Comptes 2023 natures'!$E$4:$BC$159,45,0) -> 541895.95
C52: 364 | D52: Réévaluations des prets du PA | E52: =HLOOKUP($D$5,'4.1 Comptes 2023 natures'!$E$4:$BC$159,46,0) -> 0
C53: 365 | D53: Réévaluations des participations du PA | E53: =HLOOKUP($D$5,'4.1 Comptes 2023 natures'!$E$4:$BC$159,47,0) -> 0
C54: 366 | D54: Amortissements des subventions des investissements | E54: =HLOOKUP($D$5,'4.1 Comptes 2023 natures'!$E$4:$BC$159,48,0) -> 7905.29
C55: 369 | D55: Différentes charges de transfert à des collectivités publiques et tiers | E55: =HLOOKUP($D$5,'4.1 Comptes 2023 natures'!$E$4:$BC$159,49,0) -> 0
B57: 37 | D57: Subventions à redistribuer | E57: =SUM(E58) -> 0
C58: 370 | D58: Subventions à redistribuer à des collectivités publiques et des tiers | E58: =HLOOKUP($D$5,'4.1 Comptes 2023 natures'!$E$4:$BC$159,52,0) -> 0
B60: 38 | D60: Charges extraordinaires | E60: =SUM(E61:E66) -> 13025.5
C61: 380 | D61: Charges extraordinaires du personnel administratif et d'exploitation | E61: =HLOOKUP($D$5,'4.1 Comptes 2023 natures'!$E$4:$BC$159,55,0) -> 0
C62: 381 | D62: charges extraordinaires de biens et de services d'exploitation | E62: =HLOOKUP($D$5,'4.1 Comptes 2023 natures'!$E$4:$BC$159,56,0) -> 0
C63: 384 | D63: Charges extraordinaires financières et comptables | E63: =HLOOKUP($D$5,'4.1 Comptes 2023 natures'!$E$4:$BC$159,57,0) -> 13025.5
C64: 385 | D64: Attributions extraordinaires aux financements spéciaux | E64: =HLOOKUP($D$5,'4.1 Comptes 2023 natures'!$E$4:$BC$159,58,0) -> 0
C65: 386 | D65: Charges de transfert extraordinaires au collectivités et aux tiers | E65: =HLOOKUP($D$5,'4.1 Comptes 2023 natures'!$E$4:$BC$159,59,0) -> 0
C66: 389 | D66: Attributions au capital propre | E66: =HLOOKUP($D$5,'4.1 Comptes 2023 natures'!$E$4:$BC$159,60,0) -> 0
B68: 39 | D68: Imputations internes | E68: =SUM(E69:E76) -> 0
C69: 390 | D69: Approvisionnement en matériel et en marchandises | E69: =HLOOKUP($D$5,'4.1 Comptes 2023 natures'!$E$4:$BC$159,63,0) -> 0
C70: 391 | D70: Prestations de services | E70: =HLOOKUP($D$5,'4.1 Comptes 2023 natures'!$E$4:$BC$159,64,0) -> 0
C71: 392 | D71: Loyer, baux à ferme et frais d'utilisation | E71: =HLOOKUP($D$5,'4.1 Comptes 2023 natures'!$E$4:$BC$159,65,0) -> 0
C72: 393 | D72: Frais administratifs et d'exploitation | E72: =HLOOKUP($D$5,'4.1 Comptes 2023 natures'!$E$4:$BC$159,66,0) -> 0
C73: 394 | D73: Intérêts et charges financières théoriques | E73: =HLOOKUP($D$5,'4.1 Comptes 2023 natures'!$E$4:$BC$159,67,0) -> 0
C74: 395 | D74: Amortissements planifiés et non planifiés du PA | E74: =HLOOKUP($D$5,'4.1 Comptes 2023 natures'!$E$4:$BC$159,68,0) -> 0
C75: 398 | D75: Virements comptabiles | E75: =HLOOKUP($D$5,'4.1 Comptes 2023 natures'!$E$4:$BC$159,69,0) -> 0
C76: 399 | D76: Autres imputations internes | E76: =HLOOKUP($D$5,'4.1 Comptes 2023 natures'!$E$4:$BC$159,70,0) -> 0
A79: 4 | D79: Revenus | E79: =HLOOKUP($D$5,'4.1 Comptes 2023 natures'!$E$4:$BC$159,73,0) -> 4173515.8
B80: 40 | D80: Revenus fiscaux | E80: =SUM(E81:E84) -> 2880010.9
C81: 400 | D81: Impôts directs des personnes physiques | E81: =HLOOKUP($D$5,'4.1 Comptes 2023 natures'!$E$4:$BC$159,75,0) -> 2486627.6
C82: 401 | D82: Impôts directs des personnes morales | E82: =HLOOKUP($D$5,'4.1 Comptes 2023 natures'!$E$4:$BC$159,76,0) -> 167849.81
C83: 402 | D83: Autres impôts directs | E83: =HLOOKUP($D$5,'4.1 Comptes 2023 natures'!$E$4:$BC$159,77,0) -> 212821.75
C84: 403 | D84: Impôts sur la possession et les dépenses | E84: =HLOOKUP($D$5,'4.1 Comptes 2023 natures'!$E$4:$BC$159,78,0) -> 12711.65
B86: 41 | D86: Revenus de patentes et de concessions | E86: =SUM(E87:E90) -> 0
C87: 410 | D87: Revenus de patentes | E87: =HLOOKUP($D$5,'4.1 Comptes 2023 natures'!$E$4:$BC$159,81,0) -> 0
C88: 411 | D88: Revenus de la Banque Nationale | E88: =HLOOKUP($D$5,'4.1 Comptes 2023 natures'!$E$4:$BC$159,82,0) -> 0
C89: 412 | D89: Revenus des concessions | E89: =HLOOKUP($D$5,'4.1 Comptes 2023 natures'!$E$4:$BC$159,83,0) -> 0
C90: 413 | D90: Parts des revenus de loterie et paris | E90: =HLOOKUP($D$5,'4.1 Comptes 2023 natures'!$E$4:$BC$159,84,0) -> 0
B92: 42 | D92: Taxes | E92: =SUM(E93:E101) -> 726475.41
C93: 420 | D93: Taxes d'exemption et de compensation | E93: =HLOOKUP($D$5,'4.1 Comptes 2023 natures'!$E$4:$BC$159,87,0) -> 37584.35
C94: 421 | D94: Emoluments administratif | E94: =HLOOKUP($D$5,'4.1 Comptes 2023 natures'!$E$4:$BC$159,88,0) -> 12592.43
C95: 422 | D95: Taxes et émoluments hospitaliers et médico-sociaux et foyers | E95: =HLOOKUP($D$5,'4.1 Comptes 2023 natures'!$E$4:$BC$159,89,0) -> 0
C96: 423 | D96: Frais d'écolage | E96: =HLOOKUP($D$5,'4.1 Comptes 2023 natures'!$E$4:$BC$159,90,0) -> 1360
C97: 424 | D97: Taxes d'utilisation et de prestation de services | E97: =HLOOKUP($D$5,'4.1 Comptes 2023 natures'!$E$4:$BC$159,91,0) -> 626477.23
C98: 425 | D98: Revenus des ventes | E98: =HLOOKUP($D$5,'4.1 Comptes 2023 natures'!$E$4:$BC$159,92,0) -> 9021.8
C99: 426 | D99: remboursements | E99: =HLOOKUP($D$5,'4.1 Comptes 2023 natures'!$E$4:$BC$159,93,0) -> 39139.6
C100: 427 | D100: Amendes | E100: =HLOOKUP($D$5,'4.1 Comptes 2023 natures'!$E$4:$BC$159,94,0) -> 300
C101: 429 | D101: Autres taxes et compensations | E101: =HLOOKUP($D$5,'4.1 Comptes 2023 natures'!$E$4:$BC$159,95,0) -> 0
B103: 43 | D103: Revenus divers | E103: =SUM(E104:E107) -> 0
C104: 430 | D104: Revenus divers d'exploitation | E104: =HLOOKUP($D$5,'4.1 Comptes 2023 natures'!$E$4:$BC$159,98,0) -> 0
C105: 431 | D105: Inscriptions de prestations propres portées à l'actif | E105: =HLOOKUP($D$5,'4.1 Comptes 2023 natures'!$E$4:$BC$159,99,0) -> 0
C106: 432 | D106: Variation de stock | E106: =HLOOKUP($D$5,'4.1 Comptes 2023 natures'!$E$4:$BC$159,100,0) -> 0
C107: 439 | D107: Autres revenus divers | E107: =HLOOKUP($D$5,'4.1 Comptes 2023 natures'!$E$4:$BC$159,101,0) -> 0
B109: 44 | D109: Revenus financiers | E109: =SUM(E110:E119) -> 67439.51
C110: 440 | D110: Revenus des intérets | E110: =HLOOKUP($D$5,'4.1 Comptes 2023 natures'!$E$4:$BC$159,104,0) -> 41590.01
C111: 441 | D111: Gains réalisés du PF | E111: =HLOOKUP($D$5,'4.1 Comptes 2023 natures'!$E$4:$BC$159,105,0) -> 0
C112: 442 | D112: Revenus de participations du PF | E112: =HLOOKUP($D$5,'4.1 Comptes 2023 natures'!$E$4:$BC$159,106,0) -> 1152.2
C113: 443 | D113: Revenus des biens-fonds, des bâtiments et immeubles du PF | E113: =HLOOKUP($D$5,'4.1 Comptes 2023 natures'!$E$4:$BC$159,107,0) -> 23711.5
C114: 444 | D114: Réévaluations des immobilisations du PF | E114: =HLOOKUP($D$5,'4.1 Comptes 2023 natures'!$E$4:$BC$159,108,0) -> 0
C115: 445 | D115: Revenus financiers de prêts et de participation du PA | E115: =HLOOKUP($D$5,'4.1 Comptes 2023 natures'!$E$4:$BC$159,109,0) -> 0
C116: 446 | D116: Revenus financiers d'entreprises publiques | E116: =HLOOKUP($D$5,'4.1 Comptes 2023 natures'!$E$4:$BC$159,110,0) -> 0
C117: 447 | D117: Revenus des biens-fonds, des bâtiments et immeubles du PA | E117: =HLOOKUP($D$5,'4.1 Comptes 2023 natures'!$E$4:$BC$159,111,0) -> 985.8
...

Sheet 4.10 Comptes 2023 Hab. par com
A1: Comptes de résultats par natures 2023 en Fr. par habitant
D3: Veuillez choisir votre commune ci-dessous
A4: Communes : | D4: Delémont
E6: CHF
A7: 3 | D7: Charges | E7: =HLOOKUP($D$4,'4.9 Comptes 2023 par habitant'!$E$4:$BC$159,2,0) -> 9589.6745
B8: 30 | D8: Charges du personnel | E8: =SUM(E9:E16) -> 1998.4498
C9: 300 | D9: Autorités et commissions | E9: =HLOOKUP($D$4,'4.9 Comptes 2023 par habitant'!$E$4:$BC$159,4,0) -> 51.997056
C10: 301 | D10: Personnel administratif et d'exploitation | E10: =HLOOKUP($D$4,'4.9 Comptes 2023 par habitant'!$E$4:$BC$159,5,0) -> 1594.8962
C11: 302 | D11: Enseignants | E11: =HLOOKUP($D$4,'4.9 Comptes 2023 par habitant'!$E$4:$BC$159,6,0) -> 0
C12: 303 | D12: Personnel temporaire administratif et d'exploitation | E12: =HLOOKUP($D$4,'4.9 Comptes 2023 par habitant'!$E$4:$BC$159,7,0) -> 0
C13: 304 | D13: Allocations et indemnités | E13: =HLOOKUP($D$4,'4.9 Comptes 2023 par habitant'!$E$4:$BC$159,8,0) -> 0
C14: 305 | D14: Charges de l'employeur | E14: =HLOOKUP($D$4,'4.9 Comptes 2023 par habitant'!$E$4:$BC$159,9,0) -> 328.84757
C15: 306 | D15: Prestations sociales de l'employeur | E15: =HLOOKUP($D$4,'4.9 Comptes 2023 par habitant'!$E$4:$BC$159,10,0) -> 3.4903917
C16: 309 | D16: Autres charges du personnel | E16: =HLOOKUP($D$4,'4.9 Comptes 2023 par habitant'!$E$4:$BC$159,11,0) -> 19.218556
B18: 31 | D18: Charges de biens et de services et autres charges d'exploitation | E18: =SUM(E19:E28) -> 2961.4833
C19: 310 | D19: Charges de matériel et de marchandises | E19: =HLOOKUP($D$4,'4.9 Comptes 2023 par habitant'!$E$4:$BC$159,14,0) -> 155.05357
C20: 311 | D20: Immobilisations ne pouvant être portées à l'actif | E20: =HLOOKUP($D$4,'4.9 Comptes 2023 par habitant'!$E$4:$BC$159,15,0) -> 33.639409
C21: 312 | D21: Alimentations et éliminations des biens-fonds du PA | E21: =HLOOKUP($D$4,'4.9 Comptes 2023 par habitant'!$E$4:$BC$159,16,0) -> 2222.2291
C22: 313 | D22: Prestations de services et honoraires | E22: =HLOOKUP($D$4,'4.9 Comptes 2023 par habitant'!$E$4:$BC$159,17,0) -> 275.43847
C23: 314 | D23: Gros entretien et entretien courant du PA | E23: =HLOOKUP($D$4,'4.9 Comptes 2023 par habitant'!$E$4:$BC$159,18,0) -> 84.317895
C24: 315 | D24: Entretien des biens mobiliers et des immobilisations corporelles du PA | E24: =HLOOKUP($D$4,'4.9 Comptes 2023 par habitant'!$E$4:$BC$159,19,0) -> 75.528823
C25: 316 | D25: Loyers - crédits-bails (leasing) - baux à fermes - taxes d'utilisation | E25: =HLOOKUP($D$4,'4.9 Comptes 2023 par habitant'!$E$4:$BC$159,20,0) -> 60.734218
C26: 317 | D26: Indemnités et dédommagements | E26: =HLOOKUP($D$4,'4.9 Comptes 2023 par habitant'!$E$4:$BC$159,21,0) -> 5.8331298
C27: 318 | D27: Réévaluations de créances | E27: =HLOOKUP($D$4,'4.9 Comptes 2023 par habitant'!$E$4:$BC$159,22,0) -> 36.705599
C28: 319 | D28: Divers charges d'exploitation | E28: =HLOOKUP($D$4,'4.9 Comptes 2023 par habitant'!$E$4:$BC$159,23,0) -> 12.003175
B30: 33 | D30: Amortissements du patrimoine administratif | E30: =SUM(E31:E32) -> 500.64676
